Workbook
Name Additional_Factor: 'אפשרויות בחירה'!$C$701:$C$850
Name Amoritization: 'אפשרויות בחירה'!$C$546:$C$550
Name Capsule: 'אפשרויות בחירה'!$C$926:$C$928
Name Company_Name: 'File Name Info'!$A$34:$A$130
Name Company_Name_ID: 'File Name Info'!$A$34:$B$130
Name Consortium: 'אפשרויות בחירה'!$C$514:$C$515
Name Country_list: 'אפשרויות בחירה'!$C$4:$C$85
Name Country_list_funds: 'אפשרויות בחירה'!$C$4:$C$103
Name CSA: 'אפשרויות בחירה'!$C$688:$C$689
Name Delivery: 'אפשרויות בחירה'!$C$666:$C$667
Name Dependence_Independence: 'אפשרויות בחירה'!$C$654:$C$655
Name Duration_Underlying_Interest_Rate: 'אפשרויות בחירה'!$C$680:$C$687
Name File_Type: 'File Name Info'!$A$10:$A$12
Name Full_File_Type: 'File Name Info'!$A$11:$B$13
Name Full_Type: 'File Name Info'!$A$2:$B$8
Name Full_Type_Nostro: 'File Name Info'!$A$3:$B$6
Name Full_Year: 'File Name Info'!$A$22:$B$31
Name Fund_Strategy: 'אפשרויות בחירה'!$C$597:$C$621
Name Fund_type: 'אפשרויות בחירה'!$C$328:$C$498
Name Holding_interest: 'אפשרויות בחירה'!$C$146:$C$147
Name In_the_books: 'אפשרויות בחירה'!$C$656:$C$657
Name Industry_Sector: 'אפשרויות בחירה'!$C$1129:$C$1245
Name Industry_sector_all: 'אפשרויות בחירה'!$C$202:$C$327
Name Industry_sectors: 'אפשרויות בחירה'!$C$202:$C$327
Name israel_abroad: 'אפשרויות בחירה'!$C$2:$C$3
Name Issuer_Number_Banks: 'אפשרויות בחירה'!$C$111:$C$113
Name Issuer_Number_Fund: 'אפשרויות בחירה'!$C$114:$C$117
Name issuer_number_loan: 'אפשרויות בחירה'!$C$118:$C$126
Name Issuer_Number_Type: 'אפשרויות בחירה'!$C$104:$C$110
Name Issuer_Number_Type_2: 'אפשרויות בחירה'!$C$1076:$C$1079
Name Issuer_Number_Type_3: 'אפשרויות בחירה'!$C$1081:$C$1085
Name Issuer_Number_Type_V2: 'אפשרויות בחירה'!$C$104:$C$110
Name Issuer_Type_TFunds: 'אפשרויות בחירה'!$C$1087:$C$1089
Name Leading_factor: 'אפשרויות בחירה'!$C$692:$C$700
Name Linked_Type: 'אפשרויות בחירה'!$C$516:$C$519
Name other_investments: 'אפשרויות בחירה'!$C$1000:$C$1033
Name Penalty: 'אפשרויות בחירה'!$C$851:$C$852
Name QTR: 'File Name Info'!$A$15:$A$19
Name Rating_Agency: 'אפשרויות בחירה'!$C$188:$C$201
Name real_estate_lifestage: 'אפשרויות בחירה'!$C$634:$C$642
Name real_estate_loans: 'אפשרויות בחירה'!$C$553:$C$591
Name Real_Estate_Main_Use: 'אפשרויות בחירה'!$C$622:$C$633
Name Recourse_Nonrecourse: 'אפשרויות בחירה'!$C$544:$C$545
Name Repayment_Rights: 'אפשרויות בחירה'!$C$551:$C$552
Name Reset_frequency: 'אפשרויות בחירה'!$C$658:$C$665
Name Security_ID_Number_Type: 'אפשרויות בחירה'!$C$1113:$C$1116
Name Security_Number_Loans: 'אפשרויות בחירה'!$C$131
Name Stock_Exchange: 'אפשרויות בחירה'!$C$1283:$C$1315
Name Stock_Exchange_Gov_Bonds: 'אפשרויות בחירה'!$C$148:$C$181
Name Subordination_Risk: 'אפשרויות בחירה'!$C$186:$C$187
Name Tradeable_Status: 'אפשרויות בחירה'!$C$1272:$C$1281
Name Tradeable_Status_All: 'אפשרויות בחירה'!$C$135:$C$145
Name tradeable_status_bonds: 'אפשרויות בחירה'!$C$1248:$C$1253
Name tradeable_status_funds: 'אפשרויות בחירה'!$C$1118:$C$1119
Name tradeable_status_stock: 'אפשרויות בחירה'!$C$1255:$C$1259
Name Tradeable_Status_v2: 'אפשרויות בחירה'!$C$1121:$C$1126
Name tradeable_status_warrants: 'אפשרויות בחירה'!$C$1261:$C$1265
Name tradeable_status_warrants_v2: 'אפשרויות בחירה'!$C$1267:$C$1269
Name Transaction: 'אפשרויות בחירה'!$C$643:$C$646
Name Type: 'File Name Info'!$A$2:$A$8

Sheet עמוד פתיחה
A1: קובץ דיווח עבור רשימת נכסים ברמת הנכס הבודד (חוזר גופים מוסדיים 2015-9-14)
A3: יש לבחור תחום: | D3: נכסי עמיתים - קופות גמל
A5: האם מדובר בקובץ לממומנה או לציבור: | D5: לממונה
A7: יש לבחור את רבעון הדיווח: | D7: 04
A9: יש לבחור את שנת הדיווח: | D9: 2025
A11: יש לבחור את הגוף המוסדי: | D11: ילין לפידות ניהול קופות גמל בע"מ
A13: ח.פ. הגוף המוסדי: | D13: =IFERROR(VLOOKUP(D11,'File Name Info'!A35:B130,2,0),"תא מחושב") -> 513611509
A15: שם קובץ לשמירה | D15: =IF(D5="לממונה",CONCATENATE(D13, "_",VLOOKUP(D3,Full_Type,2,0),"_",D7,VLOOKUP(D9,Full_Year,2,0),".xlxs"),IF(D5="לציבור",CONCATENATE(D13,"_",VLOOKUP(D3,Full_Type_Nostro,2,0),"_",VLOOKUP(D5,Full_File_Type,2,0),"_",D7,VLOOKUP(D9,Full_Year,2,0),".xlsx"),"שם קובץ לשמירה")) -> 513611509_gm_0425.xlxs

Sheet סכום נכסים
C1: ידווח בקבצי נכסי הנוסטרו בלבד
B2: שווי הוגן | C2: עלות מופחתת | D2: השיטה שיושמה בדוח הכספי | E2: שיעור מסך נכסי השקעה
A3: מזומנים ושווי מזומנים | B3: =SUM('מזומנים ושווי מזומנים'!O:O) -> 13508121 | E3: =SUM('מזומנים ושווי מזומנים'!O:O)/B30 -> 0.15561841
A4: איגרות חוב ממשלתיות | B4: =SUM('איגרות חוב ממשלתיות'!U:U) -> 35540519 | E4: =SUM('איגרות חוב ממשלתיות'!U:U)/B30 -> 0.40943958
A5: ניירות ערך מסחריים | B5: =SUM('ניירות ערך מסחריים'!AD:AD) -> 149007.38 | E5: =SUM('ניירות ערך מסחריים'!AD:AD)/B30 -> 0.0017166187
A6: איגרות חוב | B6: =SUM('איגרות חוב'!AD:AD) -> 11443932 | E6: =SUM('איגרות חוב'!AD:AD)/B30 -> 0.13183822
A7: מניות, מניות בכורה ויחידות השתתפות | B7: =SUM('מניות מבכ ויהש'!U:U) -> 16360380 | E7: =SUM('מניות מבכ ויהש'!U:U)/B30 -> 0.18847747
A8: קרנות סל | B8: =SUM('קרנות סל'!T:T) -> 3875789.1 | E8: =SUM('קרנות סל'!T:T)/B30 -> 0.044650486
A9: קרנות נאמנות | B9: =SUM('קרנות נאמנות'!T:T) -> 714941 | E9: =SUM('קרנות נאמנות'!T:T)/B30 -> 0.0082363778
A10: כתבי אופציה | B10: =SUM('כתבי אופציה'!W:W) -> 30533.774 | E10: =SUM('כתבי אופציה'!W:W)/B30 -> 0.00035176007
A11: אופציות | B11: =SUM(אופציות!V:V) -> -3040.82 | E11: =SUM(אופציות!V:V)/B30 -> -3.5031342e-05
A12: חוזים עתידיים | B12: =SUM('חוזים עתידיים'!R:R) -> -24173.076 | E12: =SUM('חוזים עתידיים'!R:R)/B30 -> -0.00027848254
A13: מוצרים מובנים | B13: =SUM('מוצרים מובנים'!Z:Z) -> 460186.11 | E13: =SUM('מוצרים מובנים'!Z:Z)/B30 -> 0.0053015097
A14: לא סחיר איגרות חוב ממשלתיות | B14: =SUM('לא סחיר איגרות חוב ממשלתיות'!U:U) -> 0 | E14: =SUM('לא סחיר איגרות חוב ממשלתיות'!U:U)/B30 -> 0
A15: לא סחיר איגרות חוב מיועדות | B15: =SUM('לא סחיר איגרות חוב מיועדות'!N:N) -> 0 | E15: =SUM('לא סחיר איגרות חוב מיועדות'!N:N)/B30 -> 0
A16: אפיק השקעה מובטח תשואה | B16: =SUM('אפיק השקעה מובטח תשואה'!F:F) -> 0 | E16: =SUM('אפיק השקעה מובטח תשואה'!F:F)/B30 -> 0
A17: לא סחיר ניירות ערך מסחריים | B17: =SUM('לא סחיר ניירות ערך מסחריים'!AI:AI) -> 341452.89 | E17: =SUM('לא סחיר ניירות ערך מסחריים'!AI:AI)/B30 -> 0.0039336603
A18: לא סחיר איגרות חוב | B18: =SUM('לא סחיר איגרות חוב'!AG:AG) -> 982307.67 | E18: =SUM('לא סחיר איגרות חוב'!AG:AG)/B30 -> 0.011316538
A19: לא סחיר מניות, מניות בכורה ויחידות השתתפות | B19: =SUM('לא סחיר מניות מבכ ויהש'!X:X) -> 34920.841 | E19: =SUM('לא סחיר מניות מבכ ויהש'!X:X)/B30 -> 0.00040230066
A20: קרנות השקעה | B20: =SUM('קרנות השקעה'!W:W) -> 1286253 | E20: =SUM('קרנות השקעה'!W:W)/B30 -> 0.014818098
A21: לא סחיר כתבי אופציה | B21: =SUM('לא סחיר כתבי אופציה'!Z:Z) -> 24542.123 | E21: =SUM('לא סחיר כתבי אופציה'!Z:Z)/B30 -> 0.0002827341
A22: לא סחיר אופציות | B22: =SUM('לא סחיר אופציות'!Z:Z) -> 0 | E22: =SUM('לא סחיר אופציות'!Z:Z)/B30 -> 0
A23: לא סחיר נגזרים אחרים | B23: =SUM('לא סחיר נגזרים אחרים'!R:R) -> 135918.06 | E23: =SUM('לא סחיר נגזרים אחרים'!R:R)/B30 -> 0.001565825
A24: הלוואות | B24: =SUM(הלוואות!AT:AT) -> 487040.09 | E24: =SUM(הלוואות!AT:AT)/B30 -> 0.0056108773
A25: לא סחיר מוצרים מובנים | B25: =SUM('לא סחיר מוצרים מובנים'!AB:AB) -> 294499.69 | E25: =SUM('לא סחיר מוצרים מובנים'!AE:AE)/B30 -> 0
A26: פיקדונות מעל 3 חודשים | B26: =SUM('פיקדונות מעל 3 חודשים'!T:T) -> 1215624.1 | E26: =SUM('פיקדונות מעל 3 חודשים'!T:T)/B30 -> 0.014004427
A27: זכויות מקרקעין | B27: =SUM('זכויות מקרקעין'!S:S) -> 0 | E27: =SUM('זכויות מקרקעין'!S:S)/B30 -> 0
A28: השקעה בחברות מוחזקות | B28: =SUM('השקעה בחברות מוחזקות'!U:U) -> 0 | E28: =SUM('השקעה בחברות מוחזקות'!U:U)/B30 -> 0
A29: נכסים אחרים | B29: =SUM('נכסים אחרים'!N:N) -> -55911.941 | E29: =SUM('נכסים אחרים'!N:N)/B30 -> -0.0006441257
A30: סך הכל נכסים | B30: =IF(SUM(B3:B29)=0,0.0001,SUM(B3:B29)) -> 86802842 | C30: =SUM(C3:C29) -> 0 | D30: =SUM(D3:D29) -> 0 | E30: =SUM(E3:E29) -> 0.99660726
A31: מסגרות אשראי | B31: 80000 | E31: 0.00092162881
A32: יתרות התחייבויות להשקעה | B32: 785579.22 | E32: 0.0090501555

Sheet מזומנים ושווי מזומנים
A1: מספר קופה/קרן/ח.פ. עבור חברת ביטוח | B1: מספר מסלול | C1: שם הבנק | D1: מספר מזהה בנק | E1: סוג מספר מזהה בנק | F1: מאפיין עיקרי | G1: ישראל/חו"ל | H1: בעל עניין/צד קשור | I1: דירוג הבנק | J1: שם מדרג | K1: מטבע פעילות | L1: שווי מטבעי | M1: שער חליפין | N1: שיעור ריבית | O1: שווי הוגן (באלפי ש"ח) | P1: שיעור מנכסי אפיק ההשקעה | Q1: שיעור מסך נכסי ההשקעה
A2: 1035 | B2: 1036 | C2: בנק לאומי לישראל בע"מ | D2: 10-800 | E2: סימול בנק | F2: מזומן ועו"ש נקוב במט"ח | G2: ישראל | H2: לא | I2: AAA | J2: S&P מעלות | K2: USD | L2: 11060.536 | M2: 3.19 | O2: 35283.111 | P2: 0.019772315 | Q2: 0.0055554728
A3: 1035 | B3: 1036 | C3: בנק לאומי לישראל בע"מ | D3: 10-800 | E3: סימול בנק | F3: מזומן ועו"ש נקוב במט"ח | G3: ישראל | H3: לא | I3: AAA | J3: S&P מעלות | K3: EUR | L3: 3335.721 | M3: 3.7455 | O3: 12493.944 | P3: 0.0070014856 | Q3: 0.0019672235
A4: 1035 | B4: 1036 | C4: בנק לאומי לישראל בע"מ | D4: 10-800 | E4: סימול בנק | F4: מזומן ועו"ש נקוב במט"ח | G4: ישראל | H4: לא | I4: AAA | J4: S&P מעלות | K4: GBP | L4: 280.385 | M4: 4.29 | O4: 1202.851 | P4: 0.0006740661 | Q4: 0.0001893939
A5: 1035 | B5: 1036 | C5: בנק לאומי לישראל בע"מ | D5: 10-800 | E5: סימול בנק | F5: מזומן ועו"ש נקוב במט"ח | G5: ישראל | H5: לא | I5: AAA | J5: S&P מעלות | K5: AUD | L5: 29.969 | M5: 2.1319 | O5: 63.891 | P5: 3.580391e-05 | Q5: 1.0059907e-05
A6: 1035 | B6: 1036 | C6: בנק לאומי לישראל בע"מ | D6: 10-800 | E6: סימול בנק | F6: מזומן ועו"ש נקוב במט"ח | G6: ישראל | H6: לא | I6: AAA | J6: S&P מעלות | K6: SGD | L6: 139.653 | M6: 2.4754 | O6: 345.696 | P6: 0.0001937247 | Q6: 5.4431275e-05
A7: 1035 | B7: 1036 | C7: בנק לאומי לישראל בע"מ | D7: 10-800 | E7: סימול בנק | F7: מזומן ועו"ש נקוב במט"ח | G7: ישראל | H7: לא | I7: AAA | J7: S&P מעלות | K7: HKD | L7: 83785.336 | M7: 0.4093 | O7: 34293.338 | P7: 0.019217656 | Q7: 0.005399629
A8: 1035 | B8: 1036 | C8: בנק לאומי לישראל בע"מ | D8: 10-800 | E8: סימול בנק | F8: פקדון במט"ח עד שלושה חודשים | G8: ישראל | H8: לא | I8: AAA | J8: S&P מעלות | K8: USD | L8: 35607.496 | M8: 3.19 | O8: 113587.91 | P8: 0.06365357 | Q8: 0.01788489
A9: 1035 | B9: 1036 | C9: בנק לאומי לישראל בע"מ | D9: 10-800 | E9: סימול בנק | F9: פק"מ לתקופה של עד שלושה חודשים | G9: ישראל | H9: לא | I9: AAA | J9: S&P מעלות | K9: ILS | L9: 134045.49 | M9: 1 | O9: 134045.49 | P9: 0.075117797 | Q9: 0.02110602
A10: 1035 | B10: 1036 | C10: בנק לאומי לישראל בע"מ | D10: 10-800 | E10: סימול בנק | F10: מזומן ועו"ש בש"ח | G10: ישראל | H10: לא | I10: AAA | J10: S&P מעלות | K10: ILS | L10: 816852.43 | M10: 1 | O10: 816852.43 | P10: 0.45775622 | Q10: 0.12861682
A11: 1035 | B11: 1036 | C11: בנק מזרחי | D11: 20-61 | E11: סימול בנק | F11: מזומן ועו"ש נקוב במט"ח | G11: ישראל | H11: לא | I11: AAA | J11: S&P מעלות | K11: USD | L11: 15859.479 | M11: 3.19 | O11: 50591.737 | P11: 0.028351121 | Q11: 0.0079658798
A12: 1035 | B12: 1036 | C12: בנק מזרחי | D12: 20-61 | E12: סימול בנק | F12: מזומן ועו"ש נקוב במט"ח | G12: ישראל | H12: לא | I12: AAA | J12: S&P מעלות | K12: EUR | L12: 1.991 | M12: 3.7455 | O12: 7.456 | P12: 4.1780491e-06 | Q12: 1.1739161e-06
A13: 1035 | B13: 1036 | C13: בנק מזרחי | D13: 20-61 | E13: סימול בנק | F13: מזומן ועו"ש נקוב במט"ח | G13: ישראל | H13: לא | I13: AAA | J13: S&P מעלות | K13: GBP | L13: 0.001 | M13: 4.29 | O13: 0.004 | P13: 2.3079116e-09 | Q13: 6.4845924e-10
... A514: 11389 | B514: 15715 | C514: בנק דיסקונט לישראל בע"מ | D514: 11-10 | E514: סימול בנק | F514: מזומן ועו"ש בש"ח | G514: ישראל | H514: לא | I514: AAA | J514: S&P מעלות | K514: ILS | L514: 1004.409 | M514: 1 | O514: 1004.409 | P514: 0.15642348 | Q514: 0.037609882

Sheet איגרות חוב ממשלתיות
A1: מספר קופה/קרן/ח.פ. עבור חברת ביטוח | B1: מספר מסלול | C1: שם מנפיק | D1: שם נייר ערך | E1: מספר נייר ערך | F1: מאפיין עיקרי | G1: ישראל/חו"ל | H1: מדינה לפי חשיפה כלכלית | I1: זירת מסחר | J1: דירוג | K1: שם מדרג | L1: מטבע פעילות | M1: מח"מ | N1: מועד פדיון | O1: שיעור ריבית | P1: תשואה לפדיון | Q1: סכום לקבל (במטבע הפעילות) | R1: ערך נקוב (יחידות) | S1: שער חליפין | T1: שער נייר הערך | U1: שווי הוגן (באלפי ש"ח) | V1: עלות מופחתת (באלפי ש"ח) | W1: השיטה שיושמה בדוח הכספי | X1: שיעור מערך נקוב מונפק | Y1: שיעור מנכסי אפיק ההשקעה | Z1: שיעור מסך נכסי ההשקעה
A2: 1035 | B2: 1036 | C2: מדינת ישראל | D2: ממשל קצרה 0226 | E2: IL0012194689 | F2: מק"מ קצר משנים עשר חודשים | G2: ישראל | H2: ישראל | I2: TASE | J2: RF | K2: פנימי | L2: ILS | M2: 0.156 | N2: 27/02/2026 | O2: 0 | P2: 0.04197 | R2: 208970708 | S2: 1 | T2: 99.36 | U2: 207633.3 | W2: שווי הוגן | X2: 0.039998 | Y2: 0.096762997 | Z2: 0.032692728
A3: 1035 | B3: 1036 | C3: מדינת ישראל | D3: ממשל קצרה 0526 | E3: IL0012239245 | F3: מק"מ קצר משנים עשר חודשים | G3: ישראל | H3: ישראל | I3: TASE | J3: RF | K3: פנימי | L3: ILS | M3: 0.411 | N3: 31/05/2026 | O3: 0 | P3: 0.03951 | R3: 242693107 | S3: 1 | T3: 98.42 | U3: 238858.56 | W3: שווי הוגן | X3: 0.062469 | Y3: 0.11131485 | Z3: 0.037609275
A4: 1035 | B4: 1036 | C4: מדינת ישראל | D4: מלווה קצר מועד 116 | E4: IL0082601191 | F4: מק"מ קצר משנים עשר חודשים | G4: ישראל | H4: ישראל | I4: TASE | J4: RF | K4: פנימי | L4: ILS | M4: 0.016 | N4: 07/01/2026 | O4: 0 | P4: 0.04352 | R4: 113302310 | S4: 1 | T4: 99.93 | U4: 113223 | W4: שווי הוגן | X4: 0.003541 | Y4: 0.052765124 | Z4: 0.017827433
A5: 1035 | B5: 1036 | C5: מדינת ישראל | D5: מקמ 216 | E5: IL0082602181 | F5: מק"מ קצר משנים עשר חודשים | G5: ישראל | H5: ישראל | I5: TASE | J5: RF | K5: פנימי | L5: ILS | M5: 0.093 | N5: 04/02/2026 | O5: 0 | P5: 0.0406 | R5: 122680220 | S5: 1 | T5: 99.63 | U5: 122226.3 | W5: שווי הוגן | X5: 0.003834 | Y5: 0.056960919 | Z5: 0.019245041
A6: 1035 | B6: 1036 | C6: מדינת ישראל | D6: מקמ 316 | E6: IL0082603171 | F6: מק"מ קצר משנים עשר חודשים | G6: ישראל | H6: ישראל | I6: TASE | J6: RF | K6: פנימי | L6: ILS | M6: 0.17 | N6: 04/03/2026 | O6: 0 | P6: 0.04037 | R6: 177447788 | S6: 1 | T6: 99.33 | U6: 176258.89 | W6: שווי הוגן | X6: 0.005915 | Y6: 0.082141634 | Z6: 0.027752696
A7: 1035 | B7: 1036 | C7: מדינת ישראל | D7: מלווה קצר מועד 416 | E7: IL0082604161 | F7: מק"מ קצר משנים עשר חודשים | G7: ישראל | H7: ישראל | I7: TASE | J7: RF | K7: פנימי | L7: ILS | M7: 0.247 | N7: 01/04/2026 | O7: 0 | P7: 0.04032 | R7: 33479777 | S7: 1 | T7: 99.03 | U7: 33155.023 | W7: שווי הוגן | X7: 0.00186 | Y7: 0.01545118 | Z7: 0.0052203966
A8: 1035 | B8: 1036 | C8: מדינת ישראל | D8: מקמ 516 | E8: IL0082605150 | F8: מק"מ קצר משנים עשר חודשים | G8: ישראל | H8: ישראל | I8: TASE | J8: RF | K8: פנימי | L8: ILS | M8: 0.342 | N8: 06/05/2026 | O8: 0 | P8: 0.03987 | R8: 111532615 | S8: 1 | T8: 98.67 | U8: 110049.23 | W8: שווי הוגן | X8: 0.006196 | Y8: 0.051286059 | Z8: 0.01732771
A9: 1035 | B9: 1036 | C9: מדינת ישראל | D9: מלווה קצר מועד 616 | E9: IL0082606141 | F9: מק"מ קצר משנים עשר חודשים | G9: ישראל | H9: ישראל | I9: TASE | J9: RF | K9: פנימי | L9: ILS | M9: 0.419 | N9: 03/06/2026 | O9: 0 | P9: 0.04024 | R9: 216982951 | S9: 1 | T9: 98.36 | U9: 213424.43 | W9: שווי הוגן | X9: 0.012055 | Y9: 0.09946183 | Z9: 0.033604566
A10: 1035 | B10: 1036 | C10: מדינת ישראל | D10: מקמ 726 | E10: IL0082607214 | F10: מק"מ קצר משנים עשר חודשים | G10: ישראל | H10: ישראל | I10: TASE | J10: RF | K10: פנימי | L10: ILS | M10: 0.515 | N10: 08/07/2026 | O10: 0 | P10: 0.04 | R10: 123058694 | S10: 1 | T10: 98 | U10: 120597.52 | W10: שווי הוגן | X10: 0.006837 | Y10: 0.05620186 | Z10: 0.018988582
A11: 1035 | B11: 1036 | C11: מדינת ישראל | D11: מקמ 816 | E11: IL0082608121 | F11: מק"מ קצר משנים עשר חודשים | G11: ישראל | H11: ישראל | I11: TASE | J11: RF | K11: פנימי | L11: ILS | M11: 0.592 | N11: 06/08/2026 | O11: 0 | P11: 0.03884 | R11: 60656237 | S11: 1 | T11: 97.77 | U11: 59303.603 | W11: שווי הוגן | X11: 0.00337 | Y11: 0.027637159 | Z11: 0.0093375994
A12: 1035 | B12: 1036 | C12: מדינת ישראל | D12: מלווה קצר מועד 916 | E12: IL0082609111 | F12: מק"מ קצר משנים עשר חודשים | G12: ישראל | H12: ישראל | I12: TASE | J12: RF | K12: פנימי | L12: ILS | M12: 0.668 | N12: 02/09/2026 | O12: 0 | P12: 0.03876 | R12: 237659831 | S12: 1 | T12: 97.49 | U12: 231694.57 | W12: שווי הוגן | X12: 0.013203 | Y12: 0.10797623 | Z12: 0.036481275
A13: 1035 | B13: 1036 | C13: מדינת ישראל | D13: מלווה קצר מועד 1016 | E13: IL0082610184 | F13: מק"מ קצר משנים עשר חודשים | G13: ישראל | H13: ישראל | I13: TASE | J13: RF | K13: פנימי | L13: ILS | M13: 0.764 | N13: 07/10/2026 | O13: 0 | P13: 0.03883 | R13: 98735494 | S13: 1 | T13: 97.13 | U13: 95901.785 | W13: שווי הוגן | X13: 0.005485 | Y13: 0.044692948 | Z13: 0.015100136
... A846: 11389 | B846: 14658 | C846: מדינת ישראל | D846: מלווה קצר מועד 1016 | E846: IL0082610184 | F846: מק"מ קצר משנים עשר חודשים | G846: ישראל | H846: ישראל | I846: TASE | J846: RF | K846: פנימי | L846: ILS | M846: 0.764 | N846: 07/10/2026 | O846: 0 | P846: 0.03883 | R846: 3830769 | S846: 1 | T846: 97.13 | U846: 3720.826 | W846: שווי הוגן | X846: 0.000213 | Y846: 0.41768646 | Z846: 0.034665754

Sheet ניירות ערך מסחריים
A1: מספר קופה/קרן/ח.פ. עבור חברת ביטוח | B1: מספר מסלול | C1: שם מנפיק | D1: מספר מנפיק | E1: סוג מספר מזהה מנפיק | F1: שם נייר ערך | G1: מספר נייר ערך | H1: סוג מספר נייר ערך | I1: מאפיין עיקרי | J1: ישראל/חו"ל | K1: מדינה לפי חשיפה כלכלית | L1: זירת מסחר | M1: ענף מסחר | N1: בעל עניין/צד קשור | O1: דירוג | P1: שם מדרג | Q1: דירוג נייר הערך/המנפיק | R1: מטבע פעילות | S1: מח"מ | T1: ריבית עוגן | U1: מועד פדיון | V1: שיעור ריבית | W1: תשואה לפדיון | X1: נחיתות חוזית | Y1: האם סווג כחוב בעייתי | Z1: ערך נקוב (יחידות) | AA1: שער חליפין | AB1: שער נייר הערך | AC1: סכום לקבל (במטבע הפעילות) | AD1: שווי הוגן (באלפי ש"ח) | AE1: עלות מופחתת (באלפי ש"ח) | AF1: עלות מופחתת (במטבע הפעילות) | AG1: השיטה שיושמה בדוח הכספי | AH1: שיעור מערך נקוב מונפק | AI1: שיעור מנכסי אפיק ההשקעה | AJ1: שיעור מסך נכסי ההשקעה
A2: 1035 | B2: 1037 | C2: דיסקונט מנפיקים בע"מ | D2: 520029935 | E2: ח.פ. | F2: דיסק מנ מסחרי 5 | G2: IL0012159468 | H2: ISIN | I2: לא צמוד למדד המחירים לצרכן ריבית קבועה | J2: ישראל | K2: ישראל | L2: TASE | M2: בנקים | N2: לא | O2: AAA | P2: S&P מעלות | Q2: נייר ערך | R2: ILS | S2: 0.03 | T2: ריבית בנק ישראל | U2: 12/01/2026 | V2: 0.0429 | W2: 0.05567 | X2: החוב לא נחות | Z2: 144400 | AA2: 1 | AB2: 1043.38 | AD2: 1506.641 | AG2: שווי הוגן | AH2: 9.5e-05 | AI2: 0.77326319 | AJ2: 0.0036054772
A3: 1035 | B3: 1037 | C3: בנק לאומי לישראל בע"מ | D3: 520018078 | E3: ח.פ. | F3: לאומי מסחרי 7 | G3: IL0012164153 | H3: ISIN | I3: לא צמוד למדד המחירים לצרכן ריבית קבועה | J3: ישראל | K3: ישראל | L3: TASE | M3: בנקים | N3: לא | O3: AAA | P3: S&P מעלות | Q3: נייר ערך | R3: ILS | S3: 0.06 | T3: ריבית בנק ישראל | U3: 23/01/2026 | V3: 0.0427 | W3: 0.04685 | X3: החוב לא נחות | Z3: 42400 | AA3: 1 | AB3: 1041.93 | AD3: 441.778 | AG3: שווי הוגן | AH3: 2.8e-05 | AI3: 0.22673681 | AJ3: 0.0010572007
A4: 1035 | B4: 9939 | C4: דיסקונט מנפיקים בע"מ | D4: 520029935 | E4: ח.פ. | F4: דיסק מנ מסחרי 5 | G4: IL0012159468 | H4: ISIN | I4: לא צמוד למדד המחירים לצרכן ריבית קבועה | J4: ישראל | K4: ישראל | L4: TASE | M4: בנקים | N4: לא | O4: AAA | P4: S&P מעלות | Q4: נייר ערך | R4: ILS | S4: 0.03 | T4: ריבית בנק ישראל | U4: 12/01/2026 | V4: 0.0429 | W4: 0.05567 | X4: החוב לא נחות | Z4: 465100 | AA4: 1 | AB4: 1043.38 | AD4: 4852.76 | AG4: שווי הוגן | AH4: 0.000306 | AI4: 0.76978277 | AJ4: 0.0011325922
A5: 1035 | B5: 9939 | C5: בנק לאומי לישראל בע"מ | D5: 520018078 | E5: ח.פ. | F5: לאומי מסחרי 7 | G5: IL0012164153 | H5: ISIN | I5: לא צמוד למדד המחירים לצרכן ריבית קבועה | J5: ישראל | K5: ישראל | L5: TASE | M5: בנקים | N5: לא | O5: AAA | P5: S&P מעלות | Q5: נייר ערך | R5: ILS | S5: 0.06 | T5: ריבית בנק ישראל | U5: 23/01/2026 | V5: 0.0427 | W5: 0.04685 | X5: החוב לא נחות | Z5: 139290 | AA5: 1 | AB5: 1041.93 | AD5: 1451.304 | AG5: שווי הוגן | AH5: 9.3e-05 | AI5: 0.23021723 | AJ5: 0.00033872184
A6: 1035 | B6: 9940 | C6: דיסקונט מנפיקים בע"מ | D6: 520029935 | E6: ח.פ. | F6: דיסק מנ מסחרי 5 | G6: IL0012159468 | H6: ISIN | I6: לא צמוד למדד המחירים לצרכן ריבית קבועה | J6: ישראל | K6: ישראל | L6: TASE | M6: בנקים | N6: לא | O6: AAA | P6: S&P מעלות | Q6: נייר ערך | R6: ILS | S6: 0.03 | T6: ריבית בנק ישראל | U6: 12/01/2026 | V6: 0.0429 | W6: 0.05567 | X6: החוב לא נחות | Z6: 2254500 | AA6: 1 | AB6: 1043.38 | AD6: 23523.002 | AG6: שווי הוגן | AH6: 0.001484 | AI6: 0.76880935 | AJ6: 0.0017312233
A7: 1035 | B7: 9940 | C7: בנק לאומי לישראל בע"מ | D7: 520018078 | E7: ח.פ. | F7: לאומי מסחרי 7 | G7: IL0012164153 | H7: ISIN | I7: לא צמוד למדד המחירים לצרכן ריבית קבועה | J7: ישראל | K7: ישראל | L7: TASE | M7: בנקים | N7: לא | O7: AAA | P7: S&P מעלות | Q7: נייר ערך | R7: ILS | S7: 0.06 | T7: ריבית בנק ישראל | U7: 23/01/2026 | V7: 0.0427 | W7: 0.04685 | X7: החוב לא נחות | Z7: 678900 | AA7: 1 | AB7: 1041.93 | AD7: 7073.663 | AG7: שווי הוגן | AH7: 0.000452 | AI7: 0.23119065 | AJ7: 0.00052060063
A8: 1035 | B8: 9941 | C8: דיסקונט מנפיקים בע"מ | D8: 520029935 | E8: ח.פ. | F8: דיסק מנ מסחרי 5 | G8: IL0012159468 | H8: ISIN | I8: לא צמוד למדד המחירים לצרכן ריבית קבועה | J8: ישראל | K8: ישראל | L8: TASE | M8: בנקים | N8: לא | O8: AAA | P8: S&P מעלות | Q8: נייר ערך | R8: ILS | S8: 0.03 | T8: ריבית בנק ישראל | U8: 12/01/2026 | V8: 0.0429 | W8: 0.05567 | X8: החוב לא נחות | Z8: 1641228 | AA8: 1 | AB8: 1043.38 | AD8: 17124.245 | AG8: שווי הוגן | AH8: 0.00108 | AI8: 0.76918527 | AJ8: 0.0022643461
A9: 1035 | B9: 9941 | C9: בנק לאומי לישראל בע"מ | D9: 520018078 | E9: ח.פ. | F9: לאומי מסחרי 7 | G9: IL0012164153 | H9: ISIN | I9: לא צמוד למדד המחירים לצרכן ריבית קבועה | J9: ישראל | K9: ישראל | L9: TASE | M9: בנקים | N9: לא | O9: AAA | P9: S&P מעלות | Q9: נייר ערך | R9: ILS | S9: 0.06 | T9: ריבית בנק ישראל | U9: 23/01/2026 | V9: 0.0427 | W9: 0.04685 | X9: החוב לא נחות | Z9: 493180 | AA9: 1 | AB9: 1041.93 | AD9: 5138.59 | AG9: שווי הוגן | AH9: 0.000329 | AI9: 0.23081473 | AJ9: 0.00067947796
A10: 1035 | B10: 14292 | C10: דיסקונט מנפיקים בע"מ | D10: 520029935 | E10: ח.פ. | F10: דיסק מנ מסחרי 5 | G10: IL0012159468 | H10: ISIN | I10: לא צמוד למדד המחירים לצרכן ריבית קבועה | J10: ישראל | K10: ישראל | L10: TASE | M10: בנקים | N10: לא | O10: AAA | P10: S&P מעלות | Q10: נייר ערך | R10: ILS | S10: 0.03 | T10: ריבית בנק ישראל | U10: 12/01/2026 | V10: 0.0429 | W10: 0.05567 | X10: החוב לא נחות | Z10: 22500 | AA10: 1 | AB10: 1043.38 | AD10: 234.761 | AG10: שווי הוגן | AH10: 1.5e-05 | AI10: 0.7237508 | AJ10: 0.0003894726
A11: 1035 | B11: 14292 | C11: בנק לאומי לישראל בע"מ | D11: 520018078 | E11: ח.פ. | F11: לאומי מסחרי 7 | G11: IL0012164153 | H11: ISIN | I11: לא צמוד למדד המחירים לצרכן ריבית קבועה | J11: ישראל | K11: ישראל | L11: TASE | M11: בנקים | N11: לא | O11: AAA | P11: S&P מעלות | Q11: נייר ערך | R11: ILS | S11: 0.06 | T11: ריבית בנק ישראל | U11: 23/01/2026 | V11: 0.0427 | W11: 0.04685 | X11: החוב לא נחות | Z11: 8600 | AA11: 1 | AB11: 1041.93 | AD11: 89.606 | AG11: שווי הוגן | AH11: 6e-06 | AI11: 0.2762492 | AJ11: 0.0001486582
A12: 1038 | B12: 1038 | C12: דיסקונט מנפיקים בע"מ | D12: 520029935 | E12: ח.פ. | F12: דיסק מנ מסחרי 5 | G12: IL0012159468 | H12: ISIN | I12: לא צמוד למדד המחירים לצרכן ריבית קבועה | J12: ישראל | K12: ישראל | L12: TASE | M12: בנקים | N12: לא | O12: AAA | P12: S&P מעלות | Q12: נייר ערך | R12: ILS | S12: 0.03 | T12: ריבית בנק ישראל | U12: 12/01/2026 | V12: 0.0429 | W12: 0.05567 | X12: החוב לא נחות | Z12: 1305500 | AA12: 1 | AB12: 1043.38 | AD12: 13621.326 | AG12: שווי הוגן | AH12: 0.000859 | AI12: 0.76986271 | AJ12: 0.0028583785
A13: 1038 | B13: 1038 | C13: בנק לאומי לישראל בע"מ | D13: 520018078 | E13: ח.פ. | F13: לאומי מסחרי 7 | G13: IL0012164153 | H13: ISIN | I13: לא צמוד למדד המחירים לצרכן ריבית קבועה | J13: ישראל | K13: ישראל | L13: TASE | M13: בנקים | N13: לא | O13: AAA | P13: S&P מעלות | Q13: נייר ערך | R13: ILS | S13: 0.06 | T13: ריבית בנק ישראל | U13: 23/01/2026 | V13: 0.0427 | W13: 0.04685 | X13: החוב לא נחות | Z13: 390800 | AA13: 1 | AB13: 1041.93 | AD13: 4071.862 | AG13: שווי הוגן | AH13: 0.00026 | AI13: 0.23013729 | AJ13: 0.00085446337
... A26: 11389 | B26: 11392 | C26: בנק לאומי לישראל בע"מ | D26: 520018078 | E26: ח.פ. | F26: לאומי מסחרי 7 | G26: IL0012164153 | H26: ISIN | I26: לא צמוד למדד המחירים לצרכן ריבית קבועה | J26: ישראל | K26: ישראל | L26: TASE | M26: בנקים | N26: לא | O26: AAA | P26: S&P מעלות | Q26: נייר ערך | R26: ILS | S26: 0.06 | T26: ריבית בנק ישראל | U26: 23/01/2026 | V26: 0.0427 | W26: 0.04685 | X26: החוב לא נחות | Z26: 23500 | AA26: 1 | AB26: 1041.93 | AD26: 244.854 | AG26: שווי הוגן | AH26: 1.6e-05 | AI26: 0.2321951 | AJ26: 0.00073197761

Sheet איגרות חוב
A1: מספר קופה/קרן/ח.פ. עבור חברת ביטוח | B1: מספר מסלול | C1: שם מנפיק | D1: מספר מנפיק | E1: סוג מספר מזהה מנפיק | F1: שם נייר ערך | G1: מספר נייר ערך | H1: סוג מספר נייר ערך | I1: מאפיין עיקרי | J1: ישראל/חו"ל | K1: מדינה לפי חשיפה כלכלית | L1: סטאטוס סחירות | M1: זירת מסחר | N1: ענף מסחר | O1: בעל עניין/צד קשור | P1: דירוג | Q1: שם מדרג | R1: דירוג נייר הערך/המנפיק | S1: מטבע פעילות | T1: מח"מ | U1: מועד פדיון | V1: שיעור ריבית | W1: תשואה לפדיון | X1: נחיתות חוזית | Y1: האם סווג כחוב בעייתי | Z1: ערך נקוב (יחידות) | AA1: שער חליפין | AB1: שער נייר הערך | AC1: סכום לקבל (במטבע הפעילות) | AD1: שווי הוגן (באלפי ש"ח) | AE1: עלות מופחתת (באלפי ש"ח) | AF1: עלות מופחתת (במטבע הפעילות) | AG1: השיטה שיושמה בדוח הכספי | AH1: שיעור מערך נקוב מונפק | AI1: שיעור מנכסי אפיק ההשקעה | AJ1: שיעור מסך נכסי ההשקעה
A2: 1035 | B2: 1036 | C2: פלאזה סנטרס | D2: 33248324 | E2: מספר תאגיד או שותפות בחו"ל | F2: פלאזה סנטרס אגח א | G2: IL0011094955 | H2: ISIN | I2: צמוד למדד המחירים לצרכן | J2: ישראל | K2: ישראל | L2: סחיר | M2: TASE | N2: בנייה | O2: לא | P2: NR | Q2: NR | R2: NR | S2: ILS | T2: 4.426 | U2: 01/01/2026 | V2: 0.06 | W2: 0.0001 | X2: החוב לא נחות | Z2: 1498817.5 | AA2: 1 | AB2: 7.81 | AD2: 117.058 | AG2: שווי הוגן | AH2: 0.012728 | AI2: 0.0028006937 | AJ2: 1.8431214e-05
A3: 1035 | B3: 1036 | C3: פלאזה סנטרס | D3: 33248324 | E3: מספר תאגיד או שותפות בחו"ל | F3: פלאזה סנטרס אגח ב | G3: IL0011095036 | H3: ISIN | I3: צמוד למדד המחירים לצרכן | J3: ישראל | K3: ישראל | L3: סחיר | M3: TASE | N3: בנייה | O3: לא | P3: NR | Q3: NR | R3: NR | S3: ILS | T3: 4.443 | U3: 01/01/2026 | V3: 0.069 | W3: 0.0001 | X3: החוב לא נחות | Z3: 421512.41 | AA3: 1 | AB3: 7.97 | AD3: 33.595 | AG3: שווי הוגן | AH3: 0.00244 | AI3: 0.00080377503 | AJ3: 5.2896002e-06
A4: 1035 | B4: 1036 | C4: קרדן אן.וי. | D4: 1239114 | E4: מספר תאגיד או שותפות בחו"ל | F4: קרדן אן וי אגח ב ( שימור | G4: IL0011130346 | H4: ISIN | I4: צמוד למדד המחירים לצרכן | J4: ישראל | K4: ישראל | L4: סחיר | M4: TASE | N4: השקעה ואחזקות | O4: לא | P4: NR | Q4: NR | R4: NR | S4: ILS | T4: 0.997 | U4: 31/12/2026 | V4: 0.068 | W4: 0.0001 | X4: החוב לא נחות | Z4: 31656.14 | AA4: 1 | AB4: 28.54 | AD4: 9.035 | AG4: שווי הוגן | AH4: 7e-05 | AI4: 0.0002161612 | AJ4: 1.4225452e-06
A5: 1035 | B5: 1036 | C5: תמר פטרוליום בעמ | D5: 515334662 | E5: ח.פ. | F5: תמר פטרו אגח ב | G5: IL0011435935 | H5: ISIN | I5: צמוד למט"ח | J5: ישראל | K5: ישראל | L5: סחיר | M5: TASE | N5: חיפושי נפט וגז | O5: לא | P5: A1 | Q5: מידרוג Moodys | R5: נייר ערך | S5: ILS | T5: 2.257 | U5: 30/08/2028 | V5: 0.0469 | W5: 0.05988 | X5: החוב לא נחות | Z5: 1865601.2 | AA5: 1 | AB5: 91.28 | AD5: 1702.921 | AG5: שווי הוגן | AH5: 0.001624 | AI5: 0.040743681 | AJ5: 0.00026813197
A6: 1035 | B6: 1036 | C6: פריים אנרג'י פי.אי בע"מ | D6: 514902147 | E6: ח.פ. | F6: פריים אנרג'י אגח ב | G6: IL0011846628 | H6: ISIN | I6: צמוד למדד המחירים לצרכן | J6: ישראל | K6: ישראל | L6: סחיר | M6: TASE | N6: אנרגיה מתחדשת | O6: לא | P6: NR | Q6: NR | R6: NR | S6: ILS | T6: 1.586 | U6: 30/06/2028 | V6: 0.04 | W6: 0.04252 | X6: החוב לא נחות | Z6: 64346.18 | AA6: 1 | AB6: 114.5 | AD6: 73.676 | AG6: שווי הוגן | AH6: 0.000991 | AI6: 0.0017627636 | AJ6: 1.1600652e-05
A7: 1035 | B7: 1036 | C7: מפעלים פטרוכימיים בישראל בע"מ | D7: 520029315 | E7: ח.פ. | F7: פטרוכימים אגח י | G7: IL0011902975 | H7: ISIN | I7: לא צמוד למדד המחירים לצרכן | J7: ישראל | K7: ישראל | L7: סחיר | M7: TASE | N7: אנרגיה | O7: לא | P7: NR | Q7: NR | R7: NR | S7: ILS | T7: 1.581 | U7: 01/08/2027 | V7: 0.1054 | W7: 0.01586 | X7: החוב לא נחות | Z7: 1332235 | AA7: 1 | AB7: 147.72 | AD7: 1967.978 | AG7: שווי הוגן | AH7: 0.008866 | AI7: 0.047085368 | AJ7: 0.00030986627
A8: 1035 | B8: 1036 | C8: כלל החזקות עסקי ביטוח בע"מ | D8: 520036120 | E8: ח.פ. | F8: כלל ביטוח אג ב | G8: IL0011934994 | H8: ISIN | I8: אג"ח להמרה לא צמוד למדד המחירים לצרכן | J8: ישראל | K8: ישראל | L8: סחיר | M8: TASE | N8: ביטוח | O8: לא | P8: AA- | Q8: S&P מעלות | R8: נייר ערך | S8: ILS | T8: 2.117 | U8: 28/02/2028 | V8: 0.028 | W8: 0.0001 | X8: החוב לא נחות | Z8: 1660815 | AA8: 1 | AB8: 251 | AD8: 4168.646 | AG8: שווי הוגן | AH8: 0.011073 | AI8: 0.099738034 | AJ8: 0.00065637063
A9: 1035 | B9: 1036 | C9: איסתא בע"מ | D9: 520042763 | E9: ח.פ. | F9: איסתא אגח א להמרה | G9: IL0011971285 | H9: ISIN | I9: אג"ח להמרה לא צמוד למדד המחירים לצרכן | J9: ישראל | K9: ישראל | L9: סחיר | M9: TASE | N9: מלונאות ותיירות | O9: לא | P9: NR | Q9: NR | R9: NR | S9: ILS | T9: 2.39 | U9: 30/06/2028 | V9: 0.0485 | W9: -0.0159 | X9: החוב לא נחות | Z9: 1759678 | AA9: 1 | AB9: 116.5 | AD9: 2050.025 | AG9: שווי הוגן | AH9: 0.005866 | AI9: 0.049048412 | AJ9: 0.00032278496
A10: 1035 | B10: 1036 | C10: ג'י סיטי בע"מ | D10: 520033234 | E10: ח.פ. | F10: ג'י סיטי אג יז | G10: IL0011981425 | H10: ISIN | I10: אג"ח להמרה לא צמוד למדד המחירים לצרכן | J10: ישראל | K10: גלובלי | L10: סחיר | M10: TASE | N10: נדל"ן מניב בחו"ל | O10: לא | P10: A- | Q10: S&P מעלות | R10: נייר ערך | S10: ILS | T10: 3.178 | U10: 01/07/2029 | V10: 0.055 | W10: 0.08479 | X10: החוב לא נחות | Z10: 8787348.9 | AA10: 1 | AB10: 94 | AD10: 8260.108 | AG10: שווי הוגן | AH10: 0.017006 | AI10: 0.1976294 | AJ10: 0.0013005884
A11: 1035 | B11: 1036 | C11: אקונרג'י אנרגיה מתחדשת בע"מ | D11: 516339777 | E11: ח.פ. | F11: אקונרג'י אגח ב | G11: IL0012144288 | H11: ISIN | I11: לא צמוד למדד המחירים לצרכן | J11: ישראל | K11: ישראל | L11: סחיר | M11: TASE | N11: אנרגיה מתחדשת | O11: לא | P11: NR | Q11: NR | R11: NR | S11: ILS | T11: 3.86 | U11: 31/12/2030 | V11: 0.0695 | W11: 0.05863 | X11: החוב לא נחות | Z11: 666522 | AA11: 1 | AB11: 104.47 | AD11: 696.316 | AG11: שווי הוגן | AH11: 0.00117 | AI11: 0.016659881 | AJ11: 0.00010963778
A12: 1035 | B12: 1036 | C12: סולאיר אנרגיות מתחדשות בע"מ | D12: 516046307 | E12: ח.פ. | F12: סולאיר ב | G12: IL0012148321 | H12: ISIN | I12: צמוד למדד המחירים לצרכן | J12: ישראל | K12: ישראל | L12: סחיר | M12: TASE | N12: אנרגיה מתחדשת | O12: לא | P12: NR | Q12: NR | R12: NR | S12: ILS | T12: 3.586 | U12: 30/06/2030 | V12: 0.049 | W12: 0.0399 | X12: החוב לא נחות | Z12: 315000 | AA12: 1 | AB12: 105.84 | AD12: 333.396 | AG12: שווי הוגן | AH12: 0.000668 | AI12: 0.0079767542 | AJ12: 5.2494589e-05
A13: 1035 | B13: 1036 | C13: ג'נריישן קפיטל בע"מ | D13: 515846558 | E13: ח.פ. | F13: ג'נרישן קפ אגחד | G13: IL0012149642 | H13: ISIN | I13: אג"ח להמרה לא צמוד למדד המחירים לצרכן | J13: ישראל | K13: ישראל | L13: סחיר | M13: TASE | N13: השקעה ואחזקות | O13: לא | P13: A+ | Q13: S&P מעלות | R13: נייר ערך | S13: ILS | T13: 3.402 | U13: 31/12/2029 | V13: 0.04 | W13: 0.0001 | X13: החוב לא נחות | Z13: 10796905 | AA13: 1 | AB13: 162.3 | AD13: 17523.377 | AG13: שווי הוגן | AH13: 0.049649 | AI13: 0.41926019 | AJ13: 0.0027591287
... A21: 1035 | B21: 1037 | C21: ריט 1 בע"מ | D21: 513821488 | E21: ח.פ. | F21: ריט 1 אגח ו | G21: IL0011385445 | H21: ISIN | I21: צמוד למדד המחירים לצרכן | J21: ישראל | K21: ישראל | L21: סחיר | M21: TASE | N21: נדל"ן מניב בישראל | O21: לא | P21: AA | Q21: S&P מעלות | R21: נייר ערך | S21: ILS | T21: 2.801 | U21: 21/09/2031 | V21: 0.035 | W21: 0.02503 | X21: החוב לא נחות | Z21: 1455584 | AA21: 1 | AB21: 124.44 | AD21: 1811.329 | AG21: שווי הוגן | AH21: 0.001972 | AI21: 0.01535919 | AJ21: 0.0043346131
A22: 1035 | B22: 1037 | C22: קבוצת עזריאלי בע"מ (לשעבר קנית מימון) | D22: 510960719 | E22: ח.פ. | F22: עזריאלי אגח ד | G22: IL0011386500 | H22: ISIN | I22: צמוד למדד המחירים לצרכן | J22: ישראל | K22: ישראל | L22: סחיר | M22: TASE | N22: נדל"ן מניב בישראל | O22: לא | P22: AA+ | Q22: S&P מעלות | R22: נייר ערך | S22: ILS | T22: 2.447 | U22: 05/07/2030 | V22: 0.0134 | W22: 0.0255 | X22: החוב לא נחות | Z22: 1236446.6 | AA22: 1 | AB22: 116.05 | AC22: 175.154 | AD22: 1610.05 | AG22: שווי הוגן | AH22: 0.000622 | AI22: 0.013652442 | AJ22: 0.0038529411
A23: 1035 | B23: 1037 | C23: מגה אור החזקות בע"מ | D23: 513257873 | E23: ח.פ. | F23: מגה אור אגח ו | G23: IL0011386682 | H23: ISIN | I23: צמוד למדד המחירים לצרכן | J23: ישראל | K23: ישראל | L23: סחיר | M23: TASE | N23: נדל"ן מניב בישראל | O23: לא | P23: A+ | Q23: S&P מעלות | R23: נייר ערך | S23: ILS | T23: 0.493 | U23: 30/06/2026 | V23: 0.0205 | W23: 0.03396 | X23: החוב לא נחות | Z23: 82810.5 | AA23: 1 | AB23: 118.74 | AD23: 98.329 | AG23: שווי הוגן | AH23: 0.000671 | AI23: 0.00083378388 | AJ23: 0.00023530736
A24: 1035 | B24: 1037 | C24: ביג מרכזי קניות (2004) בע"מ | D24: 513623314 | E24: ח.פ. | F24: ביג ח | G24: IL0011389249 | H24: ISIN | I24: צמוד למדד המחירים לצרכן | J24: ישראל | K24: ישראל | L24: סחיר | M24: TASE | N24: נדל"ן מניב בישראל | O24: לא | P24: AA | Q24: S&P מעלות | R24: נייר ערך | S24: ILS | T24: 0.277 | U24: 12/04/2026 | V24: 0.0134 | W24: 0.05178 | X24: החוב לא נחות | Z24: 159916.42 | AA24: 1 | AB24: 118.26 | AD24: 189.117 | AG24: שווי הוגן | AH24: 0.000354 | AI24: 0.0016036219 | AJ24: 0.00045256815
A25: 1035 | B25: 1037 | C25: סלע קפיטל נדל"ן בע"מ | D25: 513992529 | E25: ח.פ. | F25: סלע נדלן אגח ג | G25: IL0011389736 | H25: ISIN | I25: צמוד למדד המחירים לצרכן | J25: ישראל | K25: ישראל | L25: סחיר | M25: TASE | N25: נדל"ן מניב בישראל | O25: לא | P25: Aa3 | Q25: מידרוג Moodys | R25: נייר ערך | S25: ILS | T25: 1.731 | U25: 13/04/2029 | V25: 0.0196 | W25: 0.02694 | X25: החוב לא נחות | Z25: 512193 | AA25: 1 | AB25: 117.7 | AD25: 602.851 | AG25: שווי הוגן | AH25: 0.000447 | AI25: 0.0051118858 | AJ25: 0.0014426572
A26: 1035 | B26: 1037 | C26: סלקום ישראל בע"מ | D26: 511930125 | E26: ח.פ. | F26: סלקום אגח יא | G26: IL0011392524 | H26: ISIN | I26: לא צמוד למדד המחירים לצרכן | J26: ישראל | K26: ישראל | L26: סחיר | M26: TASE | N26: תקשורת ומדיה | O26: לא | P26: AA- | Q26: S&P מעלות | R26: נייר ערך | S26: ILS | T26: 0.507 | U26: 05/07/2026 | V26: 0.0355 | W26: 0.04375 | X26: החוב לא נחות | Z26: 63338.5 | AA26: 1 | AB26: 99.59 | AC26: 1.124 | AD26: 64.203 | AG26: שווי הוגן | AH26: 0.000446 | AI26: 0.00054441095 | AJ26: 0.00015364162
A27: 1035 | B27: 1037 | C27: רבוע כחול נדל"ן בע"מ | D27: 513765859 | E27: ח.פ. | F27: רבוע נדלן אגח ו | G27: IL0011406076 | H27: ISIN | I27: צמוד למדד המחירים לצרכן | J27: ישראל | K27: ישראל | L27: סחיר | M27: TASE | N27: נדל"ן מניב בישראל | O27: לא | P27: AA | Q27: S&P מעלות | R27: נייר ערך | S27: ILS | T27: 0.907 | U27: 30/11/2026 | V27: 0.0215 | W27: 0.02786 | X27: החוב לא נחות | Z27: 81923.5 | AA27: 1 | AB27: 119.17 | AD27: 97.628 | AG27: שווי הוגן | AH27: 0.000117 | AI27: 0.00082784014 | AJ27: 0.00023362994
A28: 1035 | B28: 1037 | C28: רבוע כחול נדל"ן בע"מ | D28: 513765859 | E28: ח.פ. | F28: רבוע נדלן אגח ז | G28: IL0011406159 | H28: ISIN | I28: צמוד למדד המחירים לצרכן | J28: ישראל | K28: ישראל | L28: סחיר | M28: TASE | N28: נדל"ן מניב בישראל | O28: לא | P28: AA | Q28: S&P מעלות | R28: נייר ערך | S28: ILS | T28: 0.908 | U28: 30/11/2026 | V28: 0.016 | W28: 0.02952 | X28: החוב לא נחות | Z28: 49354.02 | AA28: 1 | AB28: 118.35 | AD28: 58.41 | AG28: שווי הוגן | AH28: 0.00034 | AI28: 0.0004952926 | AJ28: 0.00013977962
A29: 1035 | B29: 1037 | C29: ביג מרכזי קניות (2004) בע"מ | D29: 513623314 | E29: ח.פ. | F29: ביג אג"ח ט' | G29: IL0011410508 | H29: ISIN | I29: צמוד למדד המחירים לצרכן | J29: ישראל | K29: ישראל | L29: סחיר | M29: TASE | N29: נדל"ן מניב בישראל | O29: לא | P29: AA- | Q29: S&P מעלות | R29: נייר ערך | S29: ILS | T29: 0.962 | U29: 20/12/2026 | V29: 0.0195 | W29: 0.02961 | X29: החוב לא נחות | Z29: 133603 | AA29: 1 | AB29: 117.97 | AD29: 157.611 | AG29: שווי הוגן | AH29: 0.000793 | AI29: 0.0013364688 | AJ29: 0.00037717322
A30: 1035 | B30: 1037 | C30: תמר פטרוליום בעמ | D30: 515334662 | E30: ח.פ. | F30: תמר פטרוליום אגח א | G30: IL0011413320 | H30: ISIN | I30: צמוד למט"ח | J30: ישראל | K30: ישראל | L30: סחיר | M30: TASE | N30: חיפושי נפט וגז | O30: לא | P30: A1 | Q30: מידרוג Moodys | R30: נייר ערך | S30: ILS | T30: 2.104 | U30: 30/08/2028 | V30: 0.0469 | W30: 0.05937 | X30: החוב לא נחות | Z30: 1350762.9 | AA30: 1 | AB30: 89.9 | AD30: 1214.336 | AG30: שווי הוגן | AH30: 0.001 | AI30: 0.01029698 | AJ30: 0.0029059749
A31: 1035 | B31: 1037 | C31: קרסו מוטורס בע"מ | D31: 514065283 | E31: ח.פ. | F31: קרסו מוטורס אגח ג | G31: IL0011418295 | H31: ISIN | I31: לא צמוד למדד המחירים לצרכן | J31: ישראל | K31: ישראל | L31: סחיר | M31: TASE | N31: מסחר | O31: לא | P31: AA- | Q31: S&P מעלות | R31: נייר ערך | S31: ILS | T31: 1.141 | U31: 01/09/2027 | V31: 0.023 | W31: 0.04407 | X31: החוב לא נחות | Z31: 25121.33 | AA31: 1 | AB31: 98.46 | AD31: 24.734 | AG31: שווי הוגן | AH31: 3e-05 | AI31: 0.00020973625 | AJ31: 5.9190978e-05
A32: 1035 | B32: 1037 | C32: אפי נכסים בע"מ | D32: 510560188 | E32: ח.פ. | F32: אפי נכסים אגח 8 | G32: IL0011422313 | H32: ISIN | I32: צמוד למדד המחירים לצרכן | J32: ישראל | K32: ישראל | L32: סחיר | M32: TASE | N32: נדל"ן מניב בחו"ל | O32: לא | P32: A+ | Q32: S&P מעלות | R32: נייר ערך | S32: ILS | T32: 0.78 | U32: 15/10/2026 | V32: 0.0257 | W32: 0.02984 | X32: החוב לא נחות | Z32: 11717.71 | AA32: 1 | AB32: 119.3 | AD32: 13.979 | AG32: שווי הוגן | AH32: 1.4e-05 | AI32: 0.00011853708 | AJ32: 3.345309e-05
A33: 1035 | B33: 1037 | C33: גירון פיתוח ובניה בע"מ | D33: 520044520 | E33: ח.פ. | F33: גירון אגח ז | G33: IL0011426298 | H33: ISIN | I33: צמוד למדד המחירים לצרכן | J33: ישראל | K33: ישראל | L33: סחיר | M33: TASE | N33: נדל"ן מניב בישראל | O33: לא | P33: A1 | Q33: מידרוג Moodys | R33: נייר ערך | S33: ILS | T33: 4.492 | U33: 01/01/2034 | V33: 0.019 | W33: 0.02624 | X33: החוב לא נחות | Z33: 0.09 | AA33: 1 | AB33: 114.97 | AC33: 0 | AD33: 0 | AG33: שווי הוגן | AH33: 0 | AI33: 9.6219607e-10 | AJ33: 2.7154736e-10
A34: 1035 | B34: 1037 | C34: מישורים השקעות נדלן בעמ | D34: 511491839 | E34: ח.פ. | F34: מישורים אגח ח | G34: IL0011431637 | H34: ISIN | I34: צמוד למדד המחירים לצרכן | J34: ישראל | K34: ישראל | L34: סחיר | M34: TASE | N34: נדל"ן מניב בחו"ל | O34: לא | P34: BBB+ | Q34: S&P מעלות | R34: נייר ערך | S34: ILS | T34: 0.571 | U34: 31/07/2026 | V34: 0.03 | W34: 0.0668 | X34: החוב לא נחות | Z34: 102548 | AA34: 1 | AB34: 118.02 | AD34: 121.027 | AG34: שווי הוגן | AH34: 0.002516 | AI34: 0.0010262516 | AJ34: 0.00028962488
A35: 1035 | B35: 1037 | C35: אוריין ש.מ. בע"מ | D35: 511068256 | E35: ח.פ. | F35: אוריין אגח ב | G35: IL0011433799 | H35: ISIN | I35: לא צמוד למדד המחירים לצרכן | J35: ישראל | K35: ישראל | L35: סחיר | M35: TASE | N35: שירותים | O35: לא | P35: A- | Q35: S&P מעלות | R35: נייר ערך | S35: ILS | T35: 0.989 | U35: 31/12/2026 | V35: 0.0325 | W35: 0.03506 | X35: החוב לא נחות | Z35: 245741.91 | AA35: 1 | AB35: 99.79 | AD35: 245.226 | AG35: שווי הוגן | AH35: 0.011265 | AI35: 0.0020793964 | AJ35: 0.00058683946
A36: 1035 | B36: 1037 | C36: עמידר | D36: 520017393 | E36: ח.פ. | F36: עמידר אגח א | G36: IL0011435851 | H36: ISIN | I36: לא צמוד למדד המחירים לצרכן | J36: ישראל | K36: ישראל | L36: סחיר | M36: TASE | N36: נדל"ן מניב בישראל | O36: לא | P36: AAA | Q36: S&P מעלות | R36: נייר ערך | S36: ILS | T36: 1.219 | U36: 31/03/2028 | V36: 0.0144 | W36: 0.03935 | X36: החוב לא נחות | Z36: 537715.11 | AA36: 1 | AB36: 97.43 | AD36: 523.896 | AG36: שווי הוגן | AH36: 0.002151 | AI36: 0.0044423829 | AJ36: 0.0012537126
A37: 1035 | B37: 1037 | C37: תמר פטרוליום בעמ | D37: 515334662 | E37: ח.פ. | F37: תמר פטרו אגח ב | G37: IL0011435935 | H37: ISIN | I37: צמוד למט"ח | J37: ישראל | K37: ישראל | L37: סחיר | M37: TASE | N37: חיפושי נפט וגז | O37: לא | P37: A1 | Q37: מידרוג Moodys | R37: נייר ערך | S37: ILS | T37: 2.257 | U37: 30/08/2028 | V37: 0.0469 | W37: 0.05988 | X37: החוב לא נחות | Z37: 2667407.2 | AA37: 1 | AB37: 91.28 | AD37: 2434.809 | AG37: שווי הוגן | AH37: 0.002321 | AI37: 0.020646004 | AJ37: 0.0058266377
A38: 1035 | B38: 1037 | C38: חברת נמלי ישראל - פיתוח נכסים בע"מ | D38: 513569780 | E38: ח.פ. | F38: נמלי ישראל אגח א | G38: IL0011455644 | H38: ISIN | I38: צמוד למדד המחירים לצרכן | J38: ישראל | K38: ישראל | L38: סחיר | M38: TASE | N38: נדל"ן מניב בישראל | O38: לא | P38: AAA | Q38: S&P מעלות | R38: נייר ערך | S38: ILS | T38: 0.995 | U38: 31/12/2026 | V38: 0.0083 | W38: 0.02901 | X38: החוב לא נחות | Z38: 32910.28 | AA38: 1 | AB38: 116.63 | AD38: 38.383 | AG38: שווי הוגן | AH38: 0.000151 | AI38: 0.00032547145 | AJ38: 9.1853331e-05
A39: 1035 | B39: 1037 | C39: חברת נמלי ישראל - פיתוח נכסים בע"מ | D39: 513569780 | E39: ח.פ. | F39: נמלי ישראל אג ב | G39: IL0011455727 | H39: ISIN | I39: צמוד למדד המחירים לצרכן | J39: ישראל | K39: ישראל | L39: סחיר | M39: TASE | N39: נדל"ן מניב בישראל | O39: לא | P39: AAA | Q39: S&P מעלות | R39: נייר ערך | S39: ILS | T39: 3.86 | U39: 31/12/2031 | V39: 0.0165 | W39: 0.0219 | X39: החוב לא נחות | Z39: 333168 | AA39: 1 | AB39: 116.63 | AD39: 388.574 | AG39: שווי הוגן | AH39: 0.000157 | AI39: 0.0032949179 | AJ39: 0.00092987937
A40: 1035 | B40: 1037 | C40: תומר תמלוגי אנרגיה (2012) בע"מ | D40: 514837111 | E40: ח.פ. | F40: תומר אנרגיה אגח א | G40: IL0011474793 | H40: ISIN | I40: צמוד למט"ח | J40: ישראל | K40: ישראל | L40: סחיר | M40: TASE | N40: חיפושי נפט וגז | O40: לא | P40: Aa3 | Q40: מידרוג Moodys | R40: נייר ערך | S40: ILS | T40: 1.942 | U40: 30/08/2028 | V40: 0.0548 | W40: 0.05923 | X40: החוב לא נחות | Z40: 156576 | AA40: 1 | AB40: 90.61 | AD40: 141.874 | AG40: שווי הוגן | AH40: 0.000583 | AI40: 0.0012030187 | AJ40: 0.00033951141
A41: 1035 | B41: 1037 | C41: מגה אור החזקות בע"מ | D41: 513257873 | E41: ח.פ. | F41: מגה אור אגח 8 | G41: IL0011476020 | H41: ISIN | I41: צמוד למדד המחירים לצרכן | J41: ישראל | K41: ישראל | L41: סחיר | M41: TASE | N41: נדל"ן מניב בישראל | O41: לא | P41: AA- | Q41: S&P מעלות | R41: נייר ערך | S41: ILS | T41: 0.9 | U41: 31/03/2027 | V41: 0.014 | W41: 0.03057 | X41: החוב לא נחות | Z41: 341739.8 | AA41: 1 | AB41: 117.24 | AD41: 400.656 | AG41: שווי הוגן | AH41: 0.000565 | AI41: 0.0033973666 | AJ41: 0.00095879205
A42: 1035 | B42: 1037 | C42: מניבים קרן הריט החדשה בע"מ | D42: 515327120 | E42: ח.פ. | F42: מניבים ריט אגח ב | G42: IL0011559288 | H42: ISIN | I42: צמוד למדד המחירים לצרכן | J42: ישראל | K42: ישראל | L42: סחיר | M42: TASE | N42: נדל"ן מניב בישראל | O42: לא | P42: Aa3 | Q42: מידרוג Moodys | R42: נייר ערך | S42: ILS | T42: 1.893 | U42: 31/12/2027 | V42: 0.0275 | W42: 0.02633 | X42: החוב לא נחות | Z42: 362844.88 | AA42: 1 | AB42: 117.56 | AD42: 426.56 | AG42: שווי הוגן | AH42: 0.000692 | AI42: 0.0036170259 | AJ42: 0.0010207835
A43: 1035 | B43: 1037 | C43: Chamoss International Limited | D43: 633896 | E43: מספר תאגיד או שותפות בחו"ל | F43: שמוס אגח א | G43: IL0011559510 | H43: ISIN | I43: צמוד למט"ח | J43: ישראל | K43: בריטניה | L43: סחיר | M43: TASE | N43: נדל"ן מניב בחו"ל | O43: לא | P43: Aa3 | Q43: מידרוג Moodys | R43: נייר ערך | S43: ILS | T43: 2.103 | U43: 10/07/2028 | V43: 0.043 | W43: 0.0738 | X43: החוב לא נחות | Z43: 721362.04 | AA43: 1 | AB43: 85.4 | AD43: 616.043 | AG43: שווי הוגן | AH43: 0.000674 | AI43: 0.0052237478 | AJ43: 0.0014742265
A44: 1035 | B44: 1037 | C44: קבוצת עזריאלי בע"מ (לשעבר קנית מימון) | D44: 510960719 | E44: ח.פ. | F44: עזריאלי אגח ה | G44: IL0011566036 | H44: ISIN | I44: צמוד למדד המחירים לצרכן | J44: ישראל | K44: ישראל | L44: סחיר | M44: TASE | N44: נדל"ן מניב בישראל | O44: לא | P44: Aa1 | Q44: מידרוג Moodys | R44: נייר ערך | S44: ILS | T44: 1.47 | U44: 30/06/2028 | V44: 0.0177 | W44: 0.02573 | X44: החוב לא נחות | Z44: 256397.59 | AA44: 1 | AB44: 116.62 | AD44: 299.011 | AG44: שווי הוגן | AH44: 0.000105 | AI44: 0.0025354673 | AJ44: 0.00071555008
A45: 1035 | B45: 1037 | C45: דור אלון אנרגיה בישראל (1988) בע"מ | D45: 520043878 | E45: ח.פ. | F45: דור אלון אגח ז | G45: IL0011577009 | H45: ISIN | I45: לא צמוד למדד המחירים לצרכן | J45: ישראל | K45: ישראל | L45: סחיר | M45: TASE | N45: אנרגיה | O45: לא | P45: A2 | Q45: מידרוג Moodys | R45: נייר ערך | S45: ILS | T45: 1.214 | U45: 30/09/2027 | V45: 0.0329 | W45: 0.04525 | X45: החוב לא נחות | Z45: 196458.02 | AA45: 1 | AB45: 99.42 | AD45: 195.319 | AG45: שווי הוגן | AH45: 0.000412 | AI45: 0.0016562068 | AJ45: 0.00046740847
... A50: 1035 | B50: 1037 | C50: יוניברסל מוטורס ישראל בע"מ | D50: 511809071 | E50: ח.פ. | F50: יוניברסל אגח ג | G50: IL0011606709 | H50: ISIN | I50: צמוד למדד המחירים לצרכן | J50: ישראל | K50: ישראל | L50: סחיר | M50: TASE | N50: מסחר | O50: לא | P50: AA- | Q50: S&P מעלות | R50: נייר ערך | S50: ILS | T50: 0.846 | U50: 10/08/2027 | V50: 0.0105 | W50: 0.02967 | X50: החוב לא נחות | Z50: 364920.11 | AA50: 1 | AB50: 115.34 | AD50: 420.899 | AG50: שווי הוגן | AH50: 0.001139 | AI50: 0.0035690184 | AJ50: 0.001007235
A51: 1035 | B51: 1037 | C51: ויקטורי רשת סופרמרקטים בע"מ | D51: 514068980 | E51: ח.פ. | F51: ויקטורי אגח ב | G51: IL0011614885 | H51: ISIN | I51: לא צמוד למדד המחירים לצרכן | J51: ישראל | K51: ישראל | L51: סחיר | M51: TASE | N51: רשתות שיווק | O51: לא | P51: A2 | Q51: מידרוג Moodys | R51: נייר ערך | S51: ILS | T51: 0.499 | U51: 02/07/2026 | V51: 0.015 | W51: 0.03158 | X51: החוב לא נחות | Z51: 56844.65 | AA51: 1 | AB51: 99.2 | AC51: 57.67 | AD51: 114.06 | AG51: שווי הוגן | AH51: 0.006818 | AI51: 0.00096717128 | AJ51: 0.00027295145
A52: 1035 | B52: 1037 | C52: אלדן תחבורה בע"מ | D52: 510454333 | E52: ח.פ. | F52: אלדן אגח ו | G52: IL0011616781 | H52: ISIN | I52: לא צמוד למדד המחירים לצרכן | J52: ישראל | K52: ישראל | L52: סחיר | M52: TASE | N52: שירותים | O52: לא | P52: A+ | Q52: S&P מעלות | R52: נייר ערך | S52: ILS | T52: 0.988 | U52: 30/12/2026 | V52: 0.028 | W52: 0.0468 | X52: החוב לא נחות | Z52: 60039.09 | AA52: 1 | AB52: 98.26 | AD52: 58.994 | AG52: שווי הוגן | AH52: 0.000694 | AI52: 0.00050024402 | AJ52: 0.00014117699
A53: 1035 | B53: 1037 | C53: אנרג'יקס אנרגיות מתחדשות בע"מ | D53: 513901371 | E53: ח.פ. | F53: אנרג'יקס אגח א | G53: IL0011617516 | H53: ISIN | I53: לא צמוד למדד המחירים לצרכן | J53: ישראל | K53: ישראל | L53: סחיר | M53: TASE | N53: אנרגיה מתחדשת | O53: לא | P53: A | Q53: S&P מעלות | R53: נייר ערך | S53: ILS | T53: 2.201 | U53: 01/08/2030 | V53: 0.0205 | W53: 0.04674 | X53: החוב לא נחות | Z53: 401459.63 | AA53: 1 | AB53: 95.33 | AD53: 382.711 | AG53: שווי הוגן | AH53: 0.000461 | AI53: 0.0032452078 | AJ53: 0.00091585038
A54: 1035 | B54: 1037 | C54: אפריקה ישראל מגורים בע"מ | D54: 520034760 | E54: ח.פ. | F54: אפריקה מגורים אגח ה | G54: IL0011628257 | H54: ISIN | I54: לא צמוד למדד המחירים לצרכן | J54: ישראל | K54: ישראל | L54: סחיר | M54: TASE | N54: בנייה | O54: לא | P54: A1 | Q54: מידרוג Moodys | R54: נייר ערך | S54: ILS | T54: 0.73 | U54: 31/03/2027 | V54: 0.024 | W54: 0.04555 | X54: החוב לא נחות | Z54: 410457 | AA54: 1 | AB54: 99.1 | AD54: 406.763 | AG54: שווי הוגן | AH54: 0.001916 | AI54: 0.0034491522 | AJ54: 0.0009734068
A55: 1035 | B55: 1037 | C55: סלע קפיטל נדל"ן בע"מ | D55: 513992529 | E55: ח.פ. | F55: סלע נדלן אגח ד | G55: IL0011671471 | H55: ISIN | I55: צמוד למדד המחירים לצרכן | J55: ישראל | K55: ישראל | L55: סחיר | M55: TASE | N55: נדל"ן מניב בישראל | O55: לא | P55: Aa3 | Q55: מידרוג Moodys | R55: נייר ערך | S55: ILS | T55: 5.456 | U55: 27/03/2033 | V55: 0.0158 | W55: 0.0259 | X55: החוב לא נחות | Z55: 1352177.6 | AA55: 1 | AB55: 112.35 | AD55: 1519.172 | AG55: שווי הוגן | AH55: 0.001226 | AI55: 0.012881839 | AJ55: 0.0036354643
A56: 1035 | B56: 1037 | C56: אנרג'יקס אנרגיות מתחדשות בע"מ | D56: 513901371 | E56: ח.פ. | F56: אנרג'יקס ב 0.25% | G56: IL0011684839 | H56: ISIN | I56: אג"ח להמרה לא צמוד למדד המחירים לצרכן | J56: ישראל | K56: גלובלי | L56: סחיר | M56: TASE | N56: אנרגיה מתחדשת | O56: לא | P56: A | Q56: S&P מעלות | R56: נייר ערך | S56: ILS | T56: 1.577 | U56: 01/08/2027 | V56: 0.00125 | W56: 0.04898 | X56: החוב לא נחות | Z56: 1457595 | AA56: 1 | AB56: 93.2 | AD56: 1358.479 | AG56: שווי הוגן | AH56: 0.002573 | AI56: 0.01151924 | AJ56: 0.0032509167
A57: 1035 | B57: 1037 | C57: אלון רבוע כחול ישראל בעמ | D57: 520042847 | E57: ח.פ. | F57: אלון רבוע כחול אגח ו | G57: IL0011691271 | H57: ISIN | I57: לא צמוד למדד המחירים לצרכן | J57: ישראל | K57: ישראל | L57: סחיר | M57: TASE | N57: השקעה ואחזקות | O57: לא | P57: AA- | Q57: S&P מעלות | R57: נייר ערך | S57: ILS | T57: 0.736 | U57: 30/09/2026 | V57: 0.039 | W57: 0.04825 | X57: החוב לא נחות | Z57: 43295 | AA57: 1 | AB57: 100.36 | AD57: 43.451 | AG57: שווי הוגן | AH57: 0.00015 | AI57: 0.00036844226 | AJ57: 0.00010398039
A58: 1035 | B58: 1037 | C58: משק אנרגיה-אנרגיות מתחדשות בע"מ | D58: 516167343 | E58: ח.פ. | F58: משק אנרגיה אגח א | G58: IL0011695314 | H58: ISIN | I58: צמוד למדד המחירים לצרכן | J58: ישראל | K58: ישראל | L58: סחיר | M58: TASE | N58: אנרגיה | O58: לא | P58: NR | Q58: NR | R58: NR | S58: ILS | T58: 0.244 | U58: 31/03/2026 | V58: 0.0164 | W58: 0.05688 | X58: החוב לא נחות | Z58: 480738.56 | AA58: 1 | AB58: 117.44 | AD58: 564.579 | AG58: שווי הוגן | AH58: 0.002096 | AI58: 0.0047873595 | AJ58: 0.0013510706
A59: 1035 | B59: 1037 | C59: ZARASAI GROUP LTD | D59: 1744984 | E59: מספר תאגיד או שותפות בחו"ל | F59: דה זראסאי אגח ה | G59: IL0011695561 | H59: ISIN | I59: לא צמוד למדד המחירים לצרכן | J59: ישראל | K59: ארה"ב | L59: סחיר | M59: TASE | N59: נדל"ן מניב בחו"ל | O59: לא | P59: NR | Q59: NR | R59: NR | S59: ILS | T59: 0.162 | U59: 31/12/2026 | V59: 0.0265 | W59: 0.0001 | X59: החוב לא נחות | Z59: 1053548 | AA59: 1 | AB59: 78.58 | AD59: 827.878 | AG59: שווי הוגן | AH59: 0.003806 | AI59: 0.0070200044 | AJ59: 0.0019811593
A60: 1035 | B60: 1037 | C60: ריט 1 בע"מ | D60: 513821488 | E60: ח.פ. | F60: ריט 1 אגח ז | G60: IL0011712713 | H60: ISIN | I60: צמוד למדד המחירים לצרכן | J60: ישראל | K60: ישראל | L60: סחיר | M60: TASE | N60: נדל"ן מניב בישראל | O60: לא | P60: AA | Q60: S&P מעלות | R60: נייר ערך | S60: ILS | T60: 5.591 | U60: 20/09/2034 | V60: 0.025 | W60: 0.02528 | X60: החוב לא נחות | Z60: 346212.89 | AA60: 1 | AB60: 118.69 | AD60: 410.92 | AG60: שווי הוגן | AH60: 0.000257 | AI60: 0.0034844032 | AJ60: 0.0009833552
A61: 1035 | B61: 1037 | C61: מרכנתיל הנפקות בע"מ | D61: 513686154 | E61: ח.פ. | F61: מרכנתיל 4 | G61: IL0011713059 | H61: ISIN | I61: צמוד למדד המחירים לצרכן | J61: ישראל | K61: ישראל | L61: סחיר | M61: TASE | N61: בנקים | O61: לא | P61: AAA | Q61: S&P מעלות | R61: נייר ערך | S61: ILS | T61: 2.012 | U61: 30/01/2030 | V61: 0.015 | W61: 0.02318 | X61: החוב לא נחות | Z61: 611190.74 | AA61: 1 | AB61: 117.64 | AD61: 719.005 | AG61: שווי הוגן | AH61: 0.002626 | AI61: 0.0060968123 | AJ61: 0.0017206195
A62: 1035 | B62: 1037 | C62: יוניברסל מוטורס ישראל בע"מ | D62: 511809071 | E62: ח.פ. | F62: יוניברסל אגח ד | G62: IL0011722530 | H62: ISIN | I62: לא צמוד למדד המחירים לצרכן | J62: ישראל | K62: ישראל | L62: סחיר | M62: TASE | N62: מסחר | O62: לא | P62: AA- | Q62: S&P מעלות | R62: נייר ערך | S62: ILS | T62: 1.551 | U62: 11/02/2029 | V62: 0.0218 | W62: 0.04425 | X62: החוב לא נחות | Z62: 54043.76 | AA62: 1 | AB62: 96.99 | AD62: 52.417 | AG62: שווי הוגן | AH62: 0.000218 | AI62: 0.00044447113 | AJ62: 0.00012543697
A63: 1035 | B63: 1037 | C63: אלומיי קפיטל בע"מ | D63: 520039868 | E63: ח.פ. | F63: אלומיי ד | G63: IL0011729568 | H63: ISIN | I63: אג"ח להמרה לא צמוד למדד המחירים לצרכן | J63: ישראל | K63: ישראל | L63: סחיר | M63: TASE | N63: אנרגיה מתחדשת | O63: לא | P63: NR | Q63: NR | R63: NR | S63: ILS | T63: 0.994 | U63: 31/12/2026 | V63: 0.012 | W63: 0.05339 | X63: החוב לא נחות | Z63: 610103 | AA63: 1 | AB63: 96.1 | AD63: 586.309 | AG63: שווי הוגן | AH63: 0.00984 | AI63: 0.0049716162 | AJ63: 0.0014030709
A64: 1035 | B64: 1037 | C64: קרסו מוטורס בע"מ | D64: 514065283 | E64: ח.פ. | F64: קרסו מוטורס אגח ד | G64: IL0011735664 | H64: ISIN | I64: לא צמוד למדד המחירים לצרכן | J64: ישראל | K64: ישראל | L64: סחיר | M64: TASE | N64: מסחר | O64: לא | P64: AA- | Q64: S&P מעלות | R64: נייר ערך | S64: ILS | T64: 1.462 | U64: 01/10/2028 | V64: 0.0215 | W64: 0.04486 | X64: החוב לא נחות | Z64: 154128.54 | AA64: 1 | AB64: 96.76 | AC64: 14.877 | AD64: 164.012 | AG64: שווי הוגן | AH64: 0.000258 | AI64: 0.0013907411 | AJ64: 0.00039248973
A65: 1035 | B65: 1037 | C65: אפי נכסים בע"מ | D65: 510560188 | E65: ח.פ. | F65: אפי נכסים אגח יב | G65: IL0011737645 | H65: ISIN | I65: לא צמוד למדד המחירים לצרכן | J65: ישראל | K65: ישראל | L65: סחיר | M65: TASE | N65: נדל"ן מניב בחו"ל | O65: לא | P65: A+ | Q65: S&P מעלות | R65: נייר ערך | S65: ILS | T65: 1.579 | U65: 15/09/2027 | V65: 0.023 | W65: 0.04542 | X65: החוב לא נחות | Z65: 1187765.9 | AA65: 1 | AB65: 97.31 | AD65: 1155.815 | AG65: שווי הוגן | AH65: 0.001697 | AI65: 0.0098007515 | AJ65: 0.0027659313
A66: 1035 | B66: 1037 | C66: רבוע כחול נדל"ן בע"מ | D66: 513765859 | E66: ח.פ. | F66: ריבוע נדלן אגח ט | G66: IL0011745564 | H66: ISIN | I66: צמוד למדד המחירים לצרכן | J66: ישראל | K66: ישראל | L66: סחיר | M66: TASE | N66: נדל"ן מניב בישראל | O66: לא | P66: AA | Q66: S&P מעלות | R66: נייר ערך | S66: ILS | T66: 5.202 | U66: 01/07/2035 | V66: 0.0115 | W66: 0.02726 | X66: החוב לא נחות | Z66: 727685 | AA66: 1 | AB66: 108.66 | AD66: 790.703 | AG66: שווי הוגן | AH66: 0.000305 | AI66: 0.0067047744 | AJ66: 0.0018921963
A67: 1035 | B67: 1037 | C67: חברת נמלי ישראל - פיתוח נכסים בע"מ | D67: 513569780 | E67: ח.פ. | F67: נמלי ישראל אגח ד | G67: IL0011750333 | H67: ISIN | I67: צמוד למדד המחירים לצרכן | J67: ישראל | K67: ישראל | L67: סחיר | M67: TASE | N67: נדל"ן מניב בישראל | O67: לא | P67: AAA | Q67: S&P מעלות | R67: נייר ערך | S67: ILS | T67: 12.398 | U67: 31/12/2045 | V67: 0.0096 | W67: 0.02593 | X67: החוב לא נחות | Z67: 445542 | AA67: 1 | AB67: 95.75 | AD67: 426.606 | AG67: שווי הוגן | AH67: 0.000408 | AI67: 0.0036174162 | AJ67: 0.0010208936
A68: 1035 | B68: 1037 | C68: דור אלון אנרגיה בישראל (1988) בע"מ | D68: 520043878 | E68: ח.פ. | F68: דור אלון ח | G68: IL0011751992 | H68: ISIN | I68: צמוד למדד המחירים לצרכן | J68: ישראל | K68: ישראל | L68: סחיר | M68: TASE | N68: אנרגיה | O68: לא | P68: A2 | Q68: מידרוג Moodys | R68: נייר ערך | S68: ILS | T68: 4.262 | U68: 31/12/2032 | V68: 0.006 | W68: 0.02672 | X68: החוב לא נחות | Z68: 90320.61 | AA68: 1 | AB68: 107.27 | AD68: 96.887 | AG68: שווי הוגן | AH68: 0.000143 | AI68: 0.00082155413 | AJ68: 0.00023185592
A69: 1035 | B69: 1037 | C69: מימון ישיר מקבוצת ישיר 2006 בע"מ | D69: 513893123 | E69: ח.פ. | F69: מימון ישיר ד | G69: IL0011756603 | H69: ISIN | I69: צמוד למדד המחירים לצרכן | J69: ישראל | K69: ישראל | L69: סחיר | M69: TASE | N69: אשראי חוץ בנקאי | O69: לא | P69: A1 | Q69: מידרוג Moodys | R69: נייר ערך | S69: ILS | T69: 0.085 | U69: 01/02/2026 | V69: 0.01 | W69: 0.07775 | X69: החוב לא נחות | Z69: 39902.17 | AA69: 1 | AB69: 116.62 | AD69: 46.534 | AG69: שווי הוגן | AH69: 0.00118 | AI69: 0.00039458502 | AJ69: 0.0001113583
A70: 1035 | B70: 1037 | C70: ריט אזורים - ה.פ ליווינג בע"מ | D70: 516117181 | E70: ח.פ. | F70: ריט אזורים אגח א | G70: IL0011757692 | H70: ISIN | I70: צמוד למדד המחירים לצרכן | J70: ישראל | K70: ישראל | L70: סחיר | M70: TASE | N70: נדל"ן מניב בישראל | O70: לא | P70: A- | Q70: S&P מעלות | R70: נייר ערך | S70: ILS | T70: 4.234 | U70: 30/06/2030 | V70: 0.0064 | W70: 0.02884 | X70: החוב לא נחות | Z70: 363951.53 | AA70: 1 | AB70: 106.36 | AD70: 387.099 | AG70: שווי הוגן | AH70: 0.001204 | AI70: 0.0032824107 | AJ70: 0.00092634963
A71: 1035 | B71: 1037 | C71: רכבת ישראל בע"מ | D71: 520043613 | E71: ח.פ. | F71: רכבת ישראל אגח ג | G71: IL0011776254 | H71: ISIN | I71: צמוד למדד המחירים לצרכן | J71: ישראל | K71: ישראל | L71: סחיר | M71: TASE | N71: שירותים | O71: לא | P71: AAA | Q71: S&P מעלות | R71: נייר ערך | S71: ILS | T71: 2.918 | U71: 30/06/2031 | V71: 0.007 | W71: 0.01976 | X71: החוב לא נחות | Z71: 134616.44 | AA71: 1 | AB71: 112.49 | AD71: 151.43 | AG71: שווי הוגן | AH71: 0.002244 | AI71: 0.0012840533 | AJ71: 0.00036238071
A72: 1035 | B72: 1037 | C72: מניבים קרן הריט החדשה בע"מ | D72: 515327120 | E72: ח.פ. | F72: מניבים ריט אגח ג | G72: IL0011776585 | H72: ISIN | I72: צמוד למדד המחירים לצרכן | J72: ישראל | K72: ישראל | L72: סחיר | M72: TASE | N72: נדל"ן מניב בישראל | O72: לא | P72: Aa3 | Q72: מידרוג Moodys | R72: נייר ערך | S72: ILS | T72: 3.446 | U72: 31/12/2029 | V72: 0.0085 | W72: 0.02425 | X72: החוב לא נחות | Z72: 345066.39 | AA72: 1 | AB72: 110.26 | AD72: 380.47 | AG72: שווי הוגן | AH72: 0.000582 | AI72: 0.003226203 | AJ72: 0.00091048691
A73: 1035 | B73: 1037 | C73: אלביט מערכות בע"מ | D73: 520043027 | E73: ח.פ. | F73: אלביט מערכות אגח ד | G73: IL0011782682 | H73: ISIN | I73: צמוד למט"ח | J73: ישראל | K73: ישראל | L73: סחיר | M73: TASE | N73: ביטחוניות | O73: לא | P73: AA+ | Q73: S&P מעלות | R73: נייר ערך | S73: ILS | T73: 4.452 | U73: 30/06/2035 | V73: 0.0267 | W73: 0.04808 | X73: החוב לא נחות | Z73: 75556.91 | AA73: 1 | AB73: 88.91 | AD73: 67.178 | AG73: שווי הוגן | AH73: 0.000481 | AI73: 0.00056963392 | AJ73: 0.00016075995
A74: 1035 | B74: 1037 | C74: אפי נכסים בע"מ | D74: 510560188 | E74: ח.פ. | F74: אפי נכסים אגח יג | G74: IL0011782922 | H74: ISIN | I74: צמוד למדד המחירים לצרכן | J74: ישראל | K74: ישראל | L74: סחיר | M74: TASE | N74: נדל"ן מניב בחו"ל | O74: לא | P74: A+ | Q74: S&P מעלות | R74: נייר ערך | S74: ILS | T74: 2.951 | U74: 01/07/2029 | V74: 0.0109 | W74: 0.027 | X74: החוב לא נחות | Z74: 828958 | AA74: 1 | AB74: 111.03 | AD74: 920.392 | AG74: שווי הוגן | AH74: 0.001165 | AI74: 0.0078044789 | AJ74: 0.0022025507
A75: 1035 | B75: 1037 | C75: פריים אנרג'י פי.אי בע"מ | D75: 514902147 | E75: ח.פ. | F75: פריים אנרג'י אגח א | G75: IL0011792665 | H75: ISIN | I75: אג"ח להמרה לא צמוד למדד המחירים לצרכן | J75: ישראל | K75: ישראל | L75: סחיר | M75: TASE | N75: אנרגיה מתחדשת | O75: לא | P75: NR | Q75: NR | R75: NR | S75: ILS | T75: 0.493 | U75: 30/06/2026 | V75: 0.03 | W75: 0.04544 | X75: החוב לא נחות | Z75: 115513.7 | AA75: 1 | AB75: 99.3 | AD75: 114.705 | AG75: שווי הוגן | AH75: 0.004054 | AI75: 0.00097264372 | AJ75: 0.00027449586
A76: 1035 | B76: 1037 | C76: ע.י נופר אנרגי' בע"מ | D76: 514599943 | E76: ח.פ. | F76: נופר אנרג אגח א | G76: IL0011793408 | H76: ISIN | I76: צמוד למדד המחירים לצרכן | J76: ישראל | K76: ארה"ב | L76: סחיר | M76: TASE | N76: אנרגיה מתחדשת | O76: לא | P76: A3 | Q76: מידרוג Moodys | R76: נייר ערך | S76: ILS | T76: 1.781 | U76: 31/12/2027 | V76: 0.0148 | W76: 0.03437 | X76: החוב לא נחות | Z76: 124004.79 | AA76: 1 | AB76: 111.89 | AD76: 138.749 | AG76: שווי הוגן | AH76: 0.000454 | AI76: 0.001176524 | AJ76: 0.00033203418
... A134: 1035 | B134: 1037 | C134: מהדרין בע"מ | D134: 520018482 | E134: ח.פ. | F134: מהדרין אגח א | G134: IL0012114570 | H134: ISIN | I134: צמוד למדד המחירים לצרכן | J134: ישראל | K134: ישראל | L134: סחיר | M134: TASE | N134: מזון | O134: לא | P134: NR | Q134: NR | R134: NR | S134: ILS | T134: 3.532 | U134: 30/06/2030 | V134: 0.0409 | W134: 0.03033 | X134: החוב לא נחות | Z134: 206798 | AA134: 1 | AB134: 106.18 | AD134: 219.578 | AG134: שווי הוגן | AH134: 0.000612 | AI134: 0.0018619161 | AJ134: 0.00052546296
A135: 1035 | B135: 1037 | C135: בלדי בע"מ | D135: 511226136 | E135: ח.פ. | F135: בלדי אגח 1 | G135: IL0012124553 | H135: ISIN | I135: צמוד למדד המחירים לצרכן | J135: ישראל | K135: ישראל | L135: סחיר | M135: TASE | N135: מסחר | O135: לא | P135: NR | Q135: NR | R135: NR | S135: ILS | T135: 3.466 | U135: 01/01/2030 | V135: 0.0425 | W135: 0.03024 | X135: החוב לא נחות | Z135: 520528 | AA135: 1 | AB135: 106.69 | AC135: 11.312 | AD135: 566.663 | AG135: שווי הוגן | AH135: 0.001735 | AI135: 0.0048050302 | AJ135: 0.0013560576
A136: 1035 | B136: 1037 | C136: רוטשטיין נדל"ן בע"מ | D136: 520039959 | E136: ח.פ. | F136: רוטשטיין אגח יג | G136: IL0012126467 | H136: ISIN | I136: צמוד למדד המחירים לצרכן | J136: ישראל | K136: ישראל | L136: סחיר | M136: TASE | N136: בנייה | O136: לא | P136: A2 | Q136: מידרוג Moodys | R136: נייר ערך | S136: ILS | T136: 3.614 | U136: 14/01/2030 | V136: 0.0345 | W136: 0.02969 | X136: החוב לא נחות | Z136: 168000 | AA136: 1 | AB136: 105.77 | AD136: 177.694 | AG136: שווי הוגן | AH136: 0.001854 | AI136: 0.0015067557 | AJ136: 0.00042523093
A137: 1035 | B137: 1037 | C137: ג'י סיטי בע"מ | D137: 520033234 | E137: ח.פ. | F137: ג'יסיטי אגח כא | G137: IL0012127523 | H137: ISIN | I137: צמוד למדד המחירים לצרכן | J137: ישראל | K137: ישראל | L137: סחיר | M137: TASE | N137: נדל"ן מניב בחו"ל | O137: לא | P137: A- | Q137: S&P מעלות | R137: נייר ערך | S137: ILS | T137: 3.536 | U137: 31/03/2031 | V137: 0.04 | W137: 0.05954 | X137: החוב לא נחות | Z137: 160000 | AA137: 1 | AB137: 96.99 | AD137: 155.184 | AG137: שווי הוגן | AH137: 0.000216 | AI137: 0.0013158851 | AJ137: 0.00037136417
A138: 1035 | B138: 1037 | C138: ספנסר אקוויטי גרופ לימיטד | D138: 1838863 | E138: מספר תאגיד או שותפות בחו"ל | F138: ספנסר אגח ו | G138: IL0012128695 | H138: ISIN | I138: לא צמוד למדד המחירים לצרכן | J138: ישראל | K138: ארה"ב | L138: סחיר | M138: TASE | N138: נדל"ן מניב בחו"ל | O138: לא | P138: A+ | Q138: S&P מעלות | R138: נייר ערך | S138: ILS | T138: 1.654 | U138: 30/09/2027 | V138: 0.0644 | W138: 0.05455 | X138: החוב לא נחות | Z138: 173036.42 | AA138: 1 | AB138: 103.37 | AD138: 178.868 | AG138: שווי הוגן | AH138: 0.000471 | AI138: 0.0015167119 | AJ138: 0.00042804073
A139: 1035 | B139: 1037 | C139: מזרחי טפחות חברה להנפקות בע"מ | D139: 520032046 | E139: ח.פ. | F139: מז טפ הנ אגח 70 | G139: IL0012138835 | H139: ISIN | I139: צמוד למדד המחירים לצרכן | J139: ישראל | K139: ישראל | L139: סחיר | M139: TASE | N139: בנקים | O139: לא | P139: AAA | Q139: S&P מעלות | R139: נייר ערך | S139: ILS | T139: 5.46 | U139: 28/11/2036 | V139: 0.0268 | W139: 0.02257 | X139: החוב לא נחות | Z139: 957968.92 | AA139: 1 | AB139: 104.55 | AD139: 1001.557 | AG139: שווי הוגן | AH139: 0.000373 | AI139: 0.008492714 | AJ139: 0.0023967819
A140: 1035 | B140: 1037 | C140: אקונרג'י אנרגיה מתחדשת בע"מ | D140: 516339777 | E140: ח.פ. | F140: אקונרג'י אגח ב | G140: IL0012144288 | H140: ISIN | I140: לא צמוד למדד המחירים לצרכן | J140: ישראל | K140: ישראל | L140: סחיר | M140: TASE | N140: אנרגיה מתחדשת | O140: לא | P140: NR | Q140: NR | R140: NR | S140: ILS | T140: 3.86 | U140: 31/12/2030 | V140: 0.0695 | W140: 0.05863 | X140: החוב לא נחות | Z140: 684649 | AA140: 1 | AB140: 104.47 | AD140: 715.253 | AG140: שווי הוגן | AH140: 0.001202 | AI140: 0.0060649974 | AJ140: 0.0017116408
A141: 1035 | B141: 1037 | C141: סולאיר אנרגיות מתחדשות בע"מ | D141: 516046307 | E141: ח.פ. | F141: סולאיר ב | G141: IL0012148321 | H141: ISIN | I141: צמוד למדד המחירים לצרכן | J141: ישראל | K141: ישראל | L141: סחיר | M141: TASE | N141: אנרגיה מתחדשת | O141: לא | P141: NR | Q141: NR | R141: NR | S141: ILS | T141: 3.586 | U141: 30/06/2030 | V141: 0.049 | W141: 0.0399 | X141: החוב לא נחות | Z141: 746866.02 | AA141: 1 | AB141: 105.84 | AD141: 790.483 | AG141: שווי הוגן | AH141: 0.001584 | AI141: 0.0067029129 | AJ141: 0.0018916709
A142: 1035 | B142: 1037 | C142: ג'נריישן קפיטל בע"מ | D142: 515846558 | E142: ח.פ. | F142: ג'נרישן קפ אגחד | G142: IL0012149642 | H142: ISIN | I142: אג"ח להמרה לא צמוד למדד המחירים לצרכן | J142: ישראל | K142: ישראל | L142: סחיר | M142: TASE | N142: השקעה ואחזקות | O142: לא | P142: A+ | Q142: S&P מעלות | R142: נייר ערך | S142: ILS | T142: 3.402 | U142: 31/12/2029 | V142: 0.04 | W142: 0.0001 | X142: החוב לא נחות | Z142: 31800 | AA142: 1 | AB142: 162.3 | AD142: 51.611 | AG142: שווי הוגן | AH142: 0.000146 | AI142: 0.00043763967 | AJ142: 0.00012350903
A143: 1035 | B143: 1037 | C143: קיסטון אינפרא בע"מ | D143: 515983476 | E143: ח.פ. | F143: קיסטון ב | G143: IL0012150780 | H143: ISIN | I143: לא צמוד למדד המחירים לצרכן | J143: ישראל | K143: ישראל | L143: סחיר | M143: TASE | N143: השקעה ואחזקות | O143: לא | P143: A+ | Q143: S&P מעלות | R143: נייר ערך | S143: ILS | T143: 4.697 | U143: 30/06/2032 | V143: 0.0588 | W143: 0.04773 | X143: החוב לא נחות | Z143: 563000 | AA143: 1 | AB143: 105.46 | AD143: 593.74 | AG143: שווי הוגן | AH143: 0.000605 | AI143: 0.0050346259 | AJ143: 0.0014208532
A144: 1035 | B144: 1037 | C144: אחים דוניץ בע"מ | D144: 520038605 | E144: ח.פ. | F144: דוניץ אגח ג | G144: IL0012158965 | H144: ISIN | I144: לא צמוד למדד המחירים לצרכן | J144: ישראל | K144: ישראל | L144: סחיר | M144: TASE | N144: בנייה | O144: לא | P144: A3 | Q144: מידרוג Moodys | R144: נייר ערך | S144: ILS | T144: 2.679 | U144: 31/12/2029 | V144: 0.0554 | W144: 0.0493 | X144: החוב לא נחות | Z144: 87339 | AA144: 1 | AB144: 101.77 | AD144: 88.885 | AG144: שווי הוגן | AH144: 0.000349 | AI144: 0.0007537009 | AJ144: 0.00021270664
A145: 1035 | B145: 1037 | C145: דיסקונט מנפיקים בע"מ | D145: 520029935 | E145: ח.פ. | F145: דיסק מנ אגח יז | G145: IL0012159534 | H145: ISIN | I145: צמוד למדד המחירים לצרכן | J145: ישראל | K145: ישראל | L145: סחיר | M145: TASE | N145: בנקים | O145: לא | P145: AAA | Q145: S&P מעלות | R145: נייר ערך | S145: ILS | T145: 4.34 | U145: 20/03/2035 | V145: 0.024 | W145: 0.02281 | X145: החוב לא נחות | Z145: 871156 | AA145: 1 | AB145: 105.25 | AD145: 916.892 | AG145: שווי הוגן | AH145: 0.000208 | AI145: 0.0077747974 | AJ145: 0.0021941741
A146: 1035 | B146: 1037 | C146: נאוויטס פטרוליום, שותפות מוגבלת | D146: 550263107 | E146: מספר שותפות | F146: נאוויטס אגח ז | G146: IL0012160433 | H146: ISIN | I146: לא צמוד למדד המחירים לצרכן | J146: ישראל | K146: ישראל | L146: סחיר | M146: TASE | N146: חיפושי נפט וגז | O146: לא | P146: BBB+ | Q146: S&P מעלות | R146: נייר ערך | S146: ILS | T146: 3.611 | U146: 30/06/2030 | V146: 0.06 | W146: 0.05635 | X146: החוב לא נחות | Z146: 361950 | AA146: 1 | AB146: 101.58 | AD146: 367.669 | AG146: שווי הוגן | AH146: 0.000362 | AI146: 0.0031176534 | AJ146: 0.00087985245
A147: 1035 | B147: 1037 | C147: מגוריט ישראל בעמ | D147: 515434074 | E147: ח.פ. | F147: מגוריט אגח ז | G147: IL0012166216 | H147: ISIN | I147: צמוד למדד המחירים לצרכן | J147: ישראל | K147: ישראל | L147: סחיר | M147: TASE | N147: נדל"ן מניב בישראל | O147: לא | P147: A- | Q147: S&P מעלות | R147: נייר ערך | S147: ILS | T147: 3.27 | U147: 30/06/2029 | V147: 0.005 | W147: 0.02797 | X147: החוב לא נחות | Z147: 236189 | AA147: 1 | AB147: 95.33 | AD147: 225.159 | AG147: שווי הוגן | AH147: 0.000875 | AI147: 0.001909239 | AJ147: 0.00053881827
A148: 1035 | B148: 1037 | C148: קבוצת חג'ג' ייזום נדל"ן בע"מ | D148: 520033309 | E148: ח.פ. | F148: חג'ג' אגח טו | G148: IL0012166471 | H148: ISIN | I148: לא צמוד למדד המחירים לצרכן | J148: ישראל | K148: ישראל | L148: סחיר | M148: TASE | N148: בנייה | O148: לא | P148: NR | Q148: NR | R148: NR | S148: ILS | T148: 3.133 | U148: 01/01/2030 | V148: 0.045 | W148: 0.06393 | X148: החוב לא נחות | Z148: 316486 | AA148: 1 | AB148: 94.64 | AC148: 7.121 | AD148: 306.643 | AG148: שווי הוגן | AH148: 0.000764 | AI148: 0.0026001866 | AJ148: 0.00073381489
A149: 1035 | B149: 1037 | C149: נתנאל גרופ בע"מ | D149: 520039074 | E149: ח.פ. | F149: נתנאל גרופ טו | G149: IL0012173634 | H149: ISIN | I149: לא צמוד למדד המחירים לצרכן | J149: ישראל | K149: ישראל | L149: סחיר | M149: TASE | N149: בנייה | O149: לא | P149: NR | Q149: NR | R149: NR | S149: ILS | T149: 3.287 | U149: 31/12/2030 | V149: 0.065 | W149: 0.07883 | X149: החוב לא נחות | Z149: 173550 | AA149: 1 | AB149: 96.15 | AD149: 166.868 | AG149: שווי הוגן | AH149: 0.00089 | AI149: 0.0014149626 | AJ149: 0.00039932542
A150: 1035 | B150: 1037 | C150: קבוצת דלק בע"מ | D150: 520044322 | E150: ח.פ. | F150: דלק קבוצה אגח מ | G150: IL0012173899 | H150: ISIN | I150: לא צמוד למדד המחירים לצרכן | J150: ישראל | K150: ישראל | L150: סחיר | M150: TASE | N150: חיפושי נפט וגז | O150: לא | P150: A- | Q150: S&P מעלות | R150: נייר ערך | S150: ILS | T150: 5.254 | U150: 30/06/2033 | V150: 0.0569 | W150: 0.05037 | X150: החוב לא נחות | Z150: 775579 | AA150: 1 | AB150: 103.73 | AD150: 804.508 | AG150: שווי הוגן | AH150: 0.000496 | AI150: 0.0068218389 | AJ150: 0.0019252338
A151: 1035 | B151: 1037 | C151: אלומיי קפיטל בע"מ | D151: 520039868 | E151: ח.פ. | F151: אלומיי אגח ז | G151: IL0012175381 | H151: ISIN | I151: לא צמוד למדד המחירים לצרכן | J151: ישראל | K151: ישראל | L151: סחיר | M151: TASE | N151: אנרגיה מתחדשת | O151: לא | P151: NR | Q151: NR | R151: NR | S151: ILS | T151: 4.385 | U151: 31/12/2032 | V151: 0.0634 | W151: 0.06217 | X151: החוב לא נחות | Z151: 43028 | AA151: 1 | AB151: 100.93 | AD151: 43.428 | AG151: שווי הוגן | AH151: 0.000125 | AI151: 0.00036824976 | AJ151: 0.00010392607
A152: 1035 | B152: 1037 | C152: משק אנרגיה-אנרגיות מתחדשות בע"מ | D152: 516167343 | E152: ח.פ. | F152: משק אנרגיה אגח ב | G152: IL0012176603 | H152: ISIN | I152: צמוד למדד המחירים לצרכן | J152: ישראל | K152: ישראל | L152: סחיר | M152: TASE | N152: אנרגיה | O152: לא | P152: NR | Q152: NR | R152: NR | S152: ILS | T152: 3.25 | U152: 31/12/2030 | V152: 0.0418 | W152: 0.03852 | X152: החוב לא נחות | Z152: 245136 | AA152: 1 | AB152: 103.85 | AD152: 254.574 | AG152: שווי הוגן | AH152: 0.000703 | AI152: 0.002158662 | AJ152: 0.00060920948
A153: 1035 | B153: 1037 | C153: פריים אנרג'י פי.אי בע"מ | D153: 514902147 | E153: ח.פ. | F153: פריים אנרג'י אגח ג | G153: IL0012179755 | H153: ISIN | I153: לא צמוד למדד המחירים לצרכן | J153: ישראל | K153: ישראל | L153: סחיר | M153: TASE | N153: אנרגיה מתחדשת | O153: לא | P153: NR | Q153: NR | R153: NR | S153: ILS | T153: 3.028 | U153: 31/12/2030 | V153: 0.0735 | W153: 0.06773 | X153: החוב לא נחות | Z153: 125188 | AA153: 1 | AB153: 102.04 | AD153: 127.742 | AG153: שווי הוגן | AH153: 0.000417 | AI153: 0.0010831889 | AJ153: 0.0003056935
A154: 1035 | B154: 1037 | C154: אמ.די.ג'י. ריאל אסטייט גלובל לימיטד | D154: 1840550 | E154: מספר תאגיד או שותפות בחו"ל | F154: אמ.די.ג'י אגח י | G154: IL0012180233 | H154: ISIN | I154: לא צמוד למדד המחירים לצרכן | J154: ישראל | K154: גלובלי | L154: סחיר | M154: TASE | N154: נדל"ן מניב בחו"ל | O154: לא | P154: A3 | Q154: מידרוג Moodys | R154: נייר ערך | S154: ILS | T154: 2.019 | U154: 28/02/2028 | V154: 0.06 | W154: 0.05622 | X154: החוב לא נחות | Z154: 270909 | AA154: 1 | AB154: 102.95 | AD154: 278.901 | AG154: שווי הוגן | AH154: 0.000989 | AI154: 0.0023649438 | AJ154: 0.00066742557
A155: 1035 | B155: 1037 | C155: נאייקס בע"מ | D155: 513639013 | E155: ח.פ. | F155: נאייקס אגח א | G155: IL0012189655 | H155: ISIN | I155: לא צמוד למדד המחירים לצרכן | J155: ישראל | K155: ישראל | L155: סחיר | M155: TASE | N155: תוכנה ואינטרנט | O155: לא | P155: NR | Q155: NR | R155: NR | S155: ILS | T155: 3.441 | U155: 30/09/2030 | V155: 0.059 | W155: 0.05129 | X155: החוב לא נחות | Z155: 461770 | AA155: 1 | AB155: 104.35 | AD155: 481.857 | AG155: שווי הוגן | AH155: 0.00046 | AI155: 0.0040859139 | AJ155: 0.0011531113
A156: 1035 | B156: 1037 | C156: אלומה קרן תשתיות (2020) בע"מ | D156: 516214871 | E156: ח.פ. | F156: אלומה אגח ב | G156: IL0012194432 | H156: ISIN | I156: לא צמוד למדד המחירים לצרכן | J156: ישראל | K156: ישראל | L156: סחיר | M156: TASE | N156: השקעה ואחזקות | O156: לא | P156: NR | Q156: NR | R156: NR | S156: ILS | T156: 3.722 | U156: 31/12/2030 | V156: 0.0656 | W156: 0.0568 | X156: החוב לא נחות | Z156: 245519 | AA156: 1 | AB156: 103.52 | AD156: 254.161 | AG156: שווי הוגן | AH156: 0.00202 | AI156: 0.0021551644 | AJ156: 0.00060822242
A157: 1035 | B157: 1037 | C157: קבוצת דוראל משאבי אנרגיה מתחדשת בעמ | D157: 515364891 | E157: ח.פ. | F157: דוראל אגח ג | G157: IL0012201930 | H157: ISIN | I157: צמוד למדד המחירים לצרכן | J157: ישראל | K157: ישראל | L157: סחיר | M157: TASE | N157: אנרגיה מתחדשת | O157: לא | P157: NR | Q157: NR | R157: NR | S157: ILS | T157: 5.261 | U157: 30/06/2032 | V157: 0.0444 | W157: 0.03697 | X157: החוב לא נחות | Z157: 32546 | AA157: 1 | AB157: 106.24 | AD157: 34.577 | AG157: שווי הוגן | AH157: 8.7e-05 | AI157: 0.00029319511 | AJ157: 8.2744424e-05
A158: 1035 | B158: 1037 | C158: חברת החשמל לישראל בע"מ | D158: 520000472 | E158: ח.פ. | F158: חשמל אגח 36 | G158: IL0012215898 | H158: ISIN | I158: צמוד למדד המחירים לצרכן | J158: ישראל | K158: ישראל | L158: סחיר | M158: TASE | N158: אנרגיה | O158: לא | P158: AAA | Q158: S&P מעלות | R158: נייר ערך | S158: ILS | T158: 7.452 | U158: 11/05/2034 | V158: 0.0299 | W158: 0.02498 | X158: החוב לא נחות | Z158: 208940 | AA158: 1 | AB158: 105.86 | AD158: 221.184 | AG158: שווי הוגן | AH158: 0.00054 | AI158: 0.0018755322 | AJ158: 0.00052930566
A159: 1035 | B159: 1037 | C159: אלמוג (כ.ד.א.י.) בע"מ | D159: 511229676 | E159: ח.פ. | F159: אלמוג (כ.ד.א.י) אגח א | G159: IL0012233206 | H159: ISIN | I159: לא צמוד למדד המחירים לצרכן | J159: ישראל | K159: ישראל | L159: סחיר | M159: TASE | N159: בנייה | O159: לא | P159: NR | Q159: NR | R159: NR | S159: ILS | T159: 2.173 | U159: 31/12/2028 | V159: 0.0607 | W159: 0.05853 | X159: החוב לא נחות | Z159: 102297 | AA159: 1 | AB159: 100.66 | AD159: 102.972 | AG159: שווי הוגן | AH159: 0.001137 | AI159: 0.00087315404 | AJ159: 0.00024641826
A160: 1035 | B160: 1037 | C160: בנק הפועלים בע"מ | D160: 520000118 | E160: ח.פ. | F160: פועלים אגח 102 | G160: IL0012234527 | H160: ISIN | I160: לא צמוד למדד המחירים לצרכן | J160: ישראל | K160: ישראל | L160: סחיר | M160: TASE | N160: בנקים | O160: לא | P160: AAA | Q160: S&P מעלות | R160: נייר ערך | S160: ILS | T160: 4.31 | U160: 17/06/2035 | V160: 0.0488 | W160: 0.04214 | X160: החוב לא נחות | Z160: 1894406 | AA160: 1 | AB160: 105.44 | AD160: 1997.462 | AG160: שווי הוגן | AH160: 0.000426 | AI160: 0.016937508 | AJ160: 0.0047800398
... A164: 1035 | B164: 1037 | C164: נתנאל מניבים | D164: 516235918 | E164: ח.פ. | F164: נתנאל מניבים אגח א | G164: IL0012247818 | H164: ISIN | I164: צמוד למדד המחירים לצרכן | J164: ישראל | K164: ישראל | L164: סחיר | M164: TASE | N164: נדל"ן מניב בישראל | O164: לא | P164: NR | Q164: NR | R164: NR | S164: ILS | T164: 4.66 | U164: 30/06/2031 | V164: 0.0339 | W164: 0.0334 | X164: החוב לא נחות | Z164: 504957 | AA164: 1 | AB164: 101.15 | AD164: 510.764 | AG164: שווי הוגן | AH164: 0.002295 | AI164: 0.0043310313 | AJ164: 0.0012222874
A165: 1035 | B165: 1037 | C165: קסטלן נדל"ן BVI | D165: 2171174 | E165: מספר תאגיד או שותפות בחו"ל | F165: קסטלן אגח ב | G165: IL0012248808 | H165: ISIN | I165: לא צמוד למדד המחירים לצרכן | J165: ישראל | K165: ישראל | L165: סחיר | M165: TASE | N165: אשראי חוץ בנקאי | O165: לא | P165: A1 | Q165: מידרוג Moodys | R165: נייר ערך | S165: ILS | T165: 3.746 | U165: 01/07/2030 | V165: 0.0585 | W165: 0.05858 | X165: החוב לא נחות | Z165: 301000 | AA165: 1 | AB165: 100.28 | AC165: 8.539 | AD165: 310.382 | AG165: שווי הוגן | AH165: 0.001136 | AI165: 0.0026318866 | AJ165: 0.00074276117
A166: 1035 | B166: 1037 | C166: קבוצת האחים נאוי בע"מ | D166: 520036070 | E166: ח.פ. | F166: נאוי אגח ז | G166: IL0012256488 | H166: ISIN | I166: לא צמוד למדד המחירים לצרכן | J166: ישראל | K166: ישראל | L166: סחיר | M166: TASE | N166: אשראי חוץ בנקאי | O166: לא | P166: A | Q166: S&P מעלות | R166: נייר ערך | S166: ILS | T166: 2.804 | U166: 30/06/2030 | V166: 0.055 | W166: 0.05642 | X166: החוב לא נחות | Z166: 284000 | AA166: 1 | AB166: 99.84 | AD166: 283.546 | AG166: שווי הוגן | AH166: 0.001009 | AI166: 0.0024043293 | AJ166: 0.0006785408
A167: 1035 | B167: 1037 | C167: אמריקן אקוויטי פרטנרס לימיטד | D167: 2160207 | E167: מספר תאגיד או שותפות בחו"ל | F167: אמריקן אק אגח א | G167: IL0012258872 | H167: ISIN | I167: לא צמוד למדד המחירים לצרכן | J167: ישראל | K167: ישראל | L167: סחיר | M167: TASE | N167: נדל"ן מניב בחו"ל | O167: לא | P167: A3 | Q167: מידרוג Moodys | R167: נייר ערך | S167: ILS | T167: 3.183 | U167: 30/06/2029 | V167: 0.066 | W167: 0.06129 | X167: החוב לא נחות | Z167: 731627 | AA167: 1 | AB167: 101.76 | AD167: 744.504 | AG167: שווי הוגן | AH167: 0.001394 | AI167: 0.0063130302 | AJ167: 0.0017816397
A168: 1035 | B168: 1037 | C168: קבוצת אקרו בע"מ | D168: 511996803 | E168: ח.פ. | F168: אקרו אגח ב | G168: IL0012260597 | H168: ISIN | I168: לא צמוד למדד המחירים לצרכן | J168: ישראל | K168: ישראל | L168: סחיר | M168: TASE | N168: בנייה | O168: לא | P168: A3 | Q168: מידרוג Moodys | R168: נייר ערך | S168: ILS | T168: 4.73 | U168: 31/12/2032 | V168: 0.0538 | W168: 0.05132 | X168: החוב לא נחות | Z168: 91772 | AA168: 1 | AB168: 101.45 | AD168: 93.103 | AG168: שווי הוגן | AH168: 0.000367 | AI168: 0.00078946575 | AJ168: 0.00022280006
A169: 1035 | B169: 1037 | C169: פנטהאוז חברה לבנין והשקעות בע"מ | D169: 511400723 | E169: ח.פ. | F169: פנטהאוז אגח א | G169: IL0012270737 | H169: ISIN | I169: צמוד למדד המחירים לצרכן | J169: ישראל | K169: ישראל | L169: סחיר | M169: TASE | N169: מלונאות ותיירות | O169: לא | P169: NR | Q169: NR | R169: NR | S169: ILS | T169: 4.93 | U169: 30/06/2031 | V169: 0.0342 | W169: 0.03243 | X169: החוב לא נחות | Z169: 211000 | AA169: 1 | AB169: 101.49 | AD169: 214.144 | AG169: שווי הוגן | AH169: 0.001476 | AI169: 0.0018158365 | AJ169: 0.00051245857
A170: 1035 | B170: 1037 | C170: בנק הפועלים בע"מ | D170: 520000118 | E170: ח.פ. | F170: פועלים אגח 204 | G170: IL0012274531 | H170: ISIN | I170: צמוד למדד המחירים לצרכן | J170: ישראל | K170: ישראל | L170: סחיר | M170: TASE | N170: בנקים | O170: לא | P170: AAA | Q170: S&P מעלות | R170: נייר ערך | S170: ILS | T170: 4.77 | U170: 21/08/2035 | V170: 0.0261 | W170: 0.02232 | X170: החוב לא נחות | Z170: 1174097 | AA170: 1 | AB170: 102.82 | AD170: 1207.207 | AG170: שווי הוגן | AH170: 0.000343 | AI170: 0.010236527 | AJ170: 0.0028889141
A171: 1035 | B171: 1037 | C171: הבינלאומי הראשון הנפקות בע"מ | D171: 513141879 | E171: ח.פ. | F171: בינל הנפקות אגח יג | G171: IL0012284696 | H171: ISIN | I171: צמוד למדד המחירים לצרכן | J171: ישראל | K171: ישראל | L171: סחיר | M171: TASE | N171: בנקים | O171: לא | P171: AAA | Q171: S&P מעלות | R171: נייר ערך | S171: ILS | T171: 2.604 | U171: 04/09/2028 | V171: 0.0252 | W171: 0.02173 | X171: החוב לא נחות | Z171: 941744 | AA171: 1 | AB171: 101.8 | AD171: 958.695 | AG171: שווי הוגן | AH171: 0.000554 | AI171: 0.0081292725 | AJ171: 0.0022942128
...

Sheet מניות מבכ ויהש
A1: מספר קופה/קרן/ח.פ. עבור חברת ביטוח | B1: מספר מסלול | C1: שם מנפיק | D1: מספר מנפיק | E1: סוג מספר מזהה מנפיק | F1: שם נייר ערך | G1: מספר נייר ערך | H1: סוג מספר נייר ערך | I1: מאפיין עיקרי | J1: ישראל/חו"ל | K1: מדינה לפי חשיפה כלכלית | L1: סטאטוס סחירות | M1: זירת מסחר | N1: ענף מסחר | O1: בעל עניין/צד קשור | P1: מטבע פעילות | Q1: ערך נקוב (יחידות) | R1: שער חליפין | S1: שער נייר הערך | T1: סכום לקבל (במטבע הפעילות) | U1: שווי הוגן (באלפי ש"ח) | V1: שיעור מערך נקוב מונפק | W1: שיעור מנכסי אפיק ההשקעה | X1: שיעור מסך נכסי ההשקעה
A2: 1035 | B2: 1036 | C2: ג'י סיטי בע"מ | D2: 520033234 | E2: ח.פ. | F2: ג'י סיטי | G2: IL0001260111 | H2: ISIN | I2: מניות | J2: ישראל | K2: גלובלי | L2: סחיר | M2: TASE | N2: נדל"ן מניב בחו"ל | O2: לא | P2: ILS | Q2: 74321 | R2: 1 | S2: 800 | U2: 594.568 | V2: 0.00037 | W2: 0.00030371736 | X2: 9.3617209e-05
A3: 1035 | B3: 1036 | C3: מבטח שמיר אחזקות בע"מ | D3: 520034125 | E3: ח.פ. | F3: מבטח שמיר | G3: IL0001270193 | H3: ISIN | I3: מניות | J3: ישראל | K3: ישראל | L3: סחיר | M3: TASE | N3: השקעה ואחזקות | O3: לא | P3: ILS | Q3: 17153 | R3: 1 | S3: 41030 | U3: 7037.876 | V3: 0.001622 | W3: 0.0035950894 | X3: 0.0011081429
A4: 1035 | B4: 1036 | C4: זנלכל בע"מ | D4: 520034208 | E4: ח.פ. | F4: זנלכל | G4: IL0001300131 | H4: ISIN | I4: מניות | J4: ישראל | K4: ישראל | L4: סחיר | M4: TASE | N4: מזון | O4: לא | P4: ILS | Q4: 34133 | R4: 1 | S4: 4438 | U4: 1514.823 | V4: 0.001495 | W4: 0.000773802 | X4: 0.00023851512
A5: 1035 | B5: 1036 | C5: להב אל.אר רילאסטייט בעמ | D5: 520034257 | E5: ח.פ. | F5: להב | G5: IL0001360101 | H5: ISIN | I5: מניות | J5: ישראל | K5: ישראל | L5: סחיר | M5: TASE | N5: השקעה ואחזקות | O5: לא | P5: ILS | Q5: 444758 | R5: 1 | S5: 840 | U5: 3735.967 | V5: 0.001648 | W5: 0.0019084076 | X5: 0.0005882436
A6: 1035 | B6: 1036 | C6: תדאה, פיתוח טכנולוגי ואוטומציה בע"מ | D6: 520034364 | E6: ח.פ. | F6: תדאה | G6: IL0001420186 | H6: ISIN | I6: מניות | J6: ישראל | K6: ישראל | L6: סחיר | M6: TASE | N6: השקעה ואחזקות | O6: לא | P6: ILS | Q6: 16004 | R6: 1 | S6: 314.1 | U6: 50.269 | V6: 0.002447 | W6: 2.5678199e-05 | X6: 7.9149949e-06
A7: 1035 | B7: 1036 | C7: קבוצת גולד בונד בע"מ | D7: 520034349 | E7: ח.פ. | F7: גולד | G7: IL0001490130 | H7: ISIN | I7: מניות | J7: ישראל | K7: ישראל | L7: סחיר | M7: TASE | N7: שירותים | O7: לא | P7: ILS | Q7: 806 | R7: 1 | S7: 22460 | U7: 181.028 | V7: 0.000199 | W7: 9.247256e-05 | X7: 2.850355e-05
A8: 1035 | B8: 1036 | C8: חירון-מסחר השקעות ומבנה תעשיה בע"מ | D8: 520034216 | E8: ח.פ. | F8: חירון | G8: IL0001500110 | H8: ISIN | I8: מניות | J8: ישראל | K8: ישראל | L8: סחיר | M8: TASE | N8: השקעה ואחזקות | O8: לא | P8: ILS | Q8: 3278 | R8: 1 | S8: 261300 | T8: 81.95 | U8: 8647.364 | V8: 0.006638 | W8: 0.0044172485 | X8: 0.0013615635
A9: 1035 | B9: 1036 | C9: מלם-תים בע"מ | D9: 520034620 | E9: ח.פ. | F9: מלם תים | G9: IL0001560189 | H9: ISIN | I9: מניות | J9: ישראל | K9: ישראל | L9: סחיר | M9: TASE | N9: שירותי מידע | O9: לא | P9: ILS | Q9: 23837 | R9: 1 | S9: 13300 | U9: 3170.321 | V9: 0.000912 | W9: 0.0016194641 | X9: 0.00049918025
A10: 1035 | B10: 1036 | C10: נטו מ.ע. אחזקות בע"מ | D10: 520034109 | E10: ח.פ. | F10: נטו אחזקות | G10: IL0001680136 | H10: ISIN | I10: מניות | J10: ישראל | K10: ישראל | L10: סחיר | M10: TASE | N10: מזון | O10: לא | P10: ILS | Q10: 22555 | R10: 1 | S10: 23400 | U10: 5277.87 | V10: 0.006064 | W10: 0.0026960428 | X10: 0.00083102262
A11: 1035 | B11: 1036 | C11: כלל החזקות עסקי ביטוח בע"מ | D11: 520036120 | E11: ח.פ. | F11: כלל ביטוח | G11: IL0002240146 | H11: ISIN | I11: מניות | J11: ישראל | K11: ישראל | L11: סחיר | M11: TASE | N11: ביטוח | O11: לא | P11: ILS | Q11: 209406 | R11: 1 | S11: 20570 | U11: 43074.814 | V11: 0.002616 | W11: 0.022003487 | X11: 0.006782309
A12: 1035 | B12: 1036 | C12: מבנה נדל"ן (כ.ד) בע"מ | D12: 520024126 | E12: ח.פ. | F12: מבנה | G12: IL0002260193 | H12: ISIN | I12: מניות | J12: ישראל | K12: ישראל | L12: סחיר | M12: TASE | N12: נדל"ן מניב בישראל | O12: לא | P12: ILS | Q12: 1165856 | R12: 1 | S12: 1559 | U12: 18175.695 | V12: 0.001611 | W12: 0.0092845127 | X12: 0.0028618389
A13: 1035 | B13: 1036 | C13: בזק החברה הישראלית לתקשורת בע"מ | D13: 520031931 | E13: ח.פ. | F13: בזק | G13: IL0002300114 | H13: ISIN | I13: מניות | J13: ישראל | K13: ישראל | L13: סחיר | M13: TASE | N13: תקשורת ומדיה | O13: לא | P13: ILS | Q13: 5427627 | R13: 1 | S13: 709.9 | U13: 38530.724 | V13: 0.001956 | W13: 0.019682273 | X13: 0.0060668231
A14: 1035 | B14: 1036 | C14: ישראמקו נגב 2 שותפות מוגבלת | D14: 550010003 | E14: מספר שותפות | F14: ישראמקו יהש | G14: IL0002320179 | H14: ISIN | I14: מניות | J14: ישראל | K14: ישראל | L14: סחיר | M14: TASE | N14: חיפושי נפט וגז | O14: לא | P14: ILS | Q14: 12880323 | R14: 1 | S14: 245.5 | U14: 31621.194 | V14: 0.004954 | W14: 0.016152746 | X14: 0.0049788888
A15: 1035 | B15: 1036 | C15: בית-הזהב בע"מ | D15: 520034562 | E15: ח.פ. | F15: בית הזהב | G15: IL0002350101 | H15: ISIN | I15: מניות | J15: ישראל | K15: ישראל | L15: סחיר | M15: TASE | N15: נדל"ן מניב בישראל | O15: לא | P15: ILS | Q15: 69613 | R15: 1 | S15: 1022 | U15: 711.445 | V15: 0.003878 | W15: 0.00036342043 | X15: 0.00011201996
A16: 1035 | B16: 1036 | C16: פורמולה מערכות (1985)בע"מ | D16: 520036690 | E16: ח.פ. | F16: פורמולה מערכות | G16: IL0002560162 | H16: ISIN | I16: מניות | J16: ישראל | K16: ישראל | L16: סחיר | M16: TASE | N16: שירותי מידע | O16: לא | P16: ILS | Q16: 83283 | R16: 1 | S16: 53730 | T16: 136.584 | U16: 44884.54 | V16: 0.005238 | W16: 0.022927931 | X16: 0.0070672579
A17: 1035 | B17: 1036 | C17: אורביט-אלחוט טכנולוגיות בע"מ | D17: 520036153 | E17: ח.פ. | F17: אורביט | G17: IL0002650179 | H17: ISIN | I17: מניות | J17: ישראל | K17: ארה"ב | L17: סחיר | M17: TASE | N17: ביטחוניות | O17: לא | P17: ILS | Q17: 198980 | R17: 1 | S17: 4134 | U17: 8225.833 | V17: 0.007784 | W17: 0.004201922 | X17: 0.0012951917
A18: 1035 | B18: 1036 | C18: נייס מערכות בע"מ | D18: 520036872 | E18: ח.פ. | F18: נייס | G18: IL0002730112 | H18: ISIN | I18: מניות | J18: ישראל | K18: ארה"ב | L18: סחיר | M18: TASE | N18: תוכנה ואינטרנט | O18: לא | P18: ILS | Q18: 33657 | R18: 1 | S18: 35710 | U18: 12018.915 | V18: 0.00045 | W18: 0.0061395048 | X18: 0.0018924282
A19: 1035 | B19: 1036 | C19: קבוצת סקופ מתכות בע"מ | D19: 520037425 | E19: ח.פ. | F19: סקופ | G19: IL0002880198 | H19: ISIN | I19: מניות | J19: ישראל | K19: גלובלי | L19: סחיר | M19: TASE | N19: מסחר | O19: לא | P19: ILS | Q19: 16084 | R19: 1 | S19: 17410 | U19: 2800.224 | V19: 0.001216 | W19: 0.0014304113 | X19: 0.000440907
A20: 1035 | B20: 1036 | C20: עשות - אשקלון תעשיות בע"מ | D20: 520037581 | E20: ח.פ. | F20: עשות | G20: IL0003120172 | H20: ISIN | I20: מניות | J20: ישראל | K20: ישראל | L20: סחיר | M20: TASE | N20: מתכת ומוצרי בניה | O20: לא | P20: ILS | Q20: 1246 | R20: 1 | S20: 8145 | U20: 101.487 | V20: 5.2e-05 | W20: 5.1841459e-05 | X20: 1.5979504e-05
A21: 1035 | B21: 1036 | C21: מליסרון בע"מ | D21: 520037789 | E21: ח.פ. | F21: מליסרון | G21: IL0003230146 | H21: ISIN | I21: מניות | J21: ישראל | K21: ישראל | L21: סחיר | M21: TASE | N21: נדל"ן מניב בישראל | O21: לא | P21: ILS | Q21: 52178 | R21: 1 | S21: 41330 | U21: 21565.167 | V21: 0.001095 | W21: 0.011015924 | X21: 0.0033955255
A22: 1035 | B22: 1036 | C22: פריורטק בע"מ | D22: 520037797 | E22: ח.פ. | F22: פריורטק | G22: IL0003280133 | H22: ISIN | I22: מניות | J22: ישראל | K22: גלובלי | L22: סחיר | M22: TASE | N22: מוליכים למחצה | O22: לא | P22: ILS | Q22: 42497 | R22: 1 | S22: 21750 | U22: 9243.097 | V22: 0.003262 | W22: 0.0047215612 | X22: 0.0014553642
A23: 1035 | B23: 1036 | C23: קבוצת פנינסולה בע"מ | D23: 520033713 | E23: ח.פ. | F23: פנינסולה | G23: IL0003330136 | H23: ISIN | I23: מניות | J23: ישראל | K23: ישראל | L23: סחיר | M23: TASE | N23: אשראי חוץ בנקאי | O23: לא | P23: ILS | Q23: 385412 | R23: 1 | S23: 343.7 | U23: 1324.661 | V23: 0.001614 | W23: 0.00067666366 | X23: 0.0002085734
A24: 1035 | B24: 1036 | C24: ח.מר תעשיות בע"מ | D24: 520037805 | E24: ח.פ. | F24: מר | G24: IL0003380123 | H24: ISIN | I24: מניות | J24: ישראל | K24: ישראל | L24: סחיר | M24: TASE | N24: חשמל | O24: לא | P24: ILS | Q24: 46341 | R24: 1 | S24: 3524 | U24: 1633.057 | V24: 0.003314 | W24: 0.00083419847 | X24: 0.0002571316
A25: 1035 | B25: 1036 | C25: חד-אסף תעשיות בע"מ | D25: 520038449 | E25: ח.פ. | F25: חד אסף תעשיות | G25: IL0003510158 | H25: ISIN | I25: מניות | J25: ישראל | K25: ישראל | L25: סחיר | M25: TASE | N25: מתכת ומוצרי בניה | O25: לא | P25: ILS | Q25: 24739 | R25: 1 | S25: 4363 | U25: 1079.363 | V25: 0.002013 | W25: 0.00055136024 | X25: 0.00016995013
A26: 1035 | B26: 1036 | C26: טלסיס בע"מ | D26: 520038100 | E26: ח.פ. | F26: טלסיס | G26: IL0003540197 | H26: ISIN | I26: מניות | J26: ישראל | K26: ארה"ב | L26: סחיר | M26: TASE | N26: אלקטרוניקה ואופטיקה | O26: לא | P26: ILS | Q26: 28393 | R26: 1 | S26: 23140 | T26: 94.093 | U26: 6664.234 | V26: 0.003035 | W26: 0.0034042253 | X26: 0.0010493114
A27: 1035 | B27: 1036 | C27: ארי נדל"ן(ארנה) השקעות בע"מ | D27: 520038332 | E27: ח.פ. | F27: ארי נדלן | G27: IL0003660136 | H27: ISIN | I27: מניות | J27: ישראל | K27: ישראל | L27: סחיר | M27: TASE | N27: נדל"ן מניב בישראל | O27: לא | P27: ILS | Q27: 2798444 | R27: 1 | S27: 398 | U27: 11137.807 | V27: 0.007876 | W27: 0.0056894172 | X27: 0.0017536941
A28: 1035 | B28: 1036 | C28: וילי פוד השקעות בע"מ | D28: 520038225 | E28: ח.פ. | F28: ויליפוד | G28: IL0003710139 | H28: ISIN | I28: מניות | J28: ישראל | K28: ישראל | L28: סחיר | M28: TASE | N28: מסחר | O28: לא | P28: ILS | Q28: 100728 | R28: 1 | S28: 5462 | U28: 5501.763 | V28: 0.007568 | W28: 0.002810412 | X28: 0.00086627557
A29: 1035 | B29: 1036 | C29: א.מ.ת. מיחשוב בע"מ | D29: 520038514 | E29: ח.פ. | F29: אמת | G29: IL0003820102 | H29: ISIN | I29: מניות | J29: ישראל | K29: ישראל | L29: סחיר | M29: TASE | N29: שירותי מידע | O29: לא | P29: ILS | Q29: 37210 | R29: 1 | S29: 950 | U29: 353.495 | V29: 0.000711 | W29: 0.0001805724 | X29: 5.5659261e-05
A30: 1035 | B30: 1036 | C30: אלוני-חץ נכסים והשקעות בע"מ | D30: 520038506 | E30: ח.פ. | F30: אלוני חץ | G30: IL0003900136 | H30: ISIN | I30: מניות | J30: ישראל | K30: ישראל | L30: סחיר | M30: TASE | N30: נדל"ן מניב בישראל | O30: לא | P30: ILS | Q30: 525394 | R30: 1 | S30: 3920 | U30: 20595.445 | V30: 0.00238 | W30: 0.01052057 | X30: 0.0032428386
A31: 1035 | B31: 1036 | C31: ראלקו סוכנויות בע"מ | D31: 520038183 | E31: ח.פ. | F31: ראלקו | G31: IL0003930174 | H31: ISIN | I31: מניות | J31: ישראל | K31: ישראל | L31: סחיר | M31: TASE | N31: מסחר | O31: לא | P31: ILS | Q31: 27733 | R31: 1 | S31: 4203 | U31: 1165.618 | V31: 0.006578 | W31: 0.00059542125 | X31: 0.00018353141
A32: 1035 | B32: 1036 | C32: רציו חיפושי נפט (1992) - שותפות מוגבלת | D32: 550012777 | E32: מספר שותפות | F32: רציו יהש | G32: IL0003940157 | H32: ISIN | I32: מניות | J32: ישראל | K32: ישראל | L32: סחיר | M32: TASE | N32: חיפושי נפט וגז | O32: לא | P32: ILS | Q32: 669098 | R32: 1 | S32: 477.4 | U32: 3194.274 | V32: 0.000595 | W32: 0.0016316997 | X32: 0.00050295173
A33: 1035 | B33: 1036 | C33: אחים דוניץ בע"מ | D33: 520038605 | E33: ח.פ. | F33: דוניץ | G33: IL0004000100 | H33: ISIN | I33: מניות | J33: ישראל | K33: ישראל | L33: סחיר | M33: TASE | N33: בנייה | O33: לא | P33: ILS | Q33: 31445 | R33: 1 | S33: 27000 | U33: 8490.15 | V33: 0.003484 | W33: 0.0043369404 | X33: 0.0013368095
A34: 1035 | B34: 1036 | C34: וילאר אינטרנשיונל בע"מ | D34: 520038910 | E34: ח.פ. | F34: וילאר | G34: IL0004160169 | H34: ISIN | I34: מניות | J34: ישראל | K34: ישראל | L34: סחיר | M34: TASE | N34: נדל"ן מניב בישראל | O34: לא | P34: ILS | Q34: 30317 | R34: 1 | S34: 16580 | U34: 5026.559 | V34: 0.001704 | W34: 0.0025676678 | X34: 0.0007914526
A35: 1035 | B35: 1036 | C35: נתנאל גרופ בע"מ | D35: 520039074 | E35: ח.פ. | F35: נתנאל גרופ | G35: IL0004210162 | H35: ISIN | I35: מניות | J35: ישראל | K35: ישראל | L35: סחיר | M35: TASE | N35: בנייה | O35: לא | P35: ILS | Q35: 61833 | R35: 1 | S35: 1165 | U35: 720.354 | V35: 0.002191 | W35: 0.00036797163 | X35: 0.00011342281
A36: 1035 | B36: 1036 | C36: איי.אי.אס החזקות בע"מ | D36: 520039132 | E36: ח.פ. | F36: אייאיאס תעש | G36: IL0004310152 | H36: ISIN | I36: מניות | J36: ישראל | K36: ישראל | L36: סחיר | M36: TASE | N36: נדל"ן מניב בישראל | O36: לא | P36: ILS | Q36: 22035 | R36: 1 | S36: 41470 | U36: 9137.915 | V36: 0.002138 | W36: 0.0046678316 | X36: 0.0014388027
A37: 1035 | B37: 1036 | C37: סי אי סיסטמס (ישראל) בע"מ | D37: 520039280 | E37: ח.פ. | F37: סיאי | G37: IL0004420126 | H37: ISIN | I37: מניות | J37: ישראל | K37: ישראל | L37: סחיר | M37: TASE | N37: אלקטרוניקה ואופטיקה | O37: לא | P37: ILS | Q37: 55141 | R37: 1 | S37: 4699 | U37: 2591.076 | V37: 0.004838 | W37: 0.0013235738 | X37: 0.00040797565
A38: 1035 | B38: 1036 | C38: מרדכי אביב תעשיות בניה (1973) בע"מ | D38: 520039264 | E38: ח.פ. | F38: אביב בניה | G38: IL0004440181 | H38: ISIN | I38: מניות | J38: ישראל | K38: ישראל | L38: סחיר | M38: TASE | N38: בנייה | O38: לא | P38: ILS | Q38: 13684 | R38: 1 | S38: 2057 | U38: 281.48 | V38: 0.000995 | W38: 0.00014378562 | X38: 4.432018e-05
... A79: 1035 | B79: 1036 | C79: אילקס מדיקל בע"מ | D79: 520042219 | E79: ח.פ. | F79: אילקס מדיקל | G79: IL0010807530 | H79: ISIN | I79: מניות | J79: ישראל | K79: ישראל | L79: סחיר | M79: TASE | N79: מסחר | O79: לא | P79: ILS | Q79: 17214 | R79: 1 | S79: 6666 | U79: 1147.485 | V79: 0.001526 | W79: 0.00058615867 | X79: 0.00018067633
A80: 1035 | B80: 1036 | C80: שניב תעשיות נייר בע"מ | D80: 520041732 | E80: ח.פ. | F80: שניב | G80: IL0010808371 | H80: ISIN | I80: מניות | J80: ישראל | K80: ישראל | L80: סחיר | M80: TASE | N80: עץ, נייר ודפוס | O80: לא | P80: ILS | Q80: 250841 | R80: 1 | S80: 608.3 | T80: 9.995 | U80: 1535.861 | V80: 0.003928 | W80: 0.00078454875 | X80: 0.00024182768
A81: 1035 | B81: 1036 | C81: ישרוטל בע"מ | D81: 520042482 | E81: ח.פ. | F81: ישרוטל | G81: IL0010809858 | H81: ISIN | I81: מניות | J81: ישראל | K81: ישראל | L81: סחיר | M81: TASE | N81: מלונאות ותיירות | O81: לא | P81: ILS | Q81: 27157 | R81: 1 | S81: 15680 | U81: 4258.218 | V81: 0.000453 | W81: 0.0021751837 | X81: 0.00067047411
A82: 1035 | B82: 1036 | C82: רקח תעשיה פרמצבטית בע"מ | D82: 520042003 | E82: ח.פ. | F82: רקח | G82: IL0010810096 | H82: ISIN | I82: מניות | J82: ישראל | K82: ישראל | L82: סחיר | M82: TASE | N82: פארמה | O82: לא | P82: ILS | Q82: 18102 | R82: 1 | S82: 1094 | U82: 198.036 | V82: 0.001571 | W82: 0.00010116073 | X82: 3.1181575e-05
A83: 1035 | B83: 1036 | C83: אלביט מערכות בע"מ | D83: 520043027 | E83: ח.פ. | F83: אלביט מערכות | G83: IL0010811243 | H83: ISIN | I83: מניות | J83: ישראל | K83: ישראל | L83: סחיר | M83: TASE | N83: ביטחוניות | O83: לא | P83: ILS | Q83: 18307 | R83: 1 | S83: 183600 | T83: 43.676 | U83: 33655.328 | V83: 0.000394 | W83: 0.017191822 | X83: 0.0052991716
A84: 1035 | B84: 1036 | C84: מגדל אחזקות ביטוח ופיננסים בע"מ | D84: 520029984 | E84: ח.פ. | F84: מגדל ביטוח | G84: IL0010811656 | H84: ISIN | I84: מניות | J84: ישראל | K84: ישראל | L84: סחיר | M84: TASE | N84: ביטוח | O84: לא | P84: ILS | Q84: 4763033 | R84: 1 | S84: 1546 | U84: 73636.49 | V84: 0.004502 | W84: 0.037615009 | X84: 0.011594372
A85: 1035 | B85: 1036 | C85: סאמיט אחזקות נדל"ן בע"מ | D85: 520043720 | E85: ח.פ. | F85: סאמיט | G85: IL0010816861 | H85: ISIN | I85: מניות | J85: ישראל | K85: גלובלי | L85: סחיר | M85: TASE | N85: נדל"ן מניב בחו"ל | O85: לא | P85: ILS | Q85: 117581 | R85: 1 | S85: 6196 | U85: 7285.319 | V85: 0.00159 | W85: 0.0037214882 | X85: 0.0011471038
A86: 1035 | B86: 1036 | C86: מיטב דש השקעות בע"מ | D86: 520043795 | E86: ח.פ. | F86: מיטב דש | G86: IL0010818438 | H86: ISIN | I86: מניות | J86: ישראל | K86: ישראל | L86: סחיר | M86: TASE | N86: שירותים פיננסיים | O86: לא | P86: ILS | Q86: 50374 | R86: 1 | S86: 11560 | U86: 5823.234 | V86: 0.000576 | W86: 0.0029746259 | X86: 0.00091689252
A87: 1035 | B87: 1036 | C87: שיכון ובינוי בע"מ | D87: 520036104 | E87: ח.פ. | F87: שיכון ובינוי | G87: IL0010819428 | H87: ISIN | I87: מניות | J87: ישראל | K87: ישראל | L87: סחיר | M87: TASE | N87: בנייה | O87: לא | P87: ILS | Q87: 3438 | R87: 1 | S87: 1840 | U87: 63.259 | V87: 6e-06 | W87: 3.2314079e-05 | X87: 9.9604246e-06
A88: 1035 | B88: 1036 | C88: מג'יק תעשיות תכנה בע"מ | D88: 520036740 | E88: ח.פ. | F88: מג'יק | G88: IL0010823123 | H88: ISIN | I88: מניות | J88: ישראל | K88: ישראל | L88: סחיר | M88: TASE | N88: תוכנה ואינטרנט | O88: לא | P88: ILS | Q88: 108316 | R88: 1 | S88: 8300 | U88: 8990.228 | V88: 0.002206 | W88: 0.0045923903 | X88: 0.0014155489
A89: 1035 | B89: 1036 | C89: סאני תקשורת סלולרית בע"מ | D89: 520031808 | E89: ח.פ. | F89: סאני תקשורת | G89: IL0010823537 | H89: ISIN | I89: מניות | J89: ישראל | K89: ישראל | L89: סחיר | M89: TASE | N89: מסחר | O89: לא | P89: ILS | Q89: 1471249 | R89: 1 | S89: 163.4 | U89: 2404.021 | V89: 0.006701 | W89: 0.0012280225 | X89: 0.0003785231
A90: 1035 | B90: 1036 | C90: טאואר סמיקונדקטור בע"מ | D90: 520041997 | E90: ח.פ. | F90: טאואר | G90: IL0010823792 | H90: ISIN | I90: מניות | J90: ישראל | K90: גלובלי | L90: סחיר | M90: TASE | N90: מוליכים למחצה | O90: לא | P90: ILS | Q90: 92519 | R90: 1 | S90: 37300 | U90: 34509.587 | V90: 0.000824 | W90: 0.017628195 | X90: 0.0054336783
A91: 1035 | B91: 1036 | C91: גילת רשתות לווין בע"מ | D91: 520038936 | E91: ח.פ. | F91: גילת | G91: IL0010825102 | H91: ISIN | I91: מניות | J91: ישראל | K91: ארה"ב | L91: סחיר | M91: TASE | N91: ציוד תקשורת | O91: לא | P91: ILS | Q91: 295867 | R91: 1 | S91: 4136 | U91: 12237.059 | V91: 0.004605 | W91: 0.0062509374 | X91: 0.001926776
A92: 1035 | B92: 1036 | C92: תפרון בע"מ | D92: 520043407 | E92: ח.פ. | F92: תפרון | G92: IL0010825854 | H92: ISIN | I92: מניות | J92: ישראל | K92: ישראל | L92: סחיר | M92: TASE | N92: אופנה והלבשה | O92: לא | P92: ILS | Q92: 38436 | R92: 1 | S92: 1451 | U92: 557.706 | V92: 0.003002 | W92: 0.00028488769 | X92: 8.781319e-05
A93: 1035 | B93: 1036 | C93: אלומיי קפיטל בע"מ | D93: 520039868 | E93: ח.פ. | F93: אלומיי קפיטל | G93: IL0010826357 | H93: ISIN | I93: מניות | J93: ישראל | K93: ישראל | L93: סחיר | M93: TASE | N93: אנרגיה מתחדשת | O93: לא | P93: ILS | Q93: 64742 | R93: 1 | S93: 8129 | U93: 5262.877 | V93: 0.004612 | W93: 0.0026883841 | X93: 0.00082866194
A94: 1035 | B94: 1036 | C94: תאת טכנולוגיות בע"מ | D94: 520035791 | E94: ח.פ. | F94: תאת טכנולוגיות | G94: IL0010827264 | H94: ISIN | I94: מניות | J94: ישראל | K94: גלובלי | L94: סחיר | M94: TASE | N94: חשמל | O94: לא | P94: ILS | Q94: 29082 | R94: 1 | S94: 14330 | U94: 4167.451 | V94: 0.002208 | W94: 0.0021288181 | X94: 0.00065618246
A95: 1035 | B95: 1036 | C95: ג.ויליפוד אינטרנשיונל בע"מ (דואלי) | D95: 520043209 | E95: ח.פ. | F95: ויליפוד אינטרנשיונל | G95: IL0010828585 | H95: ISIN | I95: מניות | J95: ישראל | K95: ישראל | L95: סחיר | M95: TASE | N95: מסחר | O95: לא | P95: ILS | Q95: 51366 | R95: 1 | S95: 9324 | U95: 4789.366 | V95: 0.003693 | W95: 0.002446505 | X95: 0.00075410561
... A103: 1035 | B103: 1036 | C103: סינאל מלל פייווי בע"מ | D103: 511416612 | E103: ח.פ. | F103: סינאל | G103: IL0010849532 | H103: ISIN | I103: מניות | J103: ישראל | K103: ישראל | L103: סחיר | M103: TASE | N103: תוכנה ואינטרנט | O103: לא | P103: ILS | Q103: 2062 | R103: 1 | S103: 1792 | U103: 36.951 | V103: 0.000362 | W103: 1.8875339e-05 | X103: 5.8180952e-06
A104: 1035 | B104: 1036 | C104: ארן מחקר ופיתוח (1982) בע"מ | D104: 510959596 | E104: ח.פ. | F104: ארן | G104: IL0010852650 | H104: ISIN | I104: מניות | J104: ישראל | K104: ישראל | L104: סחיר | M104: TASE | N104: שירותים | O104: לא | P104: ILS | Q104: 82219 | R104: 1 | S104: 3763 | T104: 164.438 | U104: 3258.339 | V104: 0.016829 | W104: 0.0016644255 | X104: 0.00051303905
A105: 1035 | B105: 1036 | C105: או.אר.טי.טכנולוגיות בע"מ | D105: 513057588 | E105: ח.פ. | F105: או.אר.טי | G105: IL0010862303 | H105: ISIN | I105: מניות | J105: ישראל | K105: ישראל | L105: סחיר | M105: TASE | N105: השקעות בהיי-טק | O105: לא | P105: ILS | Q105: 7088 | R105: 1 | S105: 792.8 | U105: 56.194 | V105: 0.001242 | W105: 2.870486e-05 | X105: 8.8479266e-06
A106: 1035 | B106: 1036 | C106: פוקס-ויזל בע"מ | D106: 512157603 | E106: ח.פ. | F106: פוקס- ויזל | G106: IL0010870223 | H106: ISIN | I106: מניות | J106: ישראל | K106: ישראל | L106: סחיר | M106: TASE | N106: רשתות שיווק | O106: לא | P106: ILS | Q106: 32911 | R106: 1 | S106: 31330 | U106: 10311.016 | V106: 0.002374 | W106: 0.0052670757 | X106: 0.0016235125
A107: 1035 | B107: 1036 | C107: נ.ר. ספאנטק תעשיות בע"מ | D107: 512288713 | E107: ח.פ. | F107: ספאנטק | G107: IL0010901176 | H107: ISIN | I107: מניות | J107: ישראל | K107: ישראל | L107: סחיר | M107: TASE | N107: עץ, נייר ודפוס | O107: לא | P107: ILS | Q107: 401046 | R107: 1 | S107: 349.4 | U107: 1401.255 | V107: 0.006039 | W107: 0.00071578926 | X107: 0.0002206334
A108: 1035 | B108: 1036 | C108: י.ח.דמרי בניה ופיתוח בע"מ | D108: 511399388 | E108: ח.פ. | F108: דמרי | G108: IL0010903156 | H108: ISIN | I108: מניות | J108: ישראל | K108: ישראל | L108: סחיר | M108: TASE | N108: בנייה | O108: לא | P108: ILS | Q108: 37156 | R108: 1 | S108: 37470 | U108: 13922.353 | V108: 0.001679 | W108: 0.0071118197 | X108: 0.0021921325
A109: 1035 | B109: 1036 | C109: רם-און השקעות והחזקות (1999) בע"מ | D109: 512776964 | E109: ח.פ. | F109: רם-און | G109: IL0010909435 | H109: ISIN | I109: מניות | J109: ישראל | K109: ישראל | L109: סחיר | M109: TASE | N109: כימיה, גומי ופלסטיק | O109: לא | P109: ILS | Q109: 242174 | R109: 1 | S109: 1305 | U109: 3160.371 | V109: 0.014059 | W109: 0.0016143813 | X109: 0.00049761354
A110: 1035 | B110: 1036 | C110: מיטרוניקס בע"מ | D110: 511527202 | E110: ח.פ. | F110: מיטרוניקס | G110: IL0010910656 | H110: ISIN | I110: מניות | J110: ישראל | K110: ארה"ב | L110: סחיר | M110: TASE | N110: רובוטיקה ותלת מימד | O110: לא | P110: ILS | Q110: 110741 | R110: 1 | S110: 408 | U110: 451.823 | V110: 0.001008 | W110: 0.00023080047 | X110: 7.1141458e-05
A111: 1035 | B111: 1036 | C111: לפידות-חלץ - שותפות מוגבלת | D111: 550217129 | E111: ח.פ. | F111: לפידות חלץ יהש | G111: IL0010912488 | H111: ISIN | I111: מניות | J111: ישראל | K111: ישראל | L111: סחיר | M111: TASE | N111: חיפושי נפט וגז | O111: לא | P111: ILS | Q111: 459533 | R111: 1 | S111: 140.7 | U111: 646.563 | V111: 0.006554 | W111: 0.00033027743 | X111: 0.00010180403
A112: 1035 | B112: 1036 | C112: אפי נכסים בע"מ | D112: 510560188 | E112: ח.פ. | F112: אפי נכסים | G112: IL0010913544 | H112: ISIN | I112: מניות | J112: ישראל | K112: ישראל | L112: סחיר | M112: TASE | N112: נדל"ן מניב בחו"ל | O112: לא | P112: ILS | Q112: 35540 | R112: 1 | S112: 23380 | U112: 8309.252 | V112: 0.000858 | W112: 0.004244534 | X112: 0.0013083264
A113: 1035 | B113: 1036 | C113: ארד בע"מ | D113: 510007800 | E113: ח.פ. | F113: ארד | G113: IL0010916513 | H113: ISIN | I113: מניות | J113: ישראל | K113: גלובלי | L113: סחיר | M113: TASE | N113: אלקטרוניקה ואופטיקה | O113: לא | P113: ILS | Q113: 59385 | R113: 1 | S113: 5134 | U113: 3048.826 | V113: 0.002401 | W113: 0.0015574019 | X113: 0.00048005034
A114: 1035 | B114: 1036 | C114: פי.סי.בי. טכנולוגיות בע"מ | D114: 511888356 | E114: ח.פ. | F114: פיסיבי טכנולוגיות | G114: IL0010916851 | H114: ISIN | I114: מניות | J114: ישראל | K114: ישראל | L114: סחיר | M114: TASE | N114: אלקטרוניקה ואופטיקה | O114: לא | P114: ILS | Q114: 538393 | R114: 1 | S114: 1325 | U114: 7133.707 | V114: 0.007432 | W114: 0.003644042 | X114: 0.0011232319
A115: 1035 | B115: 1036 | C115: גולן תעשיות מתחדשות בע"מ | D115: 513029975 | E115: ח.פ. | F115: גולן תעשיות | G115: IL0010919335 | H115: ISIN | I115: מניות | J115: ישראל | K115: ישראל | L115: סחיר | M115: TASE | N115: כימיה, גומי ופלסטיק | O115: לא | P115: ILS | Q115: 207469 | R115: 1 | S115: 1002 | U115: 2078.839 | V115: 0.006061 | W115: 0.0010619132 | X115: 0.00032732192
A116: 1035 | B116: 1036 | C116: עמיר שיווק והשקעות בחקלאות בע"מ | D116: 513615286 | E116: ח.פ. | F116: עמיר שיווק | G116: IL0010922040 | H116: ISIN | I116: מניות | J116: ישראל | K116: ישראל | L116: סחיר | M116: TASE | N116: מסחר | O116: לא | P116: ILS | Q116: 147366 | R116: 1 | S116: 3492 | U116: 5146.021 | V116: 0.011552 | W116: 0.0026286915 | X116: 0.00081026241
... A228: 1035 | B228: 1036 | C228: אינמוד בע"מ | D228: 514073618 | E228: ח.פ. | F228: INMODE LTD | G228: IL0011595993 | H228: ISIN | I228: מניות | J228: חו"ל | K228: גלובלי | L228: סחיר | M228: NASDAQ | N228: Health Care Equipment & Supplies | O228: לא | P228: USD | Q228: 16931 | R228: 3.19 | S228: 1469 | U228: 793.405 | V228: 0.0002 | W228: 0.00040528747 | X228: 0.00012492497
A229: 1035 | B229: 1036 | C229: International flavors&fragrances inc | D229: BZLRL03D3GPGMOGFO832 | E229: LEI | F229: INTL FLAVORS & FRAG | G229: US4595061015 | H229: ISIN | I229: מניות | J229: חו"ל | K229: ארה"ב | L229: סחיר | M229: NYSE | N229: Construction Materials | O229: לא | P229: USD | Q229: 12161 | R229: 3.19 | S229: 6739 | T229: 3.648 | U229: 2625.938 | V229: 4.4e-05 | W229: 0.0013413823 | X229: 0.0004134649
A230: 1035 | B230: 1036 | C230: ARA US Hospitality Trust | D230: 11301 | E230: פנימי | F230: ARA US HOSPITALI | G230: SGXC80011726 | H230: ISIN | I230: מניות | J230: חו"ל | K230: ארה"ב | L230: סחיר | M230: SGX | N230: Real Estate Management & Development | O230: לא | P230: USD | Q230: 800540 | R230: 3.19 | S230: 26 | U230: 663.968 | V230: 0.00138 | W230: 0.00033916822 | X230: 0.00010454451
A231: 1035 | B231: 1036 | C231: ARVINAS INC | D231: 2838 | E231: פנימי | F231: ARVINAS INC | G231: US04335A1051 | H231: ISIN | I231: מניות | J231: חו"ל | K231: ארה"ב | L231: סחיר | M231: NASDAQ | N231: Pharmaceuticals | O231: לא | P231: USD | Q231: 4617 | R231: 3.19 | S231: 1186 | U231: 174.677 | V231: 6.8e-05 | W231: 8.9228447e-05 | X231: 2.7503591e-05
A232: 1035 | B232: 1036 | C232: מדיוונד בע"מ | D232: 512894940 | E232: ח.פ. | F232: Mediwound ltd | G232: IL0011316309 | H232: ISIN | I232: מניות | J232: חו"ל | K232: ארה"ב | L232: סחיר | M232: NASDAQ | N232: Pharmaceuticals | O232: לא | P232: USD | Q232: 46833 | R232: 3.19 | S232: 1846 | U232: 2757.874 | V232: 0.005045 | W232: 0.0014087776 | X232: 0.00043423869
A233: 1035 | B233: 1036 | C233: צים שירותי ספנות משולבים בע"מ | D233: 520015041 | E233: ח.פ. | F233: ZIM US Equity | G233: IL0065100930 | H233: ISIN | I233: מניות | J233: חו"ל | K233: ארה"ב | L233: סחיר | M233: NYSE | N233: Transportation Infrastructure | O233: לא | P233: USD | Q233: 482179 | R233: 3.19 | S233: 2123 | U233: 32654.946 | V233: 0.004011 | W233: 0.016680807 | X233: 0.0051416573
A234: 1035 | B234: 1036 | C234: הייקון מערכות בע"מ | D234: 514347160 | E234: ח.פ. | F234: הייקון מערכות בהשעייה | G234: IL0011699456 | H234: ISIN | I234: מניות | J234: ישראל | K234: ישראל | L234: השעיה | M234: TASE | N234: חברות ללא פעילות ומעטפת | O234: לא | P234: ILS | Q234: 23700 | R234: 1 | S234: 0 | U234: 0 | V234: 0.000344 | W234: 1.2106439e-13 | X234: 3.7316638e-14
A235: 1035 | B235: 1037 | C235: נטו מ.ע. אחזקות בע"מ | D235: 520034109 | E235: ח.פ. | F235: נטו אחזקות | G235: IL0001680136 | H235: ISIN | I235: מניות | J235: ישראל | K235: ישראל | L235: סחיר | M235: TASE | N235: מזון | O235: לא | P235: ILS | Q235: 151 | R235: 1 | S235: 23400 | U235: 35.334 | V235: 4.1e-05 | W235: 0.0029074418 | X235: 8.4556278e-05
A236: 1035 | B236: 1037 | C236: בזק החברה הישראלית לתקשורת בע"מ | D236: 520031931 | E236: ח.פ. | F236: בזק | G236: IL0002300114 | H236: ISIN | I236: מניות | J236: ישראל | K236: ישראל | L236: סחיר | M236: TASE | N236: תקשורת ומדיה | O236: לא | P236: ILS | Q236: 29941 | R236: 1 | S236: 709.9 | U236: 212.551 | V236: 1.1e-05 | W236: 0.017489673 | X236: 0.00050864705
A237: 1035 | B237: 1037 | C237: ישראמקו נגב 2 שותפות מוגבלת | D237: 550010003 | E237: מספר שותפות | F237: ישראמקו יהש | G237: IL0002320179 | H237: ISIN | I237: מניות | J237: ישראל | K237: ישראל | L237: סחיר | M237: TASE | N237: חיפושי נפט וגז | O237: לא | P237: ILS | Q237: 184554 | R237: 1 | S237: 245.5 | U237: 453.08 | V237: 7.1e-05 | W237: 0.037281483 | X237: 0.0010842465
A238: 1035 | B238: 1037 | C238: פורמולה מערכות (1985)בע"מ | D238: 520036690 | E238: ח.פ. | F238: פורמולה מערכות | G238: IL0002560162 | H238: ISIN | I238: מניות | J238: ישראל | K238: ישראל | L238: סחיר | M238: TASE | N238: שירותי מידע | O238: לא | P238: ILS | Q238: 515 | R238: 1 | S238: 53730 | T238: 0.845 | U238: 277.554 | V238: 3.2e-05 | W238: 0.02283841 | X238: 0.0006642028
A239: 1035 | B239: 1037 | C239: אורביט-אלחוט טכנולוגיות בע"מ | D239: 520036153 | E239: ח.פ. | F239: אורביט | G239: IL0002650179 | H239: ISIN | I239: מניות | J239: ישראל | K239: ארה"ב | L239: סחיר | M239: TASE | N239: ביטחוניות | O239: לא | P239: ILS | Q239: 913 | R239: 1 | S239: 4134 | U239: 37.743 | V239: 3.6e-05 | W239: 0.0031056998 | X239: 9.0322158e-05
A240: 1035 | B240: 1037 | C240: נייס מערכות בע"מ | D240: 520036872 | E240: ח.פ. | F240: נייס | G240: IL0002730112 | H240: ISIN | I240: מניות | J240: ישראל | K240: ארה"ב | L240: סחיר | M240: TASE | N240: תוכנה ואינטרנט | O240: לא | P240: ILS | Q240: 551 | R240: 1 | S240: 35710 | U240: 196.762 | V240: 7e-06 | W240: 0.016190478 | X240: 0.00047086293
A241: 1035 | B241: 1037 | C241: מליסרון בע"מ | D241: 520037789 | E241: ח.פ. | F241: מליסרון | G241: IL0003230146 | H241: ISIN | I241: מניות | J241: ישראל | K241: ישראל | L241: סחיר | M241: TASE | N241: נדל"ן מניב בישראל | O241: לא | P241: ILS | Q241: 537 | R241: 1 | S241: 41330 | U241: 221.942 | V241: 1.1e-05 | W241: 0.018262403 | X241: 0.00053112011
A242: 1035 | B242: 1037 | C242: מרדכי אביב תעשיות בניה (1973) בע"מ | D242: 520039264 | E242: ח.פ. | F242: אביב בניה | G242: IL0004440181 | H242: ISIN | I242: מניות | J242: ישראל | K242: ישראל | L242: סחיר | M242: TASE | N242: בנייה | O242: לא | P242: ILS | Q242: 1048 | R242: 1 | S242: 2057 | U242: 21.557 | V242: 7.6e-05 | W242: 0.0017738374 | X242: 5.1587993e-05
A243: 1035 | B243: 1037 | C243: קבוצת מיחשוב ישיר בע"מ | D243: 520040007 | E243: ח.פ. | F243: מחשוב ישיר קבוצה | G243: IL0005070128 | H243: ISIN | I243: מניות | J243: ישראל | K243: ישראל | L243: סחיר | M243: TASE | N243: שירותי מידע | O243: לא | P243: ILS | Q243: 160 | R243: 1 | S243: 51720 | U243: 82.752 | V243: 3.4e-05 | W243: 0.0068092099 | X243: 0.00019803026
A244: 1035 | B244: 1037 | C244: החברה לישראל בע"מ | D244: 520028010 | E244: ח.פ. | F244: חברה לישראל | G244: IL0005760173 | H244: ISIN | I244: מניות | J244: ישראל | K244: ישראל | L244: סחיר | M244: TASE | N244: כימיה, גומי ופלסטיק | O244: לא | P244: ILS | Q244: 200 | R244: 1 | S244: 92000 | U244: 184 | V244: 2.6e-05 | W244: 0.015140355 | X244: 0.0004403225
A245: 1035 | B245: 1037 | C245: בנק לאומי לישראל בע"מ | D245: 520018078 | E245: ח.פ. | F245: לאומי | G245: IL0006046119 | H245: ISIN | I245: מניות | J245: ישראל | K245: ישראל | L245: סחיר | M245: TASE | N245: בנקים | O245: לא | P245: ILS | Q245: 14822 | R245: 1 | S245: 7020 | U245: 1040.504 | V245: 9e-06 | W245: 0.085617421 | X245: 0.0024899864
A246: 1035 | B246: 1037 | C246: קרור אחזקות בע"מ | D246: 520001546 | E246: ח.פ. | F246: קרור 1 | G246: IL0006210111 | H246: ISIN | I246: מניות | J246: ישראל | K246: ישראל | L246: סחיר | M246: TASE | N246: מזון | O246: לא | P246: ILS | Q246: 235 | R246: 1 | S246: 8979 | U246: 21.101 | V246: 1.9e-05 | W246: 0.0017362572 | X246: 5.049506e-05
A247: 1035 | B247: 1037 | C247: טבע תעשיות פרמצבטיות בע"מ | D247: 520013954 | E247: ח.פ. | F247: טבע | G247: IL0006290147 | H247: ISIN | I247: מניות | J247: ישראל | K247: ארה"ב | L247: סחיר | M247: TASE | N247: פארמה | O247: לא | P247: ILS | Q247: 7249 | R247: 1 | S247: 10090 | U247: 731.424 | V247: 6e-06 | W247: 0.060184892 | X247: 0.0017503396
A248: 1035 | B248: 1037 | C248: לפידות קפיטל בעמ | D248: 520022971 | E248: ח.פ. | F248: לפידות קפיטל | G248: IL0006420173 | H248: ISIN | I248: מניות | J248: ישראל | K248: ישראל | L248: סחיר | M248: TASE | N248: השקעה ואחזקות | O248: לא | P248: ILS | Q248: 2667 | R248: 1 | S248: 9665 | U248: 257.766 | V248: 4.1e-05 | W248: 0.021210119 | X248: 0.00061684767
A249: 1035 | B249: 1037 | C249: בנק הפועלים בע"מ | D249: 520000118 | E249: ח.פ. | F249: פועלים | G249: IL0006625771 | H249: ISIN | I249: מניות | J249: ישראל | K249: ישראל | L249: סחיר | M249: TASE | N249: בנקים | O249: לא | P249: ILS | Q249: 15417 | R249: 1 | S249: 7205 | U249: 1110.795 | V249: 1.2e-05 | W249: 0.091401238 | X249: 0.0026581955
A250: 1035 | B250: 1037 | C250: בנק דיסקונט לישראל בע"מ | D250: 520007030 | E250: ח.פ. | F250: דיסקונט | G250: IL0006912120 | H250: ISIN | I250: מניות | J250: ישראל | K250: ישראל | L250: סחיר | M250: TASE | N250: בנקים | O250: לא | P250: ILS | Q250: 8092 | R250: 1 | S250: 3382 | U250: 273.671 | V250: 7e-06 | W250: 0.022518927 | X250: 0.00065491137
... A258: 1035 | B258: 1037 | C258: פ.י.ב.י. אחזקות בע"מ | D258: 520029026 | E258: ח.פ. | F258: פיבי | G258: IL0007630119 | H258: ISIN | I258: מניות | J258: ישראל | K258: ישראל | L258: סחיר | M258: TASE | N258: בנקים | O258: לא | P258: ILS | Q258: 1388 | R258: 1 | S258: 26610 | U258: 369.347 | V258: 3.9e-05 | W258: 0.03039153 | X258: 0.00088386797
A259: 1035 | B259: 1037 | C259: אלביט מערכות בע"מ | D259: 520043027 | E259: ח.פ. | F259: אלביט מערכות | G259: IL0010811243 | H259: ISIN | I259: מניות | J259: ישראל | K259: ישראל | L259: סחיר | M259: TASE | N259: ביטחוניות | O259: לא | P259: ILS | Q259: 6 | R259: 1 | S259: 183600 | T259: 0.014 | U259: 11.03 | V259: 0 | W259: 0.00090762393 | X259: 2.6396161e-05
A260: 1035 | B260: 1037 | C260: מגדל אחזקות ביטוח ופיננסים בע"מ | D260: 520029984 | E260: ח.פ. | F260: מגדל ביטוח | G260: IL0010811656 | H260: ISIN | I260: מניות | J260: ישראל | K260: ישראל | L260: סחיר | M260: TASE | N260: ביטוח | O260: לא | P260: ILS | Q260: 37900 | R260: 1 | S260: 1546 | U260: 585.934 | V260: 3.6e-05 | W260: 0.048213307 | X260: 0.0014021735
A261: 1035 | B261: 1037 | C261: סאני תקשורת סלולרית בע"מ | D261: 520031808 | E261: ח.פ. | F261: סאני תקשורת | G261: IL0010823537 | H261: ISIN | I261: מניות | J261: ישראל | K261: ישראל | L261: סחיר | M261: TASE | N261: מסחר | O261: לא | P261: ILS | Q261: 34006 | R261: 1 | S261: 163.4 | U261: 55.566 | V261: 0.000155 | W261: 0.0045722064 | X261: 0.00013297214
A262: 1035 | B262: 1037 | C262: טאואר סמיקונדקטור בע"מ | D262: 520041997 | E262: ח.פ. | F262: טאואר | G262: IL0010823792 | H262: ISIN | I262: מניות | J262: ישראל | K262: גלובלי | L262: סחיר | M262: TASE | N262: מוליכים למחצה | O262: לא | P262: ILS | Q262: 634 | R262: 1 | S262: 37300 | U262: 236.482 | V262: 6e-06 | W262: 0.019458812 | X262: 0.00056591492
A263: 1035 | B263: 1037 | C263: אלומיי קפיטל בע"מ | D263: 520039868 | E263: ח.פ. | F263: אלומיי קפיטל | G263: IL0010826357 | H263: ISIN | I263: מניות | J263: ישראל | K263: ישראל | L263: סחיר | M263: TASE | N263: אנרגיה מתחדשת | O263: לא | P263: ILS | Q263: 915 | R263: 1 | S263: 8129 | U263: 74.38 | V263: 6.5e-05 | W263: 0.0061203525 | X263: 0.00017799642
A264: 1035 | B264: 1037 | C264: קווליטאו בע"מ | D264: 511896540 | E264: ח.פ. | F264: קווליטאו | G264: IL0010839558 | H264: ISIN | I264: מניות | J264: ישראל | K264: ארה"ב | L264: סחיר | M264: TASE | N264: מוליכים למחצה | O264: לא | P264: ILS | Q264: 658 | R264: 1 | S264: 60360 | U264: 397.169 | V264: 0.000144 | W264: 0.03268085 | X264: 0.0009504476
A265: 1035 | B265: 1037 | C265: נובה בע"מ | D265: 511812463 | E265: ח.פ. | F265: נובה | G265: IL0010845571 | H265: ISIN | I265: מניות | J265: ישראל | K265: גלובלי | L265: סחיר | M265: TASE | N265: מוליכים למחצה | O265: לא | P265: ILS | Q265: 100 | R265: 1 | S265: 106610 | U265: 106.61 | V265: 3e-06 | W265: 0.0087723543 | X265: 0.00025512381
...

Sheet קרנות סל
A1: מספר קופה/קרן/ח.פ. עבור חברת ביטוח | B1: מספר מסלול | C1: שם מנפיק | D1: מספר מנפיק | E1: סוג מספר מזהה מנפיק | F1: שם נייר ערך | G1: מספר נייר ערך | H1: סוג מספר נייר ערך | I1: מאפיין עיקרי | J1: ישראל/חו"ל | K1: מדינה לפי חשיפה כלכלית | L1: זירת מסחר | M1: סיווג הקרן | N1: בעל עניין/צד קשור | O1: מטבע פעילות | P1: ערך נקוב (יחידות) | Q1: שער חליפין | R1: שער נייר הערך | S1: סכום לקבל (במטבע הפעילות) | T1: שווי הוגן (באלפי ש"ח) | U1: שיעור מערך נקוב מונפק | V1: שיעור מנכסי אפיק ההשקעה | W1: שיעור מסך נכסי ההשקעה
A2: 1035 | B2: 1036 | C2: קסם קרנות נאמנות בע"מ | D2: 510938608 | E2: ח.פ. | F2: קסם MSCI India (!)(4D) ETF | G2: IL0011457475 | H2: ISIN | I2: עוקב אחר מדדי מניות בחו"ל | J2: ישראל | K2: אסיה | L2: TASE | M2: CNX NIFTY - מניות בחו"ל - מניות גיאוגרפי - חשופת מט"ח-אסיה הודו | N2: לא | O2: ILS | P2: 270570 | Q2: 1 | R2: 8751 | T2: 23677.581 | U2: 0.02464 | V2: 0.070567662 | W2: 0.0037281337
A3: 1035 | B3: 1036 | C3: מגדל קרנות נאמנות בע"מ | D3: 511303661 | E3: ח.פ. | F3: MTF סל (S&P 500 (4D | G3: IL0011503336 | H3: ISIN | I3: עוקב אחר מדדי מניות בחו"ל | J3: ישראל | K3: ארה"ב | L3: TASE | M3: S&P 500 - מניות בחו"ל - מניות גיאוגרפי - חשופת מט"ח-ארה"ב | N3: לא | O3: ILS | P3: 54000 | Q3: 1 | R3: 9445 | T3: 5100.3 | U3: 0.000619 | V3: 0.015200719 | W3: 0.00080306349
A4: 1035 | B4: 1036 | C4: BlackRock Asset Managment | D4: 549300LRIF3NWCU26A80 | E4: LEI | F4: Ishares S&P500 Swap Ucits | G4: IE00BMTX1Y45 | H4: ISIN | I4: עוקב אחר מדדי מניות בחו"ל | J4: חו"ל | K4: ארה"ב | L4: אחר | M4: S&P 500 - מניות בחו"ל - מניות גיאוגרפי - חשופת מט"ח-ארה"ב | N4: לא | O4: USD | P4: 1248900 | Q4: 3.19 | R4: 1147.06 | T4: 45698.767 | U4: 0.001761 | V4: 0.13619868 | W4: 0.0071954613
A5: 1035 | B5: 1036 | C5: Amundi Asset Management | D5: 213800VZW861M5FHMD50 | E5: LEI | F5: NASD LN Equity | G5: LU1829221024 | H5: ISIN | I5: עוקב אחר מדדי מניות בחו"ל | J5: חו"ל | K5: ארה"ב | L5: LSE | M5: NASDAQ 100 - מניות בחו"ל - מניות גיאוגרפי - חשופת מט"ח-ארה"ב | N5: לא | O5: USD | P5: 74834 | Q5: 3.19 | R5: 10325 | T5: 24647.887 | U5: 6.1e-05 | V5: 0.073459523 | W5: 0.0038809126
A6: 1035 | B6: 1036 | C6: Amundi Asset Management | D6: 213800VZW861M5FHMD50 | E6: LEI | F6: AMUNDI MSCI EMII | G6: LU2573967036 | H6: ISIN | I6: עוקב אחר מדדי מניות בחו"ל | J6: חו"ל | K6: Emerging Markets - Euope, Middle East & Africa | L6: אחר | M6: MSCI EMERGING MARKETS - מניות בחו"ל - מניות גיאוגרפי - חשופת מט"ח-שווקים מתעוררים כללי | N6: לא | O6: EUR | P6: 2050 | Q6: 3.7455 | R6: 5977 | T6: 458.93 | U6: 0.000183 | V6: 0.0013677771 | W6: 7.2260519e-05
A7: 1035 | B7: 1036 | C7: LYXOR ETF | D7: 213800VZW861M5FHMD50 | E7: LEI | F7: LYX CORE EURSTX | G7: LU0908500753 | H7: ISIN | I7: עוקב אחר מדדי מניות בחו"ל | J7: חו"ל | K7: אירופה | L7: EURONEXT | M7: מניות בחו"ל - מניות בחו"ל משולבת | N7: לא | O7: EUR | P7: 33883 | Q7: 3.7455 | R7: 28506 | T7: 36176.616 | U7: 0.000985 | V7: 0.10781926 | W7: 0.0056961589
A8: 1035 | B8: 1036 | C8: State Street Corp | D8: 07F5H7W3ET8ZLWNMFP29 | E8: LEI | F8: Financial sel sector spdr | G8: US81369Y6059 | H8: ISIN | I8: עוקב אחר מדדי מניות בחו"ל | J8: חו"ל | K8: ארה"ב | L8: NYSE | M8: Financial מניות בחו"ל - מניות לפי ענפים בחו"ל - חשופת מט"ח-ארה"ב- מניות | N8: לא | O8: USD | P8: 13466 | Q8: 3.19 | R8: 5477 | T8: 2352.73 | U8: 1.5e-05 | V8: 0.0070119763 | W8: 0.00037044709
A9: 1035 | B9: 1036 | C9: State Street Corp | D9: 07F5H7W3ET8ZLWNMFP29 | E9: LEI | F9: Spdr s&p biotech etf | G9: US78464A8707 | H9: ISIN | I9: עוקב אחר מדדי מניות בחו"ל | J9: חו"ל | K9: ארה"ב | L9: NYSE | M9: Technology מניות בחו"ל - מניות לפי ענפים בחו"ל - חשופת מט"ח-ארה"ב- מניות | N9: לא | O9: USD | P9: 7971 | Q9: 3.19 | R9: 12193 | T9: 3100.374 | U9: 0.000107 | V9: 0.0092402233 | W9: 0.00048816678
A10: 1035 | B10: 1036 | C10: BlackRock Asset Managment | D10: 549300LRIF3NWCU26A80 | E10: LEI | F10: ISH MSCI INDIA UCITS ETF | G10: IE00BZCQB185 | H10: ISIN | I10: עוקב אחר מדדי מניות בחו"ל | J10: חו"ל | K10: הודו | L10: אחר | M10: CNX NIFTY - מניות בחו"ל - מניות גיאוגרפי - חשופת מט"ח-אסיה הודו | N10: לא | O10: USD | P10: 535260 | Q10: 3.19 | R10: 978.4 | T10: 16705.978 | U10: 0 | V10: 0.049789793 | W10: 0.0026304259
A11: 1035 | B11: 1036 | C11: Invesco investment management limited | D11: 635400KZRKKKNVCJXD85 | E11: LEI | F11: INVESCO S&P 500 EQUITY | G11: IE00B3YCGJ38 | H11: ISIN | I11: עוקב אחר מדדי מניות בחו"ל | J11: חו"ל | K11: ארה"ב | L11: LSE | M11: S&P 500 - מניות בחו"ל - מניות גיאוגרפי - חשופת מט"ח-ארה"ב | N11: לא | O11: USD | P11: 2677700 | Q11: 3.19 | R11: 1375 | T11: 117450.62 | U11: 0.001231 | V11: 0.35004486 | W11: 0.018493089
A12: 1035 | B12: 1036 | C12: State Street Corp | D12: 07F5H7W3ET8ZLWNMFP29 | E12: LEI | F12: SPDR MSCI WORLD | G12: IE00BFY0GT14 | H12: ISIN | I12: עוקב אחר מדדי מניות בחו"ל | J12: חו"ל | K12: ארה"ב | L12: LSE | M12: MSCI AC WORLD INDEX - מניות בחו"ל - מניות כללי בחו"ל - חשופת מט"ח-מניות כללי בחו"ל | N12: לא | O12: USD | P12: 301650 | Q12: 3.19 | R12: 4790.75 | T12: 46099.639 | U12: 0.001377 | V12: 0.13739342 | W12: 0.0072585802
A13: 1035 | B13: 1036 | C13: LYXOR ETF | D13: 213800VZW861M5FHMD50 | E13: LEI | F13: LYXETF S&P500 | G13: LU1135865084 | H13: ISIN | I13: עוקב אחר מדדי מניות בחו"ל | J13: חו"ל | K13: ארה"ב | L13: LSE | M13: S&P 500 - מניות בחו"ל - מניות גיאוגרפי - חשופת מט"ח-ארה"ב | N13: לא | O13: USD | P13: 8856 | Q13: 3.19 | R13: 49771.5 | T13: 14060.767 | U13: 0.000998 | V13: 0.041906117 | W13: 0.0022139264
... A191: 11389 | B191: 15420 | C191: Invesco investment management limited | D191: 635400KZRKKKNVCJXD85 | E191: LEI | F191: INVESCO S&P 500 EQUITY | G191: IE00B3YCGJ38 | H191: ISIN | I191: עוקב אחר מדדי מניות בחו"ל | J191: חו"ל | K191: ארה"ב | L191: LSE | M191: S&P 500 - מניות בחו"ל - מניות גיאוגרפי - חשופת מט"ח-ארה"ב | N191: לא | O191: USD | P191: 299100 | Q191: 3.19 | R191: 1375 | T191: 13119.274 | U191: 0.000138 | V191: 0.48119597 | W191: 0.099720259

Sheet קרנות נאמנות
A1: מספר קופה/קרן/ח.פ. עבור חברת ביטוח | B1: מספר מסלול | C1: שם מנפיק | D1: מספר מנפיק | E1: סוג מספר מזהה מנפיק | F1: שם נייר ערך | G1: מספר נייר ערך | H1: סוג מספר נייר ערך | I1: מאפיין עיקרי | J1: ישראל/חו"ל | K1: מדינה לפי חשיפה כלכלית | L1: סטאטוס סחירות | M1: זירת מסחר | N1: סיווג הקרן | O1: בעל עניין/צד קשור | P1: מטבע פעילות | Q1: ערך נקוב (יחידות) | R1: שער חליפין | S1: שער נייר הערך | T1: שווי הוגן (באלפי ש"ח) | U1: שיעור מערך נקוב מונפק | V1: שיעור מנכסי אפיק ההשקעה | W1: שיעור מסך נכסי ההשקעה
A2: 1035 | B2: 1036 | C2: אי בי אי ניהול קרנות נאמנות בע"מ | D2: 510791031 | E2: ח.פ. | F2: איביאי טכנולגיית עילית | G2: IL0011425381 | H2: ISIN | I2: מניות | J2: ישראל | K2: ישראל | L2: סחיר | M2: TASE | N2: קרן סגורה-קרן טכנולוגיה עילית | O2: לא | P2: ILS | Q2: 678453.65 | R2: 1 | S2: 111.9 | T2: 759.19 | U2: 0.002191 | V2: 0.011748305 | W2: 0.00011953757
A3: 1035 | B3: 1036 | C3: קסם קרנות נאמנות בע"מ | D3: 510938608 | E3: ח.פ. | F3: קסם KTF S&P 500 | G3: IL0051244825 | H3: ISIN | I3: מניות | J3: ישראל | K3: ארה"ב | L3: סחיר | M3: TASE | N3: S&P 500 - מניות בחו"ל - מניות גיאוגרפי - חשופת מט"ח-ארה"ב | O3: לא | P3: ILS | Q3: 2694000 | R3: 1 | S3: 296.04 | T3: 7975.318 | U3: 0.001757 | V3: 0.12341642 | W3: 0.001255747
A4: 1035 | B4: 1036 | C4: Allianz Global Investors Gmbh | D4: 529900K9B0N5BT694847 | E4: LEI | F4: ALLIANZ INDIA EQUITY WT USD | G4: LU2810809116 | H4: ISIN | I4: מניות | J4: חו"ל | K4: הודו | L4: סחיר | M4: NSE | N4: CNX NIFTY - מניות בחו"ל - מניות גיאוגרפי - חשופת מט"ח-אסיה הודו | O4: לא | P4: USD | Q4: 1731 | R4: 3.19 | S4: 108253 | T4: 5977.612 | U4: 0.007678 | V4: 0.092502322 | W4: 0.00094119985
A5: 1035 | B5: 1036 | C5: Kotak | D5: 213800SJ3IH3EXMXSJ47 | E5: LEI | F5: KOT-IND MID-J | G5: LU0675383409 | H5: ISIN | I5: מניות | J5: חו"ל | K5: הודו | L5: סחיר | M5: אחר | N5: CNX NIFTY - מניות בחו"ל - מניות גיאוגרפי - חשופת מט"ח-אסיה הודו | O5: לא | P5: USD | Q5: 461866.06 | R5: 3.19 | S5: 3387.45 | T5: 49909.087 | U5: 0.003482 | V5: 0.77233296 | W5: 0.0078583937
A6: 1035 | B6: 1037 | C6: Allianz Global Investors Gmbh | D6: 529900K9B0N5BT694847 | E6: LEI | F6: ALLIANZ INDIA EQUITY WT USD | G6: LU2810809116 | H6: ISIN | I6: מניות | J6: חו"ל | K6: הודו | L6: סחיר | M6: NSE | N6: CNX NIFTY - מניות בחו"ל - מניות גיאוגרפי - חשופת מט"ח-אסיה הודו | O6: לא | P6: USD | Q6: 16 | R6: 3.19 | S6: 108253 | T6: 55.252 | U6: 7.1e-05 | V6: 0.38873876 | W6: 0.00013222198
A7: 1035 | B7: 1037 | C7: Kotak | D7: 213800SJ3IH3EXMXSJ47 | E7: LEI | F7: KOT-IND MID-J | G7: LU0675383409 | H7: ISIN | I7: מניות | J7: חו"ל | K7: הודו | L7: סחיר | M7: אחר | N7: CNX NIFTY - מניות בחו"ל - מניות גיאוגרפי - חשופת מט"ח-אסיה הודו | O7: לא | P7: USD | Q7: 804 | R7: 3.19 | S7: 3387.45 | T7: 86.88 | U7: 6e-06 | V7: 0.61126124 | W7: 0.00020790871
A8: 1035 | B8: 9939 | C8: אי בי אי ניהול קרנות נאמנות בע"מ | D8: 510791031 | E8: ח.פ. | F8: איביאי טכנולגיית עילית | G8: IL0011425381 | H8: ISIN | I8: מניות | J8: ישראל | K8: ישראל | L8: סחיר | M8: TASE | N8: קרן סגורה-קרן טכנולוגיה עילית | O8: לא | P8: ILS | Q8: 351364.03 | R8: 1 | S8: 111.9 | T8: 393.176 | U8: 0.001135 | V8: 0.01045991 | W8: 9.176395e-05
A9: 1035 | B9: 9939 | C9: קסם קרנות נאמנות בע"מ | D9: 510938608 | E9: ח.פ. | F9: קסם KTF S&P 500 | G9: IL0051244825 | H9: ISIN | I9: מניות | J9: ישראל | K9: ארה"ב | L9: סחיר | M9: TASE | N9: S&P 500 - מניות בחו"ל - מניות גיאוגרפי - חשופת מט"ח-ארה"ב | O9: לא | P9: ILS | Q9: 1137000 | R9: 1 | S9: 296.04 | T9: 3365.975 | U9: 0.000741 | V9: 0.089547082 | W9: 0.00078558932
A10: 1035 | B10: 9939 | C10: Allianz Global Investors Gmbh | D10: 529900K9B0N5BT694847 | E10: LEI | F10: ALLIANZ INDIA EQUITY WT USD | G10: LU2810809116 | H10: ISIN | I10: מניות | J10: חו"ל | K10: הודו | L10: סחיר | M10: NSE | N10: CNX NIFTY - מניות בחו"ל - מניות גיאוגרפי - חשופת מט"ח-אסיה הודו | O10: לא | P10: USD | Q10: 1874 | R10: 3.19 | S10: 108253 | T10: 6471.429 | U10: 0.008313 | V10: 0.17216338 | W10: 0.0015103755
A11: 1035 | B11: 9939 | C11: Kotak | D11: 213800SJ3IH3EXMXSJ47 | E11: LEI | F11: KOT-IND MID-J | G11: LU0675383409 | H11: ISIN | I11: מניות | J11: חו"ל | K11: הודו | L11: סחיר | M11: אחר | N11: CNX NIFTY - מניות בחו"ל - מניות גיאוגרפי - חשופת מט"ח-אסיה הודו | O11: לא | P11: USD | Q11: 253177.77 | R11: 3.19 | S11: 3387.45 | T11: 27358.302 | U11: 0.001909 | V11: 0.72782962 | W11: 0.0063851905
A12: 1035 | B12: 9940 | C12: קסם קרנות נאמנות בע"מ | D12: 510938608 | E12: ח.פ. | F12: קסם KTF S&P 500 | G12: IL0051244825 | H12: ISIN | I12: מניות | J12: ישראל | K12: ארה"ב | L12: סחיר | M12: TASE | N12: S&P 500 - מניות בחו"ל - מניות גיאוגרפי - חשופת מט"ח-ארה"ב | O12: לא | P12: ILS | Q12: 4554000 | R12: 1 | S12: 296.04 | T12: 13481.662 | U12: 0.00297 | V12: 0.12269887 | W12: 0.00099221036
A13: 1035 | B13: 9940 | C13: Allianz Global Investors Gmbh | D13: 529900K9B0N5BT694847 | E13: LEI | F13: ALLIANZ INDIA EQUITY WT USD | G13: LU2810809116 | H13: ISIN | I13: מניות | J13: חו"ל | K13: הודו | L13: סחיר | M13: NSE | N13: CNX NIFTY - מניות בחו"ל - מניות גיאוגרפי - חשופת מט"ח-אסיה הודו | O13: לא | P13: USD | Q13: 5042 | R13: 3.19 | S13: 108253 | T13: 17411.391 | U13: 0.022365 | V13: 0.15846399 | W13: 0.0012814268
... A57: 11389 | B57: 15420 | C57: קסם קרנות נאמנות בע"מ | D57: 510938608 | E57: ח.פ. | F57: קסם KTF S&P 500 | G57: IL0051244825 | H57: ISIN | I57: מניות | J57: ישראל | K57: ארה"ב | L57: סחיר | M57: TASE | N57: S&P 500 - מניות בחו"ל - מניות גיאוגרפי - חשופת מט"ח-ארה"ב | O57: לא | P57: ILS | Q57: 4600 | R57: 1 | S57: 296.04 | T57: 13.618 | U57: 3e-06 | V57: 0.50868126 | W57: 0.00010350989

Sheet כתבי אופציה
A1: מספר קופה/קרן/ח.פ. עבור חברת ביטוח | B1: מספר מסלול | C1: שם מנפיק | D1: מספר מנפיק | E1: סוג מספר מזהה מנפיק | F1: שם נייר ערך | G1: מספר נייר ערך | H1: סוג מספר נייר ערך | I1: ישראל/חו"ל | J1: מדינה לפי חשיפה כלכלית | K1: סטאטוס סחירות | L1: זירת מסחר | M1: נכס בסיס (כתב אופציה) | N1: ענף מסחר | O1: תאריך פקיעה | P1: בעל עניין/צד קשור | Q1: מטבע פעילות | R1: שער מימוש | S1: יחס המרה | T1: ערך נקוב (יחידות) | U1: שער חליפין | V1: שער נייר הערך | W1: שווי הוגן (באלפי ש"ח) | X1: שיעור מנכסי אפיק ההשקעה | Y1: שיעור מסך נכסי ההשקעה
A2: 1035 | B2: 1036 | C2: מפעלים פטרוכימיים בישראל בע"מ | D2: 520029315 | E2: ח.פ. | F2: פטרוכימים אפ 1 | G2: IL0011903056 | H2: ISIN | I2: ישראל | J2: ישראל | K2: סחיר | L2: TASE | M2: IL0007560159 | N2: אנרגיה | O2: 25/10/2026 | P2: לא | Q2: ILS | R2: 37.5 | S2: 1 | T2: 59114.09 | U2: 1 | V2: 143.2 | W2: 84.651 | X2: 0.036548593 | Y2: 1.3328712e-05
A3: 1035 | B3: 1036 | C3: סלע קפיטל נדל"ן בע"מ | D3: 513992529 | E3: ח.פ. | F3: סלע נדלן אפ 4 | G3: IL0012050956 | H3: ISIN | I3: ישראל | J3: ישראל | K3: סחיר | L3: TASE | M3: IL0011096448 | N3: נדל"ן מניב בישראל | O3: 31/05/2026 | P3: לא | Q3: ILS | R3: 1050 | S3: 1 | T3: 104956 | U3: 1 | V3: 249.1 | W3: 261.445 | X3: 0.11288017 | Y3: 4.1165667e-05
A4: 1035 | B4: 1036 | C4: ביג מרכזי קניות (2004) בע"מ | D4: 513623314 | E4: ח.פ. | F4: ביג אפ 7 | G4: IL0012143454 | H4: ISIN | I4: ישראל | J4: ישראל | K4: סחיר | L4: TASE | M4: IL0010972607 | N4: נדל"ן מניב בישראל | O4: 01/06/2026 | P4: לא | Q4: ILS | R4: 58000 | S4: 1 | T4: 6074 | U4: 1 | V4: 19020 | W4: 1155.275 | X4: 0.49879483 | Y4: 0.00018190283
A5: 1035 | B5: 1036 | C5: שובל הנדסה ובניין בע"מ | D5: 512951518 | E5: ח.פ. | F5: שובל הנדסה אופ 1 | G5: IL0012159617 | H5: ISIN | I5: ישראל | J5: ישראל | K5: סחיר | L5: TASE | M5: IL0012079682 | N5: בנייה | O5: 09/01/2027 | P5: לא | Q5: ILS | R5: 1023 | S5: 1 | T5: 37985 | U5: 1 | V5: 113.2 | W5: 42.999 | X5: 0.01856501 | Y5: 6.7703749e-06
A6: 1035 | B6: 1036 | C6: פאי סיאם בע"מ | D6: 513978635 | E6: ח.פ. | F6: פאי סיאם אופ 1 | G6: IL0012162827 | H6: ISIN | I6: ישראל | J6: ישראל | K6: סחיר | L6: TASE | M6: IL0011865271 | N6: מלונאות ותיירות | O6: 12/01/2028 | P6: לא | Q6: ILS | R6: 4900 | S6: 1 | T6: 11883 | U6: 1 | V6: 600.1 | W6: 71.31 | X6: 0.030788346 | Y6: 1.1228038e-05
A7: 1035 | B7: 1036 | C7: בלדי בע"מ | D7: 511226136 | E7: ח.פ. | F7: בלדי אפ 1 | G7: IL0012166620 | H7: ISIN | I7: ישראל | J7: ישראל | K7: סחיר | L7: TASE | M7: IL0012125394 | N7: מסחר | O7: 31/01/2028 | P7: לא | Q7: ILS | R7: 2800 | S7: 1 | T7: 17350 | U7: 1 | V7: 1549 | W7: 268.752 | X7: 0.11603461 | Y7: 4.2316044e-05
A8: 1035 | B8: 1036 | C8: סולאיר אנרגיות מתחדשות בע"מ | D8: 516046307 | E8: ח.פ. | F8: סולאיר אפ 1 | G8: IL0012179185 | H8: ISIN | I8: ישראל | J8: ישראל | K8: סחיר | L8: TASE | M8: IL0011722878 | N8: אנרגיה מתחדשת | O8: 31/08/2026 | P8: לא | Q8: ILS | R8: 4152 | S8: 1 | T8: 3150 | U8: 1 | V8: 1756 | W8: 55.314 | X8: 0.023882056 | Y8: 8.7094198e-06
A9: 1035 | B9: 1036 | C9: נאוויטס פטרוליום, שותפות מוגבלת | D9: 550263107 | E9: מספר שותפות | F9: נאוויטס פטרו אפ 6 | G9: IL0012288242 | H9: ISIN | I9: ישראל | J9: ישראל | K9: סחיר | L9: TASE | M9: IL0011419699 | N9: חיפושי נפט וגז | O9: 31/08/2026 | P9: לא | Q9: ILS | R9: 12000 | S9: 1 | T9: 13950 | U9: 1 | V9: 1780 | W9: 248.31 | X9: 0.1072089 | Y9: 3.9097444e-05
A10: 1035 | B10: 1036 | C10: אנרג'יקס אנרגיות מתחדשות בע"מ | D10: 513901371 | E10: ח.פ. | F10: אנרג'יקס אפ 4 | G10: IL0012337171 | H10: ISIN | I10: ישראל | J10: ישראל | K10: סחיר | L10: TASE | M10: IL0011233553 | N10: אנרגיה מתחדשת | O10: 30/09/2026 | P10: לא | Q10: ILS | R10: 1640 | S10: 0 | T10: 168300 | U10: 1 | V10: 76.1 | W10: 128.076 | X10: 0.055297489 | Y10: 2.0166147e-05
A11: 1035 | B11: 1037 | C11: מפעלים פטרוכימיים בישראל בע"מ | D11: 520029315 | E11: ח.פ. | F11: פטרוכימים אפ 1 | G11: IL0011903056 | H11: ISIN | I11: ישראל | J11: ישראל | K11: סחיר | L11: TASE | M11: IL0007560159 | N11: אנרגיה | O11: 25/10/2026 | P11: לא | Q11: ILS | R11: 37.5 | S11: 1 | T11: 2275.29 | U11: 1 | V11: 143.2 | W11: 3.258 | X11: 0.015008149 | Y11: 7.7970951e-06
A12: 1035 | B12: 1037 | C12: אלומיי קפיטל בע"מ | D12: 520039868 | E12: ח.פ. | F12: אלומיי אופ 2 | G12: IL0012030826 | H12: ISIN | I12: ישראל | J12: ישראל | K12: סחיר | L12: TASE | M12: IL0010826357 | N12: אנרגיה מתחדשת | O12: 05/01/2028 | P12: לא | Q12: ILS | R12: 8000 | S12: 1 | T12: 648 | U12: 1 | V12: 1354 | W12: 8.774 | X12: 0.040414855 | Y12: 2.0996491e-05
A13: 1035 | B13: 1037 | C13: סלע קפיטל נדל"ן בע"מ | D13: 513992529 | E13: ח.פ. | F13: סלע נדלן אפ 4 | G13: IL0012050956 | H13: ISIN | I13: ישראל | J13: ישראל | K13: סחיר | L13: TASE | M13: IL0011096448 | N13: נדל"ן מניב בישראל | O13: 31/05/2026 | P13: לא | Q13: ILS | R13: 1050 | S13: 1 | T13: 32153 | U13: 1 | V13: 249.1 | W13: 80.093 | X13: 0.36892882 | Y13: 0.00019166741
... A166: 11389 | B166: 15715 | C166: אנרג'יקס אנרגיות מתחדשות בע"מ | D166: 513901371 | E166: ח.פ. | F166: אנרג'יקס אפ 4 | G166: IL0012337171 | H166: ISIN | I166: ישראל | J166: ישראל | K166: סחיר | L166: TASE | M166: IL0011233553 | N166: אנרגיה מתחדשת | O166: 30/09/2026 | P166: לא | Q166: ILS | R166: 1640 | S166: 0 | T166: 1100 | U166: 1 | V166: 76.1 | W166: 0.837 | X166: 0.023434972 | Y166: 3.1345031e-05

Sheet אופציות
A1: מספר קופה/קרן/ח.פ. עבור חברת ביטוח | B1: מספר מסלול | C1: שם מנפיק | D1: מספר מנפיק | E1: סוג מספר מזהה מנפיק | F1: שם נייר ערך | G1: מספר נייר ערך | H1: סוג מספר נייר ערך | I1: מאפיין עיקרי | J1: ישראל/חו"ל | K1: מדינה לפי חשיפה כלכלית | L1: זירת מסחר | M1: ענף מסחר | N1: נכס בסיס | O1: תאריך פקיעה | P1: בעל עניין/צד קשור | Q1: מטבע פעילות | R1: שער מימוש | S1: ערך נקוב (יחידות) | T1: שער חליפין | U1: שער נייר הערך | V1: שווי הוגן (באלפי ש"ח) | W1: שיעור מנכסי אפיק ההשקעה | X1: שיעור מסך נכסי ההשקעה
A2: 1035 | B2: 14292 | C2: מסלקת הבורסה | D2: 520027152 | E2: ח.פ. | F2: תC003680M601-35 | G2: IL0860600688 | H2: ISIN | I2: מניה | J2: ישראל | K2: ישראל | L2: TASE | M2: אחר | N2: מניות לרבות מדדי מניות | O2: 30/01/2026 | P2: לא | Q2: ILS | R2: 3680 | S2: 9 | T2: 1 | U2: 246500 | V2: 22.185 | W2: -0.013473831 | X2: 3.6805381e-05
A3: 1035 | B3: 14292 | C3: מסלקת הבורסה | D3: 520027152 | E3: ח.פ. | F3: תP003680M601-35 | G3: IL0860607121 | H3: ISIN | I3: מניה | J3: ישראל | K3: ישראל | L3: TASE | M3: אחר | N3: מניות לרבות מדדי מניות | O3: 30/01/2026 | P3: לא | Q3: ILS | R3: 3680 | S3: -9 | T3: 1 | U3: 485000 | V3: -43.65 | W3: 0.026510378 | X3: -7.2416267e-05
A4: 1035 | B4: 14292 | C4: מסלקת הבורסה | D4: 520027152 | E4: ח.פ. | F4: תC003710M601-35 | G4: IL0861294267 | H4: ISIN | I4: מניה | J4: ישראל | K4: ישראל | L4: TASE | M4: אחר | N4: מניות לרבות מדדי מניות | O4: 25/01/2026 | P4: לא | Q4: ILS | R4: 3710 | S4: 421 | T4: 1 | U4: 191500 | V4: 806.215 | W4: -0.48964638 | X4: 0.0013375276
A5: 1035 | B5: 14292 | C5: מסלקת הבורסה | D5: 520027152 | E5: ח.פ. | F5: תP003710M601-35 | G5: IL0861302342 | H5: ISIN | I5: מניה | J5: ישראל | K5: ישראל | L5: TASE | M5: אחר | N5: מניות לרבות מדדי מניות | O5: 25/01/2026 | P5: לא | Q5: ILS | R5: 3710 | S5: -421 | T5: 1 | U5: 577500 | V5: -2431.275 | W5: 1.4766098 | X5: -0.0040335363
A6: 1038 | B6: 8563 | C6: מסלקת הבורסה | D6: 520027152 | E6: ח.פ. | F6: תC003680M601-35 | G6: IL0860600688 | H6: ISIN | I6: מניה | J6: ישראל | K6: ישראל | L6: TASE | M6: אחר | N6: מניות לרבות מדדי מניות | O6: 30/01/2026 | P6: לא | Q6: ILS | R6: 3680 | S6: 282 | T6: 1 | U6: 246500 | V6: 695.13 | W6: -0.78901488 | X6: 5.4232518e-05
A7: 1038 | B7: 8563 | C7: מסלקת הבורסה | D7: 520027152 | E7: ח.פ. | F7: תP003680M601-35 | G7: IL0860607121 | H7: ISIN | I7: מניה | J7: ישראל | K7: ישראל | L7: TASE | M7: אחר | N7: מניות לרבות מדדי מניות | O7: 30/01/2026 | P7: לא | Q7: ILS | R7: 3680 | S7: -282 | T7: 1 | U7: 485000 | V7: -1367.7 | W7: 1.5524228 | X7: -0.00010670495
A8: 1038 | B8: 8563 | C8: מסלקת הבורסה | D8: 520027152 | E8: ח.פ. | F8: תC003710M601-35 | G8: IL0861294267 | H8: ISIN | I8: מניה | J8: ישראל | K8: ישראל | L8: TASE | M8: אחר | N8: מניות לרבות מדדי מניות | O8: 25/01/2026 | P8: לא | Q8: ILS | R8: 3710 | S8: 54 | T8: 1 | U8: 191500 | V8: 103.41 | W8: -0.11737665 | X8: 8.0678213e-06
A9: 1038 | B9: 8563 | C9: מסלקת הבורסה | D9: 520027152 | E9: ח.פ. | F9: תP003710M601-35 | G9: IL0861302342 | H9: ISIN | I9: מניה | J9: ישראל | K9: ישראל | L9: TASE | M9: אחר | N9: מניות לרבות מדדי מניות | O9: 25/01/2026 | P9: לא | Q9: ILS | R9: 3710 | S9: -54 | T9: 1 | U9: 577500 | V9: -311.85 | W9: 0.35396874 | X9: -2.4329853e-05
A10: 1038 | B10: 15714 | C10: מסלקת הבורסה | D10: 520027152 | E10: ח.פ. | F10: תC003680M601-35 | G10: IL0860600688 | H10: ISIN | I10: מניה | J10: ישראל | K10: ישראל | L10: TASE | M10: אחר | N10: מניות לרבות מדדי מניות | O10: 30/01/2026 | P10: לא | Q10: ILS | R10: 3680 | S10: 21 | T10: 1 | U10: 246500 | V10: 51.765 | W10: -0.13413923 | X10: 0.00066746445
A11: 1038 | B11: 15714 | C11: מסלקת הבורסה | D11: 520027152 | E11: ח.פ. | F11: תP003680M601-35 | G11: IL0860607121 | H11: ISIN | I11: מניה | J11: ישראל | K11: ישראל | L11: TASE | M11: אחר | N11: מניות לרבות מדדי מניות | O11: 30/01/2026 | P11: לא | Q11: ILS | R11: 3680 | S11: -21 | T11: 1 | U11: 485000 | V11: -101.85 | W11: 0.26392506 | X11: -0.0013132668
A12: 1038 | B12: 15714 | C12: מסלקת הבורסה | D12: 520027152 | E12: ח.פ. | F12: תC003710M601-35 | G12: IL0861294267 | H12: ISIN | I12: מניה | J12: ישראל | K12: ישראל | L12: TASE | M12: אחר | N12: מניות לרבות מדדי מניות | O12: 25/01/2026 | P12: לא | Q12: ILS | R12: 3710 | S12: 87 | T12: 1 | U12: 191500 | V12: 166.605 | W12: -0.43172542 | X12: 0.0021482259
A13: 1038 | B13: 15714 | C13: מסלקת הבורסה | D13: 520027152 | E13: ח.פ. | F13: תP003710M601-35 | G13: IL0861302342 | H13: ISIN | I13: מניה | J13: ישראל | K13: ישראל | L13: TASE | M13: אחר | N13: מניות לרבות מדדי מניות | O13: 25/01/2026 | P13: לא | Q13: ILS | R13: 3710 | S13: -87 | T13: 1 | U13: 577500 | V13: -502.425 | W13: 1.3019396 | X13: -0.0064783315
... A15: 11389 | B15: 15715 | C15: מסלקת הבורסה | D15: 520027152 | E15: ח.פ. | F15: תP003710M601-35 | G15: IL0861302342 | H15: ISIN | I15: מניה | J15: ישראל | K15: ישראל | L15: TASE | M15: אחר | N15: מניות לרבות מדדי מניות | O15: 25/01/2026 | P15: לא | Q15: ILS | R15: 3710 | S15: -33 | T15: 1 | U15: 577500 | V15: -190.575 | W15: 1.496114 | X15: -0.0071360403

Sheet חוזים עתידיים
A1: מספר קופה/קרן/ח.פ. עבור חברת ביטוח | B1: מספר מסלול | C1: שם מנפיק | D1: מספר מנפיק | E1: סוג מספר מזהה מנפיק | F1: שם נייר ערך | G1: מספר נייר ערך | H1: סוג מספר נייר ערך | I1: ישראל/חו"ל | J1: מדינה לפי חשיפה כלכלית | K1: זירת מסחר | L1: נכס בסיס | M1: בעל עניין/צד קשור | N1: מטבע פעילות | O1: ערך נקוב (יחידות) | P1: שער חליפין | Q1: שער נייר הערך | R1: שווי הוגן (באלפי ש"ח) | S1: שיעור מנכסי אפיק ההשקעה | T1: שיעור מסך נכסי ההשקעה
A2: 1035 | B2: 1036 | C2: חוזים עתידיים בחול | D2: 10527 | E2: פנימי | F2: NQH6_NASDAQ 100 E-MINI MAR 26 | G2: NQH6 | H2: טיקר | I2: חו"ל | J2: ארה"ב | K2: CME | L2: מניות לרבות מדדי מניות | M2: לא | N2: USD | O2: 4 | P2: 3.19 | Q2: 25456.75 | R2: 30.878 | S2: 0.008712779 | T2: 4.8619291e-06
A3: 1035 | B3: 1036 | C3: חוזים עתידיים בחול | D3: 10527 | E3: פנימי | F3: JGSF6_Nfty 50 Fut Jan2026 | G3: JGSF6 | H3: טיקר | I3: חו"ל | J3: הודו | K3: CME | L3: מניות לרבות מדדי מניות | M3: לא | N3: USD | O3: 357 | P3: 3.19 | Q3: 26347.5 | R3: -29.848 | S3: -0.0084220494 | T3: -4.6996954e-06
A4: 1035 | B4: 1036 | C4: חוזים עתידיים בחול | D4: 10527 | E4: פנימי | F4: ESH6_S&P500 EMINI FUT MAR 26 | G4: ESH6 | H4: טיקר | I4: חו"ל | J4: ארה"ב | K4: CME | L4: מניות לרבות מדדי מניות | M4: לא | N4: USD | O4: -22 | P4: 3.19 | Q4: 6892.5 | R4: 204.524 | S4: 0.057709446 | T4: 3.2203185e-05
A5: 1035 | B5: 1036 | C5: חוזים עתידיים בחול | D5: 10527 | E5: פנימי | F5: MESH6_mini MSCI Emg Mkt MAR 26 | G5: MESH6 | H5: טיקר | I5: חו"ל | J5: ארה"ב | K5: CME | L5: מניות לרבות מדדי מניות | M5: לא | N5: USD | O5: 55 | P5: 3.19 | Q5: 1411.4 | R5: 361.701 | S5: 0.10205909 | T5: 5.6951297e-05
A6: 1035 | B6: 1036 | C6: חוזים עתידיים בחול | D6: 10527 | E6: פנימי | F6: GXH6_DAX INDEX FUTURE MAR 26 | G6: GXH6 | H6: טיקר | I6: חו"ל | J6: גרמניה | K6: FWB | L6: מניות לרבות מדדי מניות | M6: לא | N6: EUR | O6: 38 | P6: 3.7455 | Q6: 24690 | R6: 1394.143 | S6: 0.39337747 | T6: 0.00021951359
A7: 1035 | B7: 1036 | C7: חוזים עתידיים בחול | D7: 10527 | E7: פנימי | F7: DFWH6_DAX Mini Future MAR 26 | G7: DFWH6 | H7: טיקר | I7: חו"ל | J7: גרמניה | K7: FWB | L7: מניות לרבות מדדי מניות | M7: לא | N7: EUR | O7: 15 | P7: 3.7455 | Q7: 24690 | R7: 110.826 | S7: 0.031271256 | T7: 1.7450073e-05
A8: 1035 | B8: 1036 | C8: חוזים עתידיים בחול | D8: 10527 | E8: פנימי | F8: XPH6_spi 200 fut Mar26 | G8: XPH6 | H8: טיקר | I8: חו"ל | J8: אוסטרליה | K8: ASX | L8: מניות לרבות מדדי מניות | M8: לא | N8: AUD | O8: -25 | P8: 2.1319 | Q8: 8676 | R8: -108.982 | S8: -0.030750713 | T8: -1.7159598e-05
A9: 1035 | B9: 1036 | C9: חוזים עתידיים בחול | D9: 10527 | E9: פנימי | F9: ZWPH6_MSCI World Index MAR 26 | G9: ZWPH6 | H9: טיקר | I9: חו"ל | J9: גלובלי | K9: CME | L9: מניות לרבות מדדי מניות | M9: לא | N9: USD | O9: 104 | P9: 3.19 | Q9: 14460 | R9: 670.36 | S9: 0.18915182 | T9: 0.00010555102
A10: 1035 | B10: 1036 | C10: חוזים עתידיים בחול | D10: 10527 | E10: פנימי | F10: SXOH6_STOXX EUROPE 600 MAR 26 | G10: SXOH6 | H10: טיקר | I10: חו"ל | J10: אירופה | K10: FWB | L10: מניות לרבות מדדי מניות | M10: לא | N10: EUR | O10: 422 | P10: 3.7455 | Q10: 595 | R10: 955.374 | S10: 0.26957244 | T10: 0.00015042756
A11: 1035 | B11: 1036 | C11: חוזים עתידיים בחול | D11: 10527 | E11: פנימי | F11: RTYH6_russell 2000_fut_mar26 | G11: RTYH6 | H11: טיקר | I11: חו"ל | J11: ארה"ב | K11: CME | L11: מניות לרבות מדדי מניות | M11: לא | N11: USD | O11: 5 | P11: 3.19 | Q11: 2498 | R11: -44.944 | S11: -0.012681545 | T11: -7.0765911e-06
A12: 1035 | B12: 1037 | C12: חוזים עתידיים בחול | D12: 10527 | E12: פנימי | F12: WNH6_US ULTRA BOND CBT MAR26 | G12: WNH6 | H12: טיקר | I12: חו"ל | J12: ארה"ב | K12: CME | L12: ריבית ואג"ח | M12: לא | N12: USD | O12: 71 | P12: 3.19 | Q12: 118 | R12: -607.318 | S12: 1.0344195 | T12: -0.0014533455
A13: 1035 | B13: 1037 | C13: חוזים עתידיים בחול | D13: 10527 | E13: פנימי | F13: JGSF6_Nfty 50 Fut Jan2026 | G13: JGSF6 | H13: טיקר | I13: חו"ל | J13: הודו | K13: CME | L13: מניות לרבות מדדי מניות | M13: לא | N13: USD | O13: 5 | P13: 3.19 | Q13: 26347.5 | R13: -0.418 | S13: 0.00071184379 | T13: -1.000131e-06
... A135: 11389 | B135: 15420 | C135: חוזים עתידיים בחול | D135: 10527 | E135: פנימי | F135: HWAH6_SP500 MIC EMINI MAR 26 | G135: HWAH6 | H135: טיקר | I135: חו"ל | J135: ארה"ב | K135: CME | L135: מניות לרבות מדדי מניות | M135: לא | N135: USD | O135: -19 | P135: 3.19 | Q135: 6892.5 | R135: 10.019 | S135: -1.1991328 | T135: 7.6155731e-05

Sheet מוצרים מובנים
A1: מספר קופה/קרן/ח.פ. עבור חברת ביטוח | B1: מספר מסלול | C1: שם מנפיק | D1: מספר מנפיק | E1: סוג מספר מזהה מנפיק | F1: שם נייר ערך | G1: מספר נייר ערך | H1: סוג מספר נייר ערך | I1: מאפיין עיקרי | J1: ישראל/חו"ל | K1: מדינה לפי חשיפה כלכלית | L1: סטאטוס סחירות | M1: זירת מסחר | N1: נכס בסיס | O1: בעל עניין/צד קשור | P1: מח"מ | Q1: שיעור ריבית | R1: תשואה לפדיון | S1: דירוג | T1: שם מדרג | U1: דירוג נייר הערך/המנפיק | V1: מטבע פעילות | W1: ערך נקוב (יחידות) | X1: שער חליפין | Y1: שער נייר הערך | Z1: שווי הוגן (באלפי ש"ח) | AA1: שיעור מנכסי אפיק ההשקעה | AB1: שיעור מסך נכסי ההשקעה
A2: 1035 | B2: 1037 | C2: אלה פקדונות בע"מ | D2: 515666881 | E2: ח.פ. | F2: אלה פקדון אגח ד | G2: IL0011623043 | H2: ISIN | I2: קרן מובטחת | J2: ישראל | K2: ישראל | L2: סחיר | M2: TASE | N2: מט"ח | O2: לא | P2: 0.277 | Q2: 0.088553 | R2: 0.34912 | S2: AAA | T2: S&P מעלות | U2: נייר ערך | V2: ILS | W2: 2923433 | X2: 1 | Y2: 93.15 | Z2: 2723.178 | AA2: 0.18000773 | AB2: 0.00651672
A3: 1035 | B3: 1037 | C3: הראל פיקדון סחיר בע"מ | D3: 515989440 | E3: ח.פ. | F3: הראל פיקדון אגח ב' | G3: IL0011625022 | H3: ISIN | I3: קרן מובטחת | J3: ישראל | K3: ישראל | L3: סחיר | M3: TASE | N3: ריבית ואג"ח | O3: לא | P3: 1.063 | Q3: 0.012 | R3: 0.04493 | S3: Aaa | T3: מידרוג Moodys | U3: נייר ערך | V3: ILS | W3: 1713095 | X3: 1 | Y3: 103.75 | Z3: 1777.336 | AA3: 0.11748562 | AB3: 0.0042532666
A4: 1035 | B4: 1037 | C4: אלה פקדונות בע"מ | D4: 515666881 | E4: ח.פ. | F4: אלה פקדון אגח ה | G4: IL0011625774 | H4: ISIN | I4: קרן מובטחת | J4: ישראל | K4: ישראל | L4: סחיר | M4: TASE | N4: מדד המחירים לצרכן | O4: לא | P4: 2.537 | Q4: 0.0005 | R4: 0.02518 | S4: AAA | T4: S&P מעלות | U4: נייר ערך | V4: ILS | W4: 9646548 | X4: 1 | Y4: 110.17 | Z4: 10627.602 | AA4: 0.70250665 | AB4: 0.025432458
A5: 1035 | B5: 1360 | C5: הראל פיקדון סחיר בע"מ | D5: 515989440 | E5: ח.פ. | F5: הראל פיקדון אגח ב' | G5: IL0011625022 | H5: ISIN | I5: קרן מובטחת | J5: ישראל | K5: ישראל | L5: סחיר | M5: TASE | N5: ריבית ואג"ח | O5: לא | P5: 1.063 | Q5: 0.012 | R5: 0.04493 | S5: Aaa | T5: מידרוג Moodys | U5: נייר ערך | V5: ILS | W5: 200000 | X5: 1 | Y5: 103.75 | Z5: 207.5 | AA5: 0.12329894 | AB5: 0.0023600601
A6: 1035 | B6: 1360 | C6: אלה פקדונות בע"מ | D6: 515666881 | E6: ח.פ. | F6: אלה פקדון אגח ה | G6: IL0011625774 | H6: ISIN | I6: קרן מובטחת | J6: ישראל | K6: ישראל | L6: סחיר | M6: TASE | N6: מדד המחירים לצרכן | O6: לא | P6: 2.537 | Q6: 0.0005 | R6: 0.02518 | S6: AAA | T6: S&P מעלות | U6: נייר ערך | V6: ILS | W6: 1339204.6 | X6: 1 | Y6: 110.17 | Z6: 1475.402 | AA6: 0.87670106 | AB6: 0.0167809
A7: 1035 | B7: 9939 | C7: אלה פקדונות בע"מ | D7: 515666881 | E7: ח.פ. | F7: אלה פקדון אגח ד | G7: IL0011623043 | H7: ISIN | I7: קרן מובטחת | J7: ישראל | K7: ישראל | L7: סחיר | M7: TASE | N7: מט"ח | O7: לא | P7: 0.277 | Q7: 0.088553 | R7: 0.34912 | S7: AAA | T7: S&P מעלות | U7: נייר ערך | V7: ILS | W7: 9570395 | X7: 1 | Y7: 93.15 | Z7: 8914.823 | AA7: 0.42008517 | AB7: 0.0020806424
A8: 1035 | B8: 9939 | C8: הראל פיקדון סחיר בע"מ | D8: 515989440 | E8: ח.פ. | F8: הראל פיקדון אגח ב' | G8: IL0011625022 | H8: ISIN | I8: קרן מובטחת | J8: ישראל | K8: ישראל | L8: סחיר | M8: TASE | N8: ריבית ואג"ח | O8: לא | P8: 1.063 | Q8: 0.012 | R8: 0.04493 | S8: Aaa | T8: מידרוג Moodys | U8: נייר ערך | V8: ILS | W8: 1090573 | X8: 1 | Y8: 103.75 | Z8: 1131.469 | AA8: 0.053317218 | AB8: 0.00026407516
A9: 1035 | B9: 9939 | C9: אלה פקדונות בע"מ | D9: 515666881 | E9: ח.פ. | F9: אלה פקדון אגח ה | G9: IL0011625774 | H9: ISIN | I9: קרן מובטחת | J9: ישראל | K9: ישראל | L9: סחיר | M9: TASE | N9: מדד המחירים לצרכן | O9: לא | P9: 2.537 | Q9: 0.0005 | R9: 0.02518 | S9: AAA | T9: S&P מעלות | U9: נייר ערך | V9: ILS | W9: 9049268.6 | X9: 1 | Y9: 110.17 | Z9: 9969.579 | AA9: 0.4697875 | AB9: 0.0023268133
A10: 1035 | B10: 9939 | C10: קרדיטו הנפקות בע"מ | D10: 516804499 | E10: ח.פ. | F10: קרדיטו אגח א | G10: IL0012103276 | H10: ISIN | I10: קרן מובטחת | J10: ישראל | K10: ישראל | L10: סחיר | M10: TASE | N10: ריבית ואג"ח | O10: לא | P10: 9.252 | Q10: 0.0705 | R10: 0.05205 | S10: AAA | T10: S&P מעלות | U10: נייר ערך | V10: ILS | W10: 1010725.8 | X10: 1 | Y10: 119.28 | Z10: 1205.594 | AA10: 0.056810108 | AB10: 0.00028137512
A11: 1035 | B11: 9940 | C11: אלה פקדונות בע"מ | D11: 515666881 | E11: ח.פ. | F11: אלה פקדון אגח ד | G11: IL0011623043 | H11: ISIN | I11: קרן מובטחת | J11: ישראל | K11: ישראל | L11: סחיר | M11: TASE | N11: מט"ח | O11: לא | P11: 0.277 | Q11: 0.088553 | R11: 0.34912 | S11: AAA | T11: S&P מעלות | U11: נייר ערך | V11: ILS | W11: 37883651 | X11: 1 | Y11: 93.15 | Z11: 35288.621 | AA11: 0.391677 | AB11: 0.002597138
A12: 1035 | B12: 9940 | C12: הראל פיקדון סחיר בע"מ | D12: 515989440 | E12: ח.פ. | F12: הראל פיקדון אגח ב' | G12: IL0011625022 | H12: ISIN | I12: קרן מובטחת | J12: ישראל | K12: ישראל | L12: סחיר | M12: TASE | N12: ריבית ואג"ח | O12: לא | P12: 1.063 | Q12: 0.012 | R12: 0.04493 | S12: Aaa | T12: מידרוג Moodys | U12: נייר ערך | V12: ILS | W12: 3940009 | X12: 1 | Y12: 103.75 | Z12: 4087.759 | AA12: 0.045371037 | AB12: 0.00030084698
A13: 1035 | B13: 9940 | C13: אלה פקדונות בע"מ | D13: 515666881 | E13: ח.פ. | F13: אלה פקדון אגח ה | G13: IL0011625774 | H13: ISIN | I13: קרן מובטחת | J13: ישראל | K13: ישראל | L13: סחיר | M13: TASE | N13: מדד המחירים לצרכן | O13: לא | P13: 2.537 | Q13: 0.0005 | R13: 0.02518 | S13: AAA | T13: S&P מעלות | U13: נייר ערך | V13: ILS | W13: 41819773 | X13: 1 | Y13: 110.17 | Z13: 46072.843 | AA13: 0.51137372 | AB13: 0.0033908248
... A58: 11389 | B58: 11394 | C58: אלה פקדונות בע"מ | D58: 515666881 | E58: ח.פ. | F58: אלה פקדון אגח ד | G58: IL0011623043 | H58: ISIN | I58: קרן מובטחת | J58: ישראל | K58: ישראל | L58: סחיר | M58: TASE | N58: מט"ח | O58: לא | P58: 0.277 | Q58: 0.088553 | R58: 0.34912 | S58: AAA | T58: S&P מעלות | U58: נייר ערך | V58: ILS | W58: 282043 | X58: 1 | Y58: 93.15 | Z58: 262.723 | AA58: 1 | AB58: 7.7233546e-05

Sheet לא סחיר איגרות חוב ממשלתיות
A1: מספר קופה/קרן/ח.פ. עבור חברת ביטוח | B1: מספר מסלול | C1: שם מנפיק | D1: שם נייר ערך | E1: מספר נייר ערך | F1: סוג מספר נייר ערך | G1: מאפיין עיקרי | H1: ישראל/חו"ל | I1: מדינה לפי חשיפה כלכלית | J1: תאריך רכישה | K1: דירוג | L1: שם מדרג | M1: מטבע פעילות | N1: מח"מ | O1: מועד פדיון | P1: שיעור ריבית | Q1: תשואה לפדיון | R1: ערך נקוב (יחידות) | S1: שער חליפין | T1: שער נייר הערך | U1: שווי הוגן (באלפי ש"ח) | V1: עלות מופחתת (באלפי ש"ח) | W1: השיטה שיושמה בדוח הכספי | X1: שיעור מנכסי אפיק ההשקעה | Y1: שיעור מסך נכסי ההשקעה

Sheet לא סחיר איגרות חוב מיועדות
A1: מספר קופה/קרן/ח.פ. עבור חברת ביטוח | B1: מספר מסלול | C1: מאפיין עיקרי | D1: שם נייר ערך | E1: מספר נייר ערך | F1: תאריך רכישה | G1: מח"מ | H1: סוג הצמדה | I1: מועד פדיון | J1: שיעור ריבית | K1: תשואה לפדיון | L1: ערך נקוב (יחידות) | M1: שער נייר הערך | N1: שווי הוגן (באלפי ש"ח) | O1: עלות מופחתת (באלפי ש"ח) | P1: השיטה שיושמה בדוח הכספי | Q1: שיעור מנכסי אפיק ההשקעה | R1: שיעור מסך נכסי ההשקעה

Sheet אפיק השקעה מובטח תשואה
A1: מספר קרן | B1: מספר מסלול | C1: מאפיין עיקרי | D1: חודש הנפקת שכבה | E1: חודש הבדיקה | F1: שווי הנכסים באפיק (באלפי ש"ח) | G1: שיעור מסך נכסי ההשקעה

Sheet לא סחיר ניירות ערך מסחריים
A1: מספר קופה/קרן/ח.פ. עבור חברת ביטוח | B1: מספר מסלול | C1: שם מנפיק | D1: מספר מנפיק | E1: סוג מספר מזהה מנפיק | F1: שם נייר ערך | G1: מספר נייר ערך | H1: סוג מספר נייר ערך | I1: מאפיין עיקרי | J1: ישראל/חו"ל | K1: מדינה לפי חשיפה כלכלית | L1: ענף מסחר | M1: בעל עניין/צד קשור | N1: תאריך רכישה | O1: דירוג | P1: שם מדרג | Q1: דירוג נייר הערך/המנפיק | R1: מטבע פעילות | S1: מח"מ | T1: סוג הצמדה | U1: ריבית עוגן | V1: מועד פדיון | W1: שיעור ריבית | X1: תשואה לפדיון | Y1: נחיתות חוזית | Z1: האם סווג כחוב בעייתי | AA1: סוג גורם משערך | AB1: תלות/אי-תלות המשערך | AC1: שם גורם משערך | AD1: תאריך שערוך אחרון | AE1: תאריך אחרון בו נבחנה בפועל ירידת ערך | AF1: ערך נקוב (יחידות) | AG1: שער חליפין | AH1: שער נייר הערך | AI1: שווי הוגן (באלפי ש"ח) | AJ1: עלות מופחתת (באלפי ש"ח) | AK1: עלות מופחתת (במטבע הפעילות) | AL1: השיטה שיושמה בדוח הכספי | AM1: שיעור מנכסי אפיק ההשקעה | AN1: שיעור מסך נכסי ההשקעה
A2: 1035 | B2: 1036 | C2: אלביט מערכות בע"מ | D2: 520043027 | E2: ח.פ. | F2: אלביט מערכות נעמ1-ל | G2: IL0011991572 | H2: ISIN | I2: צמוד למט"ח | J2: ישראל | K2: ישראל | L2: ביטחוניות | M2: לא | N2: 45838 | O2: A-1+ | P2: S&P מעלות | Q2: נייר ערך | R2: USD | S2: 0.02 | T2: לא צמוד | U2: SOFR | V2: 04/08/2028 | W2: 0.0487477 | X2: 0.0471 | Y2: החוב לא נחות | AA2: חברת ציטוט | AB2: אי-תלות | AC2: מרווח הוגן | AD2: 31/12/2025 | AF2: 611613.1 | AG2: 3.19 | AH2: 100.58 | AI2: 1962.362 | AL2: שווי הוגן | AM2: 1 | AN2: 0.00030898205
A3: 1035 | B3: 1037 | C3: אורמת טכנולגיות אינק | D3: 5493000TSHHWY24VHM09 | E3: LEI | F3: אורמת נעמ 2 לא סחיר | G3: IL0012004680 | H3: ISIN | I3: צמוד למט"ח | J3: חו"ל | K3: ארה"ב | L3: אנרגיה מתחדשת | M3: לא | N3: 11/12/2023 | O3: A-1+ | P3: S&P מעלות | Q3: נייר ערך | R3: USD | S3: 0.02 | T3: לא צמוד | U3: SOFR | V3: 47021 | W3: 0.0542027 | X3: 0.0483 | Y3: החוב לא נחות | AA3: חברת ציטוט | AB3: אי-תלות | AC3: מרווח הוגן | AD3: 31/12/2025 | AF3: 87000 | AG3: 3.19 | AH3: 101.12 | AI3: 280.638 | AL3: שווי הוגן | AM3: 0.2238743 | AN3: 0.00067158355
A4: 1035 | B4: 1037 | C4: אלקטרה נדל"ן בע"מ | D4: 510607328 | E4: ח.פ. | F4: אלקטרה נדלן נעמ 1 | G4: IL0012254327 | H4: ISIN | I4: לא צמוד למדד המחירים לצרכן | J4: ישראל | K4: ארה"ב | L4: נדל"ן מניב בחו"ל | M4: לא | N4: 16/07/2025 | O4: A-2 | P4: S&P מעלות | Q4: נייר ערך | R4: ILS | S4: 0.08 | T4: לא צמוד | U4: ללא | V4: 15/07/2030 | W4: 0.0549 | X4: 0.0548 | Y4: החוב לא נחות | AA4: חברת ציטוט | AB4: אי-תלות | AC4: מרווח הוגן | AD4: 31/12/2025 | AF4: 949000 | AG4: 1 | AH4: 102.52 | AI4: 972.915 | AL4: שווי הוגן | AM4: 0.7761257 | AN4: 0.0023282406
A5: 1035 | B5: 9939 | C5: אלביט מערכות בע"מ | D5: 520043027 | E5: ח.פ. | F5: אלביט מערכות נעמ1-ל | G5: IL0011991572 | H5: ISIN | I5: צמוד למט"ח | J5: ישראל | K5: ישראל | L5: ביטחוניות | M5: לא | N5: 45838 | O5: A-1+ | P5: S&P מעלות | Q5: נייר ערך | R5: USD | S5: 0.02 | T5: לא צמוד | U5: SOFR | V5: 04/08/2028 | W5: 0.0487477 | X5: 0.0471 | Y5: החוב לא נחות | AA5: חברת ציטוט | AB5: אי-תלות | AC5: מרווח הוגן | AD5: 31/12/2025 | AF5: 577383.23 | AG5: 3.19 | AH5: 100.58 | AI5: 1852.535 | AL5: שווי הוגן | AM5: 0.078142244 | AN5: 0.00043236566
A6: 1035 | B6: 9939 | C6: אורמת טכנולגיות אינק | D6: 5493000TSHHWY24VHM09 | E6: LEI | F6: אורמת נעמ 2 לא סחיר | G6: IL0012004680 | H6: ISIN | I6: צמוד למט"ח | J6: חו"ל | K6: ארה"ב | L6: אנרגיה מתחדשת | M6: לא | N6: 11/12/2023 | O6: A-1+ | P6: S&P מעלות | Q6: נייר ערך | R6: USD | S6: 0.02 | T6: לא צמוד | U6: SOFR | V6: 47021 | W6: 0.0542027 | X6: 0.0483 | Y6: החוב לא נחות | AA6: חברת ציטוט | AB6: אי-תלות | AC6: מרווח הוגן | AD6: 31/12/2025 | AF6: 2591000 | AG6: 3.19 | AH6: 101.12 | AI6: 8357.861 | AL6: שווי הוגן | AM6: 0.352545 | AN6: 0.0019506523
A7: 1035 | B7: 9939 | C7: רפאל-רשות לפיתוח אמצעי לחימה בע"מ | D7: 520042185 | E7: ח.פ. | F7: נייר ערך מסחרי רפאל סדרה 3 | G7: IL0012202193 | H7: ISIN | I7: צמוד למט"ח | J7: ישראל | K7: ישראל | L7: ביטחוניות | M7: לא | N7: 09/04/2025 | O7: P-1 | P7: מידרוג Moodys | Q7: נייר ערך | R7: USD | S7: 0.02 | T7: לא צמוד | U7: SOFR | V7: 13/03/2030 | W7: 0.0502862 | X7: 0.0426 | Y7: החוב לא נחות | AA7: חברת ציטוט | AB7: אי-תלות | AC7: מרווח הוגן | AD7: 31/12/2025 | AF7: 2870000 | AG7: 3.19 | AH7: 101.14 | AI7: 9259.67 | AL7: שווי הוגן | AM7: 0.39058443 | AN7: 0.0021611268
A8: 1035 | B8: 9939 | C8: אלקטרה נדל"ן בע"מ | D8: 510607328 | E8: ח.פ. | F8: אלקטרה נדלן נעמ 1 | G8: IL0012254327 | H8: ISIN | I8: לא צמוד למדד המחירים לצרכן | J8: ישראל | K8: ארה"ב | L8: נדל"ן מניב בחו"ל | M8: לא | N8: 16/07/2025 | O8: A-2 | P8: S&P מעלות | Q8: נייר ערך | R8: ILS | S8: 0.08 | T8: לא צמוד | U8: ללא | V8: 15/07/2030 | W8: 0.0549 | X8: 0.0548 | Y8: החוב לא נחות | AA8: חברת ציטוט | AB8: אי-תלות | AC8: מרווח הוגן | AD8: 31/12/2025 | AF8: 4133000 | AG8: 1 | AH8: 102.52 | AI8: 4237.152 | AL8: שווי הוגן | AM8: 0.17872833 | AN8: 0.00098891443
A9: 1035 | B9: 9940 | C9: אלביט מערכות בע"מ | D9: 520043027 | E9: ח.פ. | F9: אלביט מערכות נעמ1-ל | G9: IL0011991572 | H9: ISIN | I9: צמוד למט"ח | J9: ישראל | K9: ישראל | L9: ביטחוניות | M9: לא | N9: 45838 | O9: A-1+ | P9: S&P מעלות | Q9: נייר ערך | R9: USD | S9: 0.02 | T9: לא צמוד | U9: SOFR | V9: 04/08/2028 | W9: 0.0487477 | X9: 0.0471 | Y9: החוב לא נחות | AA9: חברת ציטוט | AB9: אי-תלות | AC9: מרווח הוגן | AD9: 31/12/2025 | AF9: 1765002.5 | AG9: 3.19 | AH9: 100.58 | AI9: 5663.014 | AL9: שווי הוגן | AM9: 0.072459201 | AN9: 0.00041678106
A10: 1035 | B10: 9940 | C10: אורמת טכנולגיות אינק | D10: 5493000TSHHWY24VHM09 | E10: LEI | F10: אורמת נעמ 2 לא סחיר | G10: IL0012004680 | H10: ISIN | I10: צמוד למט"ח | J10: חו"ל | K10: ארה"ב | L10: אנרגיה מתחדשת | M10: לא | N10: 11/12/2023 | O10: A-1+ | P10: S&P מעלות | Q10: נייר ערך | R10: USD | S10: 0.02 | T10: לא צמוד | U10: SOFR | V10: 47021 | W10: 0.0542027 | X10: 0.0483 | Y10: החוב לא נחות | AA10: חברת ציטוט | AB10: אי-תלות | AC10: מרווח הוגן | AD10: 31/12/2025 | AF10: 6594000 | AG10: 3.19 | AH10: 101.12 | AI10: 21270.45 | AL10: שווי הוגן | AM10: 0.27215893 | AN10: 0.0015654421
A11: 1035 | B11: 9940 | C11: רפאל-רשות לפיתוח אמצעי לחימה בע"מ | D11: 520042185 | E11: ח.פ. | F11: נייר ערך מסחרי רפאל סדרה 3 | G11: IL0012202193 | H11: ISIN | I11: צמוד למט"ח | J11: ישראל | K11: ישראל | L11: ביטחוניות | M11: לא | N11: 09/04/2025 | O11: P-1 | P11: מידרוג Moodys | Q11: נייר ערך | R11: USD | S11: 0.02 | T11: לא צמוד | U11: SOFR | V11: 13/03/2030 | W11: 0.0502862 | X11: 0.0426 | Y11: החוב לא נחות | AA11: חברת ציטוט | AB11: אי-תלות | AC11: מרווח הוגן | AD11: 31/12/2025 | AF11: 9690000 | AG11: 3.19 | AH11: 101.14 | AI11: 31263.487 | AL11: שווי הוגן | AM11: 0.40002148 | AN11: 0.0023009
A12: 1035 | B12: 9940 | C12: אלקטרה נדל"ן בע"מ | D12: 510607328 | E12: ח.פ. | F12: אלקטרה נדלן נעמ 1 | G12: IL0012254327 | H12: ISIN | I12: לא צמוד למדד המחירים לצרכן | J12: ישראל | K12: ארה"ב | L12: נדל"ן מניב בחו"ל | M12: לא | N12: 16/07/2025 | O12: A-2 | P12: S&P מעלות | Q12: נייר ערך | R12: ILS | S12: 0.08 | T12: לא צמוד | U12: ללא | V12: 15/07/2030 | W12: 0.0549 | X12: 0.0548 | Y12: החוב לא נחות | AA12: חברת ציטוט | AB12: אי-תלות | AC12: מרווח הוגן | AD12: 31/12/2025 | AF12: 19467000 | AG12: 1 | AH12: 102.52 | AI12: 19957.568 | AL12: שווי הוגן | AM12: 0.25536039 | AN12: 0.0014688179
A13: 1035 | B13: 9941 | C13: אלביט מערכות בע"מ | D13: 520043027 | E13: ח.פ. | F13: אלביט מערכות נעמ1-ל | G13: IL0011991572 | H13: ISIN | I13: צמוד למט"ח | J13: ישראל | K13: ישראל | L13: ביטחוניות | M13: לא | N13: 45838 | O13: A-1+ | P13: S&P מעלות | Q13: נייר ערך | R13: USD | S13: 0.02 | T13: לא צמוד | U13: SOFR | V13: 04/08/2028 | W13: 0.0487477 | X13: 0.0471 | Y13: החוב לא נחות | AA13: חברת ציטוט | AB13: אי-תלות | AC13: מרווח הוגן | AD13: 31/12/2025 | AF13: 744007.96 | AG13: 3.19 | AH13: 100.58 | AI13: 2387.151 | AL13: שווי הוגן | AM13: 0.059452247 | AN13: 0.00031565398
A14: 1035 | B14: 9941 | C14: אורמת טכנולגיות אינק | D14: 5493000TSHHWY24VHM09 | E14: LEI | F14: אורמת נעמ 2 לא סחיר | G14: IL0012004680 | H14: ISIN | I14: צמוד למט"ח | J14: חו"ל | K14: ארה"ב | L14: אנרגיה מתחדשת | M14: לא | N14: 11/12/2023 | O14: A-1+ | P14: S&P מעלות | Q14: נייר ערך | R14: USD | S14: 0.02 | T14: לא צמוד | U14: SOFR | V14: 47021 | W14: 0.0542027 | X14: 0.0483 | Y14: החוב לא נחות | AA14: חברת ציטוט | AB14: אי-תלות | AC14: מרווח הוגן | AD14: 31/12/2025 | AF14: 2855000 | AG14: 3.19 | AH14: 101.12 | AI14: 9209.453 | AL14: שווי הוגן | AM14: 0.22936241 | AN14: 0.0012177699
A15: 1035 | B15: 9941 | C15: רפאל-רשות לפיתוח אמצעי לחימה בע"מ | D15: 520042185 | E15: ח.פ. | F15: נייר ערך מסחרי רפאל סדרה 3 | G15: IL0012202193 | H15: ISIN | I15: צמוד למט"ח | J15: ישראל | K15: ישראל | L15: ביטחוניות | M15: לא | N15: 09/04/2025 | O15: P-1 | P15: מידרוג Moodys | Q15: נייר ערך | R15: USD | S15: 0.02 | T15: לא צמוד | U15: SOFR | V15: 13/03/2030 | W15: 0.0502862 | X15: 0.0426 | Y15: החוב לא נחות | AA15: חברת ציטוט | AB15: אי-תלות | AC15: מרווח הוגן | AD15: 31/12/2025 | AF15: 4460000 | AG15: 3.19 | AH15: 101.14 | AI15: 14389.592 | AL15: שווי הוגן | AM15: 0.35837431 | AN15: 0.0019027418
A16: 1035 | B16: 9941 | C16: אלקטרה נדל"ן בע"מ | D16: 510607328 | E16: ח.פ. | F16: אלקטרה נדלן נעמ 1 | G16: IL0012254327 | H16: ISIN | I16: לא צמוד למדד המחירים לצרכן | J16: ישראל | K16: ארה"ב | L16: נדל"ן מניב בחו"ל | M16: לא | N16: 16/07/2025 | O16: A-2 | P16: S&P מעלות | Q16: נייר ערך | R16: ILS | S16: 0.08 | T16: לא צמוד | U16: ללא | V16: 15/07/2030 | W16: 0.0549 | X16: 0.0548 | Y16: החוב לא נחות | AA16: חברת ציטוט | AB16: אי-תלות | AC16: מרווח הוגן | AD16: 31/12/2025 | AF16: 13818000 | AG16: 1 | AH16: 102.52 | AI16: 14166.214 | AL16: שווי הוגן | AM16: 0.35281104 | AN16: 0.0018732044
A17: 1038 | B17: 1038 | C17: אלביט מערכות בע"מ | D17: 520043027 | E17: ח.פ. | F17: אלביט מערכות נעמ1-ל | G17: IL0011991572 | H17: ISIN | I17: צמוד למט"ח | J17: ישראל | K17: ישראל | L17: ביטחוניות | M17: לא | N17: 45838 | O17: A-1+ | P17: S&P מעלות | Q17: נייר ערך | R17: USD | S17: 0.02 | T17: לא צמוד | U17: SOFR | V17: 04/08/2028 | W17: 0.0487477 | X17: 0.0471 | Y17: החוב לא נחות | AA17: חברת ציטוט | AB17: אי-תלות | AC17: מרווח הוגן | AD17: 31/12/2025 | AF17: 581907.87 | AG17: 3.19 | AH17: 100.58 | AI17: 1867.053 | AL17: שווי הוגן | AM17: 0.11561451 | AN17: 0.0003917932
A18: 1038 | B18: 1038 | C18: אורמת טכנולגיות אינק | D18: 5493000TSHHWY24VHM09 | E18: LEI | F18: אורמת נעמ 2 לא סחיר | G18: IL0012004680 | H18: ISIN | I18: צמוד למט"ח | J18: חו"ל | K18: ארה"ב | L18: אנרגיה מתחדשת | M18: לא | N18: 11/12/2023 | O18: A-1+ | P18: S&P מעלות | Q18: נייר ערך | R18: USD | S18: 0.02 | T18: לא צמוד | U18: SOFR | V18: 47021 | W18: 0.0542027 | X18: 0.0483 | Y18: החוב לא נחות | AA18: חברת ציטוט | AB18: אי-תלות | AC18: מרווח הוגן | AD18: 31/12/2025 | AF18: 1351000 | AG18: 3.19 | AH18: 101.12 | AI18: 4357.959 | AL18: שווי הוגן | AM18: 0.26986023 | AN18: 0.00091449945
A19: 1038 | B19: 1038 | C19: אלקטרה נדל"ן בע"מ | D19: 510607328 | E19: ח.פ. | F19: אלקטרה נדלן נעמ 1 | G19: IL0012254327 | H19: ISIN | I19: לא צמוד למדד המחירים לצרכן | J19: ישראל | K19: ארה"ב | L19: נדל"ן מניב בחו"ל | M19: לא | N19: 16/07/2025 | O19: A-2 | P19: S&P מעלות | Q19: נייר ערך | R19: ILS | S19: 0.08 | T19: לא צמוד | U19: ללא | V19: 15/07/2030 | W19: 0.0549 | X19: 0.0548 | Y19: החוב לא נחות | AA19: חברת ציטוט | AB19: אי-תלות | AC19: מרווח הוגן | AD19: 31/12/2025 | AF19: 9680000 | AG19: 1 | AH19: 102.52 | AI19: 9923.936 | AL19: שווי הוגן | AM19: 0.61452527 | AN19: 0.0020824966
A20: 1038 | B20: 1162 | C20: אלביט מערכות בע"מ | D20: 520043027 | E20: ח.פ. | F20: אלביט מערכות נעמ1-ל | G20: IL0011991572 | H20: ISIN | I20: צמוד למט"ח | J20: ישראל | K20: ישראל | L20: ביטחוניות | M20: לא | N20: 45838 | O20: A-1+ | P20: S&P מעלות | Q20: נייר ערך | R20: USD | S20: 0.02 | T20: לא צמוד | U20: SOFR | V20: 04/08/2028 | W20: 0.0487477 | X20: 0.0471 | Y20: החוב לא נחות | AA20: חברת ציטוט | AB20: אי-תלות | AC20: מרווח הוגן | AD20: 31/12/2025 | AF20: 3432233.5 | AG20: 3.19 | AH20: 100.58 | AI20: 11012.328 | AL20: שווי הוגן | AM20: 0.075092113 | AN20: 0.00044452332
A21: 1038 | B21: 1162 | C21: אורמת טכנולגיות אינק | D21: 5493000TSHHWY24VHM09 | E21: LEI | F21: אורמת נעמ 2 לא סחיר | G21: IL0012004680 | H21: ISIN | I21: צמוד למט"ח | J21: חו"ל | K21: ארה"ב | L21: אנרגיה מתחדשת | M21: לא | N21: 11/12/2023 | O21: A-1+ | P21: S&P מעלות | Q21: נייר ערך | R21: USD | S21: 0.02 | T21: לא צמוד | U21: SOFR | V21: 47021 | W21: 0.0542027 | X21: 0.0483 | Y21: החוב לא נחות | AA21: חברת ציטוט | AB21: אי-תלות | AC21: מרווח הוגן | AD21: 31/12/2025 | AF21: 11036000 | AG21: 3.19 | AH21: 101.12 | AI21: 35599.134 | AL21: שווי הוגן | AM21: 0.24274742 | AN21: 0.0014369937
A22: 1038 | B22: 1162 | C22: רפאל-רשות לפיתוח אמצעי לחימה בע"מ | D22: 520042185 | E22: ח.פ. | F22: נייר ערך מסחרי רפאל סדרה 3 | G22: IL0012202193 | H22: ISIN | I22: צמוד למט"ח | J22: ישראל | K22: ישראל | L22: ביטחוניות | M22: לא | N22: 09/04/2025 | O22: P-1 | P22: מידרוג Moodys | Q22: נייר ערך | R22: USD | S22: 0.02 | T22: לא צמוד | U22: SOFR | V22: 13/03/2030 | W22: 0.0502862 | X22: 0.0426 | Y22: החוב לא נחות | AA22: חברת ציטוט | AB22: אי-תלות | AC22: מרווח הוגן | AD22: 31/12/2025 | AF22: 19580000 | AG22: 3.19 | AH22: 101.14 | AI22: 63172.246 | AL22: שווי הוגן | AM22: 0.43076609 | AN22: 0.0025500091
A23: 1038 | B23: 1162 | C23: אלקטרה נדל"ן בע"מ | D23: 510607328 | E23: ח.פ. | F23: אלקטרה נדלן נעמ 1 | G23: IL0012254327 | H23: ISIN | I23: לא צמוד למדד המחירים לצרכן | J23: ישראל | K23: ארה"ב | L23: נדל"ן מניב בחו"ל | M23: לא | N23: 16/07/2025 | O23: A-2 | P23: S&P מעלות | Q23: נייר ערך | R23: ILS | S23: 0.08 | T23: לא צמוד | U23: ללא | V23: 15/07/2030 | W23: 0.0549 | X23: 0.0548 | Y23: החוב לא נחות | AA23: חברת ציטוט | AB23: אי-תלות | AC23: מרווח הוגן | AD23: 31/12/2025 | AF23: 35961000 | AG23: 1 | AH23: 102.52 | AI23: 36867.217 | AL23: שווי הוגן | AM23: 0.25139437 | AN23: 0.0014881811
A24: 1038 | B24: 1319 | C24: אורמת טכנולגיות אינק | D24: 5493000TSHHWY24VHM09 | E24: LEI | F24: אורמת נעמ 2 לא סחיר | G24: IL0012004680 | H24: ISIN | I24: צמוד למט"ח | J24: חו"ל | K24: ארה"ב | L24: אנרגיה מתחדשת | M24: לא | N24: 11/12/2023 | O24: A-1+ | P24: S&P מעלות | Q24: נייר ערך | R24: USD | S24: 0.02 | T24: לא צמוד | U24: SOFR | V24: 47021 | W24: 0.0542027 | X24: 0.0483 | Y24: החוב לא נחות | AA24: חברת ציטוט | AB24: אי-תלות | AC24: מרווח הוגן | AD24: 31/12/2025 | AF24: 154000 | AG24: 3.19 | AH24: 101.12 | AI24: 496.762 | AL24: שווי הוגן | AM24: 0.25711764 | AN24: 0.00086072671
A25: 1038 | B25: 1319 | C25: אלקטרה נדל"ן בע"מ | D25: 510607328 | E25: ח.פ. | F25: אלקטרה נדלן נעמ 1 | G25: IL0012254327 | H25: ISIN | I25: לא צמוד למדד המחירים לצרכן | J25: ישראל | K25: ארה"ב | L25: נדל"ן מניב בחו"ל | M25: לא | N25: 16/07/2025 | O25: A-2 | P25: S&P מעלות | Q25: נייר ערך | R25: ILS | S25: 0.08 | T25: לא צמוד | U25: ללא | V25: 15/07/2030 | W25: 0.0549 | X25: 0.0548 | Y25: החוב לא נחות | AA25: חברת ציטוט | AB25: אי-תלות | AC25: מרווח הוגן | AD25: 31/12/2025 | AF25: 1400000 | AG25: 1 | AH25: 102.52 | AI25: 1435.28 | AL25: שווי הוגן | AM25: 0.74288236 | AN25: 0.0024868721
A26: 1038 | B26: 8563 | C26: אלביט מערכות בע"מ | D26: 520043027 | E26: ח.פ. | F26: אלביט מערכות נעמ1-ל | G26: IL0011991572 | H26: ISIN | I26: צמוד למט"ח | J26: ישראל | K26: ישראל | L26: ביטחוניות | M26: לא | N26: 45838 | O26: A-1+ | P26: S&P מעלות | Q26: נייר ערך | R26: USD | S26: 0.02 | T26: לא צמוד | U26: SOFR | V26: 04/08/2028 | W26: 0.0487477 | X26: 0.0471 | Y26: החוב לא נחות | AA26: חברת ציטוט | AB26: אי-תלות | AC26: מרווח הוגן | AD26: 31/12/2025 | AF26: 1207094.9 | AG26: 3.19 | AH26: 100.58 | AI26: 3872.966 | AL26: שווי הוגן | AM26: 1 | AN26: 0.00030216034
A27: 1039 | B27: 1039 | C27: אלביט מערכות בע"מ | D27: 520043027 | E27: ח.פ. | F27: אלביט מערכות נעמ1-ל | G27: IL0011991572 | H27: ISIN | I27: צמוד למט"ח | J27: ישראל | K27: ישראל | L27: ביטחוניות | M27: לא | N27: 45838 | O27: A-1+ | P27: S&P מעלות | Q27: נייר ערך | R27: USD | S27: 0.02 | T27: לא צמוד | U27: SOFR | V27: 04/08/2028 | W27: 0.0487477 | X27: 0.0471 | Y27: החוב לא נחות | AA27: חברת ציטוט | AB27: אי-תלות | AC27: מרווח הוגן | AD27: 31/12/2025 | AF27: 22623.19 | AG27: 3.19 | AH27: 100.58 | AI27: 72.587 | AL27: שווי הוגן | AM27: 0.074658557 | AN27: 0.00031996751
A28: 1039 | B28: 1039 | C28: אורמת טכנולגיות אינק | D28: 5493000TSHHWY24VHM09 | E28: LEI | F28: אורמת נעמ 2 לא סחיר | G28: IL0012004680 | H28: ISIN | I28: צמוד למט"ח | J28: חו"ל | K28: ארה"ב | L28: אנרגיה מתחדשת | M28: לא | N28: 11/12/2023 | O28: A-1+ | P28: S&P מעלות | Q28: נייר ערך | R28: USD | S28: 0.02 | T28: לא צמוד | U28: SOFR | V28: 47021 | W28: 0.0542027 | X28: 0.0483 | Y28: החוב לא נחות | AA28: חברת ציטוט | AB28: אי-תלות | AC28: מרווח הוגן | AD28: 31/12/2025 | AF28: 68000 | AG28: 3.19 | AH28: 101.12 | AI28: 219.35 | AL28: שווי הוגן | AM28: 0.22561091 | AN28: 0.00096691072
A29: 1039 | B29: 1039 | C29: רפאל-רשות לפיתוח אמצעי לחימה בע"מ | D29: 520042185 | E29: ח.פ. | F29: נייר ערך מסחרי רפאל סדרה 3 | G29: IL0012202193 | H29: ISIN | I29: צמוד למט"ח | J29: ישראל | K29: ישראל | L29: ביטחוניות | M29: לא | N29: 09/04/2025 | O29: P-1 | P29: מידרוג Moodys | Q29: נייר ערך | R29: USD | S29: 0.02 | T29: לא צמוד | U29: SOFR | V29: 13/03/2030 | W29: 0.0502862 | X29: 0.0426 | Y29: החוב לא נחות | AA29: חברת ציטוט | AB29: אי-תלות | AC29: מרווח הוגן | AD29: 31/12/2025 | AF29: 140000 | AG29: 3.19 | AH29: 101.14 | AI29: 451.691 | AL29: שווי הוגן | AM29: 0.46458491 | AN29: 0.0019910923
A30: 1039 | B30: 1039 | C30: אלקטרה נדל"ן בע"מ | D30: 510607328 | E30: ח.פ. | F30: אלקטרה נדלן נעמ 1 | G30: IL0012254327 | H30: ISIN | I30: לא צמוד למדד המחירים לצרכן | J30: ישראל | K30: ארה"ב | L30: נדל"ן מניב בחו"ל | M30: לא | N30: 16/07/2025 | O30: A-2 | P30: S&P מעלות | Q30: נייר ערך | R30: ILS | S30: 0.08 | T30: לא צמוד | U30: ללא | V30: 15/07/2030 | W30: 0.0549 | X30: 0.0548 | Y30: החוב לא נחות | AA30: חברת ציטוט | AB30: אי-תלות | AC30: מרווח הוגן | AD30: 31/12/2025 | AF30: 223000 | AG30: 1 | AH30: 102.52 | AI30: 228.62 | AL30: שווי הוגן | AM30: 0.23514562 | AN30: 0.0010077741
A31: 1039 | B31: 8056 | C31: אלביט מערכות בע"מ | D31: 520043027 | E31: ח.פ. | F31: אלביט מערכות נעמ1-ל | G31: IL0011991572 | H31: ISIN | I31: צמוד למט"ח | J31: ישראל | K31: ישראל | L31: ביטחוניות | M31: לא | N31: 45838 | O31: A-1+ | P31: S&P מעלות | Q31: נייר ערך | R31: USD | S31: 0.02 | T31: לא צמוד | U31: SOFR | V31: 04/08/2028 | W31: 0.0487477 | X31: 0.0471 | Y31: החוב לא נחות | AA31: חברת ציטוט | AB31: אי-תלות | AC31: מרווח הוגן | AD31: 31/12/2025 | AF31: 54689.11 | AG31: 3.19 | AH31: 100.58 | AI31: 175.47 | AL31: שווי הוגן | AM31: 0.062450642 | AN31: 0.00053019747
A32: 1039 | B32: 8056 | C32: אורמת טכנולגיות אינק | D32: 5493000TSHHWY24VHM09 | E32: LEI | F32: אורמת נעמ 2 לא סחיר | G32: IL0012004680 | H32: ISIN | I32: צמוד למט"ח | J32: חו"ל | K32: ארה"ב | L32: אנרגיה מתחדשת | M32: לא | N32: 11/12/2023 | O32: A-1+ | P32: S&P מעלות | Q32: נייר ערך | R32: USD | S32: 0.02 | T32: לא צמוד | U32: SOFR | V32: 47021 | W32: 0.0542027 | X32: 0.0483 | Y32: החוב לא נחות | AA32: חברת ציטוט | AB32: אי-תלות | AC32: מרווח הוגן | AD32: 31/12/2025 | AF32: 302000 | AG32: 3.19 | AH32: 101.12 | AI32: 974.17 | AL32: שווי הוגן | AM32: 0.34671164 | AN32: 0.0029435348
A33: 1039 | B33: 8056 | C33: רפאל-רשות לפיתוח אמצעי לחימה בע"מ | D33: 520042185 | E33: ח.פ. | F33: נייר ערך מסחרי רפאל סדרה 3 | G33: IL0012202193 | H33: ISIN | I33: צמוד למט"ח | J33: ישראל | K33: ישראל | L33: ביטחוניות | M33: לא | N33: 09/04/2025 | O33: P-1 | P33: מידרוג Moodys | Q33: נייר ערך | R33: USD | S33: 0.02 | T33: לא צמוד | U33: SOFR | V33: 13/03/2030 | W33: 0.0502862 | X33: 0.0426 | Y33: החוב לא נחות | AA33: חברת ציטוט | AB33: אי-תלות | AC33: מרווח הוגן | AD33: 31/12/2025 | AF33: 410000 | AG33: 3.19 | AH33: 101.14 | AI33: 1322.81 | AL33: שווי הוגן | AM33: 0.47079433 | AN33: 0.00399698
A34: 1039 | B34: 8056 | C34: אלקטרה נדל"ן בע"מ | D34: 510607328 | E34: ח.פ. | F34: אלקטרה נדלן נעמ 1 | G34: IL0012254327 | H34: ISIN | I34: לא צמוד למדד המחירים לצרכן | J34: ישראל | K34: ארה"ב | L34: נדל"ן מניב בחו"ל | M34: לא | N34: 16/07/2025 | O34: A-2 | P34: S&P מעלות | Q34: נייר ערך | R34: ILS | S34: 0.08 | T34: לא צמוד | U34: ללא | V34: 15/07/2030 | W34: 0.0549 | X34: 0.0548 | Y34: החוב לא נחות | AA34: חברת ציטוט | AB34: אי-תלות | AC34: מרווח הוגן | AD34: 31/12/2025 | AF34: 329000 | AG34: 1 | AH34: 102.52 | AI34: 337.291 | AL34: שווי הוגן | AM34: 0.12004338 | AN34: 0.001019152
A35: 11389 | B35: 11390 | C35: אלביט מערכות בע"מ | D35: 520043027 | E35: ח.פ. | F35: אלביט מערכות נעמ1-ל | G35: IL0011991572 | H35: ISIN | I35: צמוד למט"ח | J35: ישראל | K35: ישראל | L35: ביטחוניות | M35: לא | N35: 45838 | O35: A-1+ | P35: S&P מעלות | Q35: נייר ערך | R35: USD | S35: 0.02 | T35: לא צמוד | U35: SOFR | V35: 04/08/2028 | W35: 0.0487477 | X35: 0.0471 | Y35: החוב לא נחות | AA35: חברת ציטוט | AB35: אי-תלות | AC35: מרווח הוגן | AD35: 31/12/2025 | AF35: 483742.88 | AG35: 3.19 | AH35: 100.58 | AI35: 1552.09 | AL35: שווי הוגן | AM35: 0.074318911 | AN35: 0.00041736651
A36: 11389 | B36: 11390 | C36: אורמת טכנולגיות אינק | D36: 5493000TSHHWY24VHM09 | E36: LEI | F36: אורמת נעמ 2 לא סחיר | G36: IL0012004680 | H36: ISIN | I36: צמוד למט"ח | J36: חו"ל | K36: ארה"ב | L36: אנרגיה מתחדשת | M36: לא | N36: 11/12/2023 | O36: A-1+ | P36: S&P מעלות | Q36: נייר ערך | R36: USD | S36: 0.02 | T36: לא צמוד | U36: SOFR | V36: 47021 | W36: 0.0542027 | X36: 0.0483 | Y36: החוב לא נחות | AA36: חברת ציטוט | AB36: אי-תלות | AC36: מרווח הוגן | AD36: 31/12/2025 | AF36: 1725000 | AG36: 3.19 | AH36: 101.12 | AI36: 5564.381 | AL36: שווי הוגן | AM36: 0.26643991 | AN36: 0.0014962961
A37: 11389 | B37: 11390 | C37: רפאל-רשות לפיתוח אמצעי לחימה בע"מ | D37: 520042185 | E37: ח.פ. | F37: נייר ערך מסחרי רפאל סדרה 3 | G37: IL0012202193 | H37: ISIN | I37: צמוד למט"ח | J37: ישראל | K37: ישראל | L37: ביטחוניות | M37: לא | N37: 09/04/2025 | O37: P-1 | P37: מידרוג Moodys | Q37: נייר ערך | R37: USD | S37: 0.02 | T37: לא צמוד | U37: SOFR | V37: 13/03/2030 | W37: 0.0502862 | X37: 0.0426 | Y37: החוב לא נחות | AA37: חברת ציטוט | AB37: אי-תלות | AC37: מרווח הוגן | AD37: 31/12/2025 | AF37: 2620000 | AG37: 3.19 | AH37: 101.14 | AI37: 8453.079 | AL37: שווי הוגן | AM37: 0.40475979 | AN37: 0.0022730847
A38: 11389 | B38: 11390 | C38: אלקטרה נדל"ן בע"מ | D38: 510607328 | E38: ח.פ. | F38: אלקטרה נדלן נעמ 1 | G38: IL0012254327 | H38: ISIN | I38: לא צמוד למדד המחירים לצרכן | J38: ישראל | K38: ארה"ב | L38: נדל"ן מניב בחו"ל | M38: לא | N38: 16/07/2025 | O38: A-2 | P38: S&P מעלות | Q38: נייר ערך | R38: ILS | S38: 0.08 | T38: לא צמוד | U38: ללא | V38: 15/07/2030 | W38: 0.0549 | X38: 0.0548 | Y38: החוב לא נחות | AA38: חברת ציטוט | AB38: אי-תלות | AC38: מרווח הוגן | AD38: 31/12/2025 | AF38: 5184000 | AG38: 1 | AH38: 102.52 | AI38: 5314.637 | AL38: שווי הוגן | AM38: 0.25448139 | AN38: 0.0014291384
A39: 11389 | B39: 11391 | C39: אורמת טכנולגיות אינק | D39: 5493000TSHHWY24VHM09 | E39: LEI | F39: אורמת נעמ 2 לא סחיר | G39: IL0012004680 | H39: ISIN | I39: צמוד למט"ח | J39: חו"ל | K39: ארה"ב | L39: אנרגיה מתחדשת | M39: לא | N39: 11/12/2023 | O39: A-1+ | P39: S&P מעלות | Q39: נייר ערך | R39: USD | S39: 0.02 | T39: לא צמוד | U39: SOFR | V39: 47021 | W39: 0.0542027 | X39: 0.0483 | Y39: החוב לא נחות | AA39: חברת ציטוט | AB39: אי-תלות | AC39: מרווח הוגן | AD39: 31/12/2025 | AF39: 2000 | AG39: 3.19 | AH39: 101.12 | AI39: 6.451 | AL39: שווי הוגן | AM39: 0.027564923 | AN39: 6.3377637e-05
A40: 11389 | B40: 11391 | C40: אלקטרה נדל"ן בע"מ | D40: 510607328 | E40: ח.פ. | F40: אלקטרה נדלן נעמ 1 | G40: IL0012254327 | H40: ISIN | I40: לא צמוד למדד המחירים לצרכן | J40: ישראל | K40: ארה"ב | L40: נדל"ן מניב בחו"ל | M40: לא | N40: 16/07/2025 | O40: A-2 | P40: S&P מעלות | Q40: נייר ערך | R40: ILS | S40: 0.08 | T40: לא צמוד | U40: ללא | V40: 15/07/2030 | W40: 0.0549 | X40: 0.0548 | Y40: החוב לא נחות | AA40: חברת ציטוט | AB40: אי-תלות | AC40: מרווח הוגן | AD40: 31/12/2025 | AF40: 222000 | AG40: 1 | AH40: 102.52 | AI40: 227.594 | AL40: שווי הוגן | AM40: 0.97243508 | AN40: 0.0022358356
A41: 11389 | B41: 11392 | C41: אלביט מערכות בע"מ | D41: 520043027 | E41: ח.פ. | F41: אלביט מערכות נעמ1-ל | G41: IL0011991572 | H41: ISIN | I41: צמוד למט"ח | J41: ישראל | K41: ישראל | L41: ביטחוניות | M41: לא | N41: 45838 | O41: A-1+ | P41: S&P מעלות | Q41: נייר ערך | R41: USD | S41: 0.02 | T41: לא צמוד | U41: SOFR | V41: 04/08/2028 | W41: 0.0487477 | X41: 0.0471 | Y41: החוב לא נחות | AA41: חברת ציטוט | AB41: אי-תלות | AC41: מרווח הוגן | AD41: 31/12/2025 | AF41: 33836.43 | AG41: 3.19 | AH41: 100.58 | AI41: 108.564 | AL41: שווי הוגן | AM41: 0.06445003 | AN41: 0.00032454748
A42: 11389 | B42: 11392 | C42: אורמת טכנולגיות אינק | D42: 5493000TSHHWY24VHM09 | E42: LEI | F42: אורמת נעמ 2 לא סחיר | G42: IL0012004680 | H42: ISIN | I42: צמוד למט"ח | J42: חו"ל | K42: ארה"ב | L42: אנרגיה מתחדשת | M42: לא | N42: 11/12/2023 | O42: A-1+ | P42: S&P מעלות | Q42: נייר ערך | R42: USD | S42: 0.02 | T42: לא צמוד | U42: SOFR | V42: 47021 | W42: 0.0542027 | X42: 0.0483 | Y42: החוב לא נחות | AA42: חברת ציטוט | AB42: אי-תלות | AC42: מרווח הוגן | AD42: 31/12/2025 | AF42: 57000 | AG42: 3.19 | AH42: 101.12 | AI42: 183.866 | AL42: שווי הוגן | AM42: 0.1091538 | AN42: 0.00054965982
A43: 11389 | B43: 11392 | C43: רפאל-רשות לפיתוח אמצעי לחימה בע"מ | D43: 520042185 | E43: ח.פ. | F43: נייר ערך מסחרי רפאל סדרה 3 | G43: IL0012202193 | H43: ISIN | I43: צמוד למט"ח | J43: ישראל | K43: ישראל | L43: ביטחוניות | M43: לא | N43: 09/04/2025 | O43: P-1 | P43: מידרוג Moodys | Q43: נייר ערך | R43: USD | S43: 0.02 | T43: לא צמוד | U43: SOFR | V43: 13/03/2030 | W43: 0.0502862 | X43: 0.0426 | Y43: החוב לא נחות | AA43: חברת ציטוט | AB43: אי-תלות | AC43: מרווח הוגן | AD43: 31/12/2025 | AF43: 230000 | AG43: 3.19 | AH43: 101.14 | AI43: 742.064 | AL43: שווי הוגן | AM43: 0.44053229 | AN43: 0.0022183643
A44: 11389 | B44: 11392 | C44: אלקטרה נדל"ן בע"מ | D44: 510607328 | E44: ח.פ. | F44: אלקטרה נדלן נעמ 1 | G44: IL0012254327 | H44: ISIN | I44: לא צמוד למדד המחירים לצרכן | J44: ישראל | K44: ארה"ב | L44: נדל"ן מניב בחו"ל | M44: לא | N44: 16/07/2025 | O44: A-2 | P44: S&P מעלות | Q44: נייר ערך | R44: ILS | S44: 0.08 | T44: לא צמוד | U44: ללא | V44: 15/07/2030 | W44: 0.0549 | X44: 0.0548 | Y44: החוב לא נחות | AA44: חברת ציטוט | AB44: אי-תלות | AC44: מרווח הוגן | AD44: 31/12/2025 | AF44: 634000 | AG44: 1 | AH44: 102.52 | AI44: 649.977 | AL44: שווי הוגן | AM44: 0.38586388 | AN44: 0.0019430736
A45: 11389 | B45: 11394 | C45: אלביט מערכות בע"מ | D45: 520043027 | E45: ח.פ. | F45: אלביט מערכות נעמ1-ל | G45: IL0011991572 | H45: ISIN | I45: צמוד למט"ח | J45: ישראל | K45: ישראל | L45: ביטחוניות | M45: לא | N45: 45838 | O45: A-1+ | P45: S&P מעלות | Q45: נייר ערך | R45: USD | S45: 0.02 | T45: לא צמוד | U45: SOFR | V45: 04/08/2028 | W45: 0.0487477 | X45: 0.0471 | Y45: החוב לא נחות | AA45: חברת ציטוט | AB45: אי-תלות | AC45: מרווח הוגן | AD45: 31/12/2025 | AF45: 322036.23 | AG45: 3.19 | AH45: 100.58 | AI45: 1033.254 | AL45: שווי הוגן | AM45: 1 | AN45: 0.00030374899

Sheet לא סחיר איגרות חוב
A1: מספר קופה/קרן/ח.פ. עבור חברת ביטוח | B1: מספר מסלול | C1: שם מנפיק | D1: מספר מנפיק | E1: סוג מספר מזהה מנפיק | F1: שם נייר ערך | G1: מספר נייר ערך | H1: סוג מספר נייר ערך | I1: מאפיין עיקרי | J1: ישראל/חו"ל | K1: מדינה לפי חשיפה כלכלית | L1: סטאטוס סחירות | M1: ענף מסחר | N1: בעל עניין/צד קשור | O1: תאריך רכישה | P1: דירוג | Q1: שם מדרג | R1: דירוג נייר הערך/המנפיק | S1: מטבע פעילות | T1: מח"מ | U1: מועד פדיון | V1: תשואה לפדיון | W1: שיעור ריבית | X1: נחיתות חוזית | Y1: האם סווג כחוב בעייתי | Z1: סוג גורם משערך | AA1: תלות/אי-תלות המשערך | AB1: תאריך שערוך אחרון | AC1: תאריך אחרון בו נבחנה בפועל ירידת ערך | AD1: ערך נקוב (יחידות) | AE1: שער חליפין | AF1: שער נייר הערך | AG1: שווי הוגן (באלפי ש"ח) | AH1: עלות מופחתת (באלפי ש"ח) | AI1: עלות מופחתת (במטבע הפעילות) | AJ1: השיטה שיושמה בדוח הכספי | AK1: שיעור מנכסי אפיק ההשקעה | AL1: שיעור מסך נכסי ההשקעה
A2: 1035 | B2: 1036 | C2: סיאלו טכנולוגיה ישראל בע"מ | D2: 513310235 | E2: ח.פ. | F2: סיאלו אגח א ( מחוקה ) | G2: IL0011020604 | H2: ISIN | I2: אחר | J2: ישראל | K2: ישראל | L2: לא סחיר | M2: מכשור רפואי | N2: לא | O2: 17/09/2007 | P2: NR | Q2: NR | R2: NR | S2: ILS | T2: 0.01 | U2: 28/09/2019 | V2: 0.0001 | W2: 0.07 | X2: החוב לא נחות | Z2: גורם תלוי/פנימי | AA2: קיימת תלות | AB2: 26/10/2025 | AD2: 28740 | AE2: 1 | AF2: 0 | AG2: 0 | AJ2: שווי הוגן | AK2: 1.376439e-07 | AL2: 4.5252328e-14
A3: 1035 | B3: 1036 | C3: אלומיי החזקות תלמי יוסף בע"מ | D3: 513027292 | E3: ח.פ. | F3: ציפ פיסי אגח א | G3: 1106467 | H3: פנימי | I3: אחר | J3: ישראל | K3: ישראל | L3: לא סחיר | M3: אחר | N3: לא | O3: 22/08/2007 | P3: NR | Q3: NR | R3: NR | S3: ILS | T3: 0.01 | U3: 31/12/2024 | V3: 0.0001 | W3: 0.064169 | X3: החוב לא נחות | Z3: גורם תלוי/פנימי | AA3: קיימת תלות | AB3: 26/10/2025 | AD3: 40490 | AE3: 1 | AF3: 3 | AG3: 1.215 | AJ3: שווי הוגן | AK3: 0.58175382 | AL3: 1.9125958e-07
A4: 1035 | B4: 1036 | C4: אינטרנט גולד - קווי זהב בע"מ | D4: 520044264 | E4: ח.פ. | F4: אינטרנט זהב אגח ד | G4: IL0011316143 | H4: ISIN | I4: אחר | J4: ישראל | K4: ישראל | L4: לא סחיר | M4: חברות ללא פעילות ומעטפת | N4: לא | O4: 12/04/2018 | P4: NR | Q4: NR | R4: NR | S4: ILS | T4: 0.01 | U4: 15/09/2022 | V4: 0.0001 | W4: 0.06 | X4: החוב לא נחות | Z4: גורם תלוי/פנימי | AA4: קיימת תלות | AB4: 26/10/2025 | AD4: 1019703.7 | AE4: 1 | AF4: 0 | AG4: 0 | AJ4: שווי הוגן | AK4: 4.8836462e-06 | AL4: 1.6055659e-12
A5: 1035 | B5: 1036 | C5: ברוקלנד | D5: 1814237 | E5: פנימי | F5: ברוקלנד אפריל אגח ב (מחוקה | G5: IL0011369936 | H5: ISIN | I5: אחר | J5: ישראל | K5: ארה"ב | L5: לא סחיר | M5: בנייה | N5: לא | O5: 13/11/2018 | P5: NR | Q5: NR | R5: NR | S5: ILS | T5: 0.01 | U5: 01/12/2021 | V5: 0.0001 | W5: 0.0885 | X5: החוב לא נחות | Z5: גורם תלוי/פנימי | AA5: קיימת תלות | AB5: 46002 | AD5: 220871.23 | AE5: 1 | AF5: 0 | AG5: 0 | AJ5: שווי הוגן | AK5: 1.0578141e-06 | AL5: 3.4777096e-13
A6: 1035 | B6: 1036 | C6: ב.ס.ר אירופה בע"מ | D6: 520033838 | E6: ח.פ. | F6: בסר אירופה אגח' ט' חש 112012 | G6: IL0011701906 | H6: ISIN | I6: צמוד למדד המחירים לצרכן | J6: ישראל | K6: ישראל | L6: לא סחיר | M6: בנייה | N6: לא | O6: 20/12/2012 | P6: NR | Q6: NR | R6: NR | S6: ILS | T6: 0.01 | U6: 31/12/2024 | V6: 0.0001 | W6: 0.071 | X6: החוב לא נחות | Z6: גורם תלוי/פנימי | AA6: קיימת תלות | AB6: 26/10/2025 | AD6: 276.98 | AE6: 1 | AF6: 0 | AG6: 0 | AJ6: שווי הוגן | AK6: 1.3265347e-09 | AL6: 4.3611655e-16
A7: 1035 | B7: 1036 | C7: קמור בע"מ | D7: 520034117 | E7: ח.פ. | F7: קמור אגח ו | G7: IL0013201186 | H7: ISIN | I7: צמוד למדד המחירים לצרכן | J7: ישראל | K7: ישראל | L7: לא סחיר | M7: אחר | N7: לא | O7: 06/12/2007 | P7: NR | Q7: NR | R7: NR | S7: ILS | T7: 0.01 | U7: 28/09/2019 | V7: 0.0001 | W7: 0.055 | X7: החוב לא נחות | Z7: גורם תלוי/פנימי | AA7: קיימת תלות | AB7: 26/10/2025 | AD7: 43.72 | AE7: 1 | AF7: 251.18 | AG7: 0.11 | AJ7: שווי הוגן | AK7: 0.052593906 | AL7: 1.729097e-08
A8: 1035 | B8: 1036 | C8: פסיפיקה אחזקות בע"מ | D8: 520039215 | E8: ח.פ. | F8: פסיפיקה אגח א(מחוקה) | G8: IL0043800445 | H8: ISIN | I8: אחר | J8: ישראל | K8: ישראל | L8: לא סחיר | M8: אחר | N8: לא | O8: 23/07/2007 | P8: NR | Q8: NR | R8: NR | S8: ILS | T8: 0.01 | U8: 28/09/2019 | V8: 0.0001 | W8: 0.025 | X8: החוב לא נחות | Z8: גורם תלוי/פנימי | AA8: קיימת תלות | AB8: 26/10/2025 | AD8: 640 | AE8: 1 | AF8: 0 | AG8: 0 | AJ8: שווי הוגן | AK8: 3.0651391e-09 | AL8: 1.0077067e-15
A9: 1035 | B9: 1036 | C9: אפריקה-ישראל להשקעות בע"מ | D9: 520005067 | E9: ח.פ. | F9: אפריקה אגח כו (סכומים לקבל) | G9: IL0061103656 | H9: ISIN | I9: אחר | J9: ישראל | K9: ישראל | L9: לא סחיר | M9: אחר | N9: לא | O9: 16/05/2010 | P9: NR | Q9: NR | R9: NR | S9: ILS | T9: 0.01 | U9: 30/09/2021 | V9: 0.0001 | W9: 0.06 | X9: החוב לא נחות | Z9: גורם תלוי/פנימי | AA9: קיימת תלות | AB9: 26/10/2025 | AD9: 1044998.9 | AE9: 1 | AF9: 0 | AG9: 0 | AJ9: שווי הוגן | AK9: 5.0047921e-06 | AL9: 1.6453943e-12
A10: 1035 | B10: 1036 | C10: אול-יר הולדינגס לימיטד | D10: 1841580 | E10: מספר תאגיד או שותפות בחו"ל | F10: אול- יר אגח ה | G10: IL0011433047 | H10: ISIN | I10: לא צמוד למדד המחירים לצרכן | J10: ישראל | K10: ארה"ב | L10: לא סחיר | M10: נדל"ן מניב בחו"ל | N10: לא | O10: 11/10/2021 | P10: NR | Q10: NR | R10: NR | S10: ILS | T10: 0.01 | U10: 31/07/2024 | V10: 0.0001 | W10: 0.03 | X10: החוב לא נחות | Z10: גורם תלוי/פנימי | AA10: קיימת תלות | AB10: 26/10/2025 | AD10: 85274.41 | AE10: 1 | AF10: 0 | AG10: 0 | AJ10: שווי הוגן | AK10: 4.0840301e-07 | AL10: 1.3426811e-13
A11: 1035 | B11: 1036 | C11: אלביט מדיקל טכנולוג'יס בע"מ | D11: 520039645 | E11: ח.פ. | F11: אנטר הולדינג אגח ב לס | G11: 47401631 | H11: פנימי | I11: אחר | J11: ישראל | K11: ישראל | L11: לא סחיר | M11: השקעה ואחזקות | N11: לא | O11: 28/06/2010 | P11: NR | Q11: NR | R11: NR | S11: ILS | T11: 0.01 | U11: 28/09/2019 | V11: 0.0001 | W11: 0.0745 | X11: החוב לא נחות | Z11: גורם תלוי/פנימי | AA11: קיימת תלות | AB11: 26/10/2025 | AD11: 136380.16 | AE11: 1 | AF11: 0 | AG11: 0 | AJ11: שווי הוגן | AK11: 6.5316275e-07 | AL11: 2.1473625e-13
A12: 1035 | B12: 1036 | C12: אלון חברת הדלק לישראל בע"מ | D12: 520041690 | E12: ח.פ. | F12: אלון חברת הדלק רמ אגח א (י | G12: IL0011015679 | H12: ISIN | I12: צמוד למדד המחירים לצרכן | J12: ישראל | K12: ישראל | L12: לא סחיר | M12: השקעה ואחזקות | N12: לא | O12: 31/07/2016 | P12: NR | Q12: NR | R12: NR | S12: ILS | T12: 0.01 | U12: 30/06/2024 | V12: 0.04102 | W12: 0.0535 | X12: החוב לא נחות | Z12: גורם תלוי/פנימי | AA12: קיימת תלות | AB12: 26/10/2025 | AD12: 97556.58 | AE12: 1 | AF12: 0 | AG12: 0 | AJ12: שווי הוגן | AK12: 4.6722576e-07 | AL12: 1.536069e-13
A13: 1035 | B13: 1036 | C13: גמול חברה להשקעות בע"מ | D13: 520018136 | E13: ח.פ. | F13: גמול השקעות אגח ב | G13: IL0011167553 | H13: ISIN | I13: צמוד למדד המחירים לצרכן | J13: ישראל | K13: ישראל | L13: לא סחיר | M13: אחר | N13: לא | O13: 06/07/2014 | P13: NR | Q13: NR | R13: NR | S13: ILS | T13: 0.01 | U13: 30/09/2021 | V13: 0.0001 | W13: 0.045 | X13: החוב לא נחות | Z13: גורם תלוי/פנימי | AA13: קיימת תלות | AB13: 26/10/2025 | AD13: 24949.47 | AE13: 1 | AF13: 3.06 | AG13: 0.763 | AJ13: שווי הוגן | AK13: 0.36563938 | AL13: 1.2020898e-07
A14: 1035 | B14: 1036 | C14: אלרן נדל"ן בע"מ | D14: 511315707 | E14: ח.פ. | F14: אלרן נדלן אגח ג | G14: IL0011246506 | H14: ISIN | I14: צמוד למדד המחירים לצרכן | J14: ישראל | K14: רוסיה | L14: לא סחיר | M14: אחר | N14: לא | O14: 18/06/2015 | P14: NR | Q14: NR | R14: NR | S14: ILS | T14: 0.01 | U14: 30/11/2012 | V14: 0.0001 | W14: 0.134136 | X14: החוב לא נחות | Z14: גורם תלוי/פנימי | AA14: קיימת תלות | AB14: 26/10/2025 | AD14: 1975.64 | AE14: 1 | AF14: 0 | AG14: 0 | AJ14: שווי הוגן | AK14: 9.4618929e-09 | AL14: 3.1107275e-15
A15: 1035 | B15: 1036 | C15: מעין ונצ'ורס בע"מ | D15: 512420647 | E15: ח.פ. | F15: מעין ונצורס אגח ב' להמרה(מחוקה) י | G15: IL0011351850 | H15: ISIN | I15: אג"ח להמרה צמוד למדד המחירים לצרכן | J15: ישראל | K15: ישראל | L15: לא סחיר | M15: אחר | N15: לא | O15: 20/11/2022 | P15: NR | Q15: NR | R15: NR | S15: ILS | T15: 0.01 | U15: 01/01/2026 | V15: 0.0001 | W15: 0.045 | X15: החוב לא נחות | Z15: גורם תלוי/פנימי | AA15: קיימת תלות | AB15: 26/10/2025 | AD15: 53814.89 | AE15: 1 | AF15: 0 | AG15: 0 | AJ15: שווי הוגן | AK15: 2.5773457e-07 | AL15: 8.4733787e-14
A16: 1035 | B16: 1036 | C16: ב.ס.ר אירופה בע"מ | D16: 520033838 | E16: ח.פ. | F16: בסר אירופה אגח ט | G16: IL0011701666 | H16: ISIN | I16: צמוד למדד המחירים לצרכן | J16: ישראל | K16: ישראל | L16: לא סחיר | M16: בנייה | N16: לא | O16: 31/12/2013 | P16: NR | Q16: NR | R16: NR | S16: ILS | T16: 0.01 | U16: 27/01/2026 | V16: 0.0001 | W16: 0.071 | X16: החוב לא נחות | Z16: גורם תלוי/פנימי | AA16: קיימת תלות | AB16: 26/10/2025 | AD16: 830.93 | AE16: 1 | AF16: 0 | AG16: 0 | AJ16: שווי הוגן | AK16: 3.9795563e-09 | AL16: 1.3083339e-15
A17: 1035 | B17: 1037 | C17: נתיבים אגרות חוב בע"מ | D17: 513502229 | E17: ח.פ. | F17: נתיבים אגח א רמ | G17: IL0010902810 | H17: ISIN | I17: צמוד למט"ח | J17: ישראל | K17: ישראל | L17: לא סחיר | M17: אג"ח מובנות | N17: לא | O17: 28/09/2005 | P17: AA+ | Q17: S&P מעלות | R17: נייר ערך | S17: USD | T17: 0.74 | U17: 03/07/2027 | V17: 0.0427 | W17: 0.0797 | X17: החוב לא נחות | Z17: חברת ציטוט | AA17: אי-תלות | AB17: 31/12/2025 | AD17: 10968.34 | AE17: 3.19 | AF17: 106.76 | AG17: 37.354 | AJ17: שווי הוגן | AK17: 0.0025097341 | AL17: 8.9390879e-05
... A19: 1035 | B19: 1037 | C19: סיאלו טכנולוגיה ישראל בע"מ | D19: 513310235 | E19: ח.פ. | F19: סיאלו אגח א ( מחוקה ) | G19: IL0011020604 | H19: ISIN | I19: אחר | J19: ישראל | K19: ישראל | L19: לא סחיר | M19: מכשור רפואי | N19: לא | O19: 16/09/2007 | P19: NR | Q19: NR | R19: NR | S19: ILS | T19: 0.01 | U19: 28/09/2019 | V19: 0.0001 | W19: 0.07 | X19: החוב לא נחות | Z19: גורם תלוי/פנימי | AA19: קיימת תלות | AB19: 26/10/2025 | AD19: 32400.2 | AE19: 1 | AF19: 0 | AG19: 0 | AJ19: שווי הוגן | AK19: 2.1768838e-11 | AL19: 7.7535528e-13
A20: 1035 | B20: 1037 | C20: נתיבי הגז הטבעי לישראל בע"מ | D20: 513436394 | E20: ח.פ. | F20: נתיבי גז אג"ח א - רמ | G20: IL0011030843 | H20: ISIN | I20: צמוד למדד המחירים לצרכן | J20: ישראל | K20: ישראל | L20: לא סחיר | M20: שירותים | N20: לא | O20: 04/01/2010 | P20: AAA | Q20: S&P מעלות | R20: נייר ערך | S20: ILS | T20: 0.57 | U20: 29/12/2026 | V20: 0.0287 | W20: 0.056 | X20: החוב לא נחות | Z20: חברת ציטוט | AA20: אי-תלות | AB20: 31/12/2025 | AC20: 31/03/2024 | AD20: 67366.01 | AE20: 1 | AF20: 144.75 | AG20: 97.512 | AJ20: שווי הוגן | AK20: 0.0065515936 | AL20: 0.0002333525
A21: 1035 | B21: 1037 | C21: י.רשי בע"מ | D21: 513704114 | E21: ח.פ. | F21: רשי אגח א( מחוקה) | G21: IL0011043556 | H21: ISIN | I21: אחר | J21: ישראל | K21: רוסיה | L21: לא סחיר | M21: אחר | N21: לא | O21: 07/09/2008 | P21: NR | Q21: NR | R21: NR | S21: ILS | T21: 0.01 | U21: 07/01/2019 | V21: 0.0001 | W21: 0.084 | X21: החוב לא נחות | Z21: גורם תלוי/פנימי | AA21: קיימת תלות | AB21: 26/10/2025 | AD21: 43600 | AE21: 1 | AF21: 0 | AG21: 0 | AJ21: שווי הוגן | AK21: 2.9293687e-11 | AL21: 1.0433729e-12
A22: 1035 | B22: 1037 | C22: אלומיי החזקות תלמי יוסף בע"מ | D22: 513027292 | E22: ח.פ. | F22: ציפ פיסי אגח א | G22: 1106467 | H22: פנימי | I22: אחר | J22: ישראל | K22: ישראל | L22: לא סחיר | M22: אחר | N22: לא | O22: 22/08/2007 | P22: NR | Q22: NR | R22: NR | S22: ILS | T22: 0.01 | U22: 31/12/2024 | V22: 0.0001 | W22: 0.064169 | X22: החוב לא נחות | Z22: גורם תלוי/פנימי | AA22: קיימת תלות | AB22: 26/10/2025 | AD22: 80500 | AE22: 1 | AF22: 3 | AG22: 2.415 | AJ22: שווי הוגן | AK22: 0.00016225747 | AL22: 5.7792328e-06
A23: 1035 | B23: 1037 | C23: מקורות חברת מים בע"מ | D23: 520010869 | E23: ח.פ. | F23: מקורות אגח 8 רמ | G23: IL0011243461 | H23: ISIN | I23: צמוד למדד המחירים לצרכן | J23: ישראל | K23: ישראל | L23: לא סחיר | M23: שירותים | N23: לא | O23: 22/09/2016 | P23: AAA | Q23: S&P מעלות | R23: נייר ערך | S23: ILS | T23: 9.27 | U23: 14/07/2048 | V23: 0.0258 | W23: 0.041 | X23: החוב לא נחות | Z23: חברת ציטוט | AA23: אי-תלות | AB23: 31/12/2025 | AD23: 4383882.6 | AE23: 1 | AF23: 142.11 | AG23: 6229.936 | AJ23: שווי הוגן | AK23: 0.4185729 | AL23: 0.014908591
A24: 1035 | B24: 1037 | C24: ביטוח ישיר - השקעות פיננסיות בע"מ | D24: 520044439 | E24: ח.פ. | F24: ביטוח ישיר אגח יא רמ | G24: IL0011388258 | H24: ISIN | I24: לא צמוד למדד המחירים לצרכן | J24: ישראל | K24: ישראל | L24: לא סחיר | M24: השקעה ואחזקות | N24: לא | O24: 29/11/2021 | P24: A | Q24: S&P | R24: נייר ערך | S24: ILS | T24: 1.79 | U24: 30/06/2028 | V24: 0.0489 | W24: 0.046 | X24: החוב לא נחות | Z24: חברת ציטוט | AA24: אי-תלות | AB24: 31/12/2025 | AD24: 190573.37 | AE24: 1 | AF24: 99.6 | AG24: 189.811 | AJ24: שווי הוגן | AK24: 0.012752904 | AL24: 0.00045422874
A25: 1035 | B25: 1037 | C25: רפאל-רשות לפיתוח אמצעי לחימה בע"מ | D25: 520042185 | E25: ח.פ. | F25: רפאל סד' ד 2020/2034 | G25: IL0011402844 | H25: ISIN | I25: לא צמוד למדד המחירים לצרכן | J25: ישראל | K25: ישראל | L25: לא סחיר | M25: ביטחוניות | N25: לא | O25: 04/05/2021 | P25: AAA | Q25: S&P מעלות | R25: נייר ערך | S25: ILS | T25: 4.18 | U25: 15/09/2034 | V25: 0.0431 | W25: 0.0374 | X25: החוב לא נחות | Z25: חברת ציטוט | AA25: אי-תלות | AB25: 31/12/2025 | AD25: 871102.58 | AE25: 1 | AF25: 98.91 | AG25: 861.608 | AJ25: שווי הוגן | AK25: 0.057889134 | AL25: 0.0020618761
A26: 1035 | B26: 1037 | C26: רפאל-רשות לפיתוח אמצעי לחימה בע"מ | D26: 520042185 | E26: ח.פ. | F26: רפאל אגח סדרה ה 2020/2026 | G26: IL0011402927 | H26: ISIN | I26: לא צמוד למדד המחירים לצרכן | J26: ישראל | K26: ישראל | L26: לא סחיר | M26: ביטחוניות | N26: לא | O26: 04/05/2021 | P26: AAA | Q26: S&P מעלות | R26: נייר ערך | S26: ILS | T26: 0.2 | U26: 15/03/2026 | V26: 0.0445 | W26: 0.025 | X26: החוב לא נחות | Z26: חברת ציטוט | AA26: אי-תלות | AB26: 31/12/2025 | AD26: 95894.74 | AE26: 1 | AF26: 100.36 | AG26: 96.24 | AJ26: שווי הוגן | AK26: 0.0064661086 | AL26: 0.00023030772
A27: 1035 | B27: 1037 | C27: גדות מסופים כימיקלים (1985) בע"מ | D27: 520040775 | E27: ח.פ. | F27: גדות מספ אגח א רמ | G27: IL0011623209 | H27: ISIN | I27: לא צמוד למדד המחירים לצרכן | J27: ישראל | K27: ישראל | L27: לא סחיר | M27: מסחר | N27: לא | O27: 14/01/2020 | P27: A- | Q27: S&P | R27: נייר ערך | S27: ILS | T27: 0.5 | U27: 30/06/2026 | V27: 0.05 | W27: 0.043 | X27: החוב לא נחות | Z27: חברת ציטוט | AA27: אי-תלות | AB27: 31/12/2025 | AD27: 237368.37 | AE27: 1 | AF27: 99.71 | AG27: 236.68 | AJ27: שווי הוגן | AK27: 0.015901904 | AL27: 0.00056638875
A28: 1035 | B28: 1037 | C28: אורמת טכנולגיות אינק | D28: 5493000TSHHWY24VHM09 | E28: LEI | F28: אורמת אגח 4 רמ | G28: IL0011672123 | H28: ISIN | I28: לא צמוד למדד המחירים לצרכן | J28: ישראל | K28: ארה"ב | L28: לא סחיר | M28: אנרגיה מתחדשת | N28: לא | O28: 01/07/2020 | P28: AA- | Q28: S&P מעלות | R28: נייר ערך | S28: ILS | T28: 2.75 | U28: 15/06/2031 | V28: 0.0477 | W28: 0.0335 | X28: החוב לא נחות | Z28: חברת ציטוט | AA28: אי-תלות | AB28: 31/12/2025 | AD28: 1022068.3 | AE28: 1 | AF28: 96.5 | AG28: 986.296 | AJ28: שווי הוגן | AK28: 0.066266613 | AL28: 0.0023602623
A29: 1035 | B29: 1037 | C29: תשתיות אנרגיה בעמ | D29: 520027293 | E29: ח.פ. | F29: תשת אנרג אגח א 2023/2040 | G29: IL0011680878 | H29: ISIN | I29: צמוד למדד המחירים לצרכן | J29: ישראל | K29: ישראל | L29: לא סחיר | M29: אנרגיה | N29: לא | O29: 17/08/2020 | P29: AAA | Q29: S&P | R29: נייר ערך | S29: ILS | T29: 7.11 | U29: 31/12/2040 | V29: 0.0265 | W29: 0.0083 | X29: החוב לא נחות | Z29: חברת ציטוט | AA29: אי-תלות | AB29: 31/12/2025 | AD29: 159191.21 | AE29: 1 | AF29: 103.79 | AG29: 165.225 | AJ29: שווי הוגן | AK29: 0.011101001 | AL29: 0.00039539179
A30: 1035 | B30: 1037 | C30: ב.ס.ר אירופה בע"מ | D30: 520033838 | E30: ח.פ. | F30: בסר אירופה אגח' ט' חש 112012 | G30: IL0011701906 | H30: ISIN | I30: צמוד למדד המחירים לצרכן | J30: ישראל | K30: ישראל | L30: לא סחיר | M30: בנייה | N30: לא | O30: 20/12/2012 | P30: NR | Q30: NR | R30: NR | S30: ILS | T30: 0.01 | U30: 31/12/2024 | V30: 0.0001 | W30: 0.071 | X30: החוב לא נחות | Z30: גורם תלוי/פנימי | AA30: קיימת תלות | AB30: 26/10/2025 | AD30: 470.45 | AE30: 1 | AF30: 0 | AG30: 0 | AJ30: שווי הוגן | AK30: 3.1608292e-13 | AL30: 1.1258137e-14
A31: 1035 | B31: 1037 | C31: י.ח.ק להשקעות שותפות מוגבלת | D31: 550016091 | E31: מספר שותפות | F31: י.ח.ק. אגח ב רמ | G31: IL0011817835 | H31: ISIN | I31: לא צמוד למדד המחירים לצרכן | J31: ישראל | K31: ישראל | L31: לא סחיר | M31: השקעה ואחזקות | N31: לא | O31: 15/11/2021 | P31: A+ | Q31: S&P מעלות | R31: נייר ערך | S31: ILS | T31: 1.95 | U31: 31/12/2028 | V31: 0.0472 | W31: 0.0286 | X31: החוב לא נחות | Z31: חברת ציטוט | AA31: אי-תלות | AB31: 31/12/2025 | AD31: 274300.24 | AE31: 1 | AF31: 96.56 | AG31: 264.864 | AJ31: שווי הוגן | AK31: 0.017795533 | AL31: 0.00063383541
A32: 1035 | B32: 1037 | C32: רשות שדות התעופה בישראל | D32: 500102868 | E32: ח.פ. | F32: רש"ת אגח א - רמ | G32: IL0011873358 | H32: ISIN | I32: צמוד למדד המחירים לצרכן | J32: ישראל | K32: ישראל | L32: לא סחיר | M32: שירותים | N32: לא | O32: 29/06/2022 | P32: Aaa | Q32: מידרוג Moodys | R32: נייר ערך | S32: ILS | T32: 3.45 | U32: 31/12/2031 | V32: 0.025 | W32: 0.0155 | X32: החוב לא נחות | Z32: חברת ציטוט | AA32: אי-תלות | AB32: 31/12/2025 | AD32: 1528715.7 | AE32: 1 | AF32: 108.18 | AG32: 1653.765 | AJ32: שווי הוגן | AK32: 0.11111208 | AL32: 0.0039575533
... A62: 1035 | B62: 9939 | C62: אינטרנט גולד - קווי זהב בע"מ | D62: 520044264 | E62: ח.פ. | F62: אינטרנט זהב אגח ד | G62: IL0011316143 | H62: ISIN | I62: אחר | J62: ישראל | K62: ישראל | L62: לא סחיר | M62: חברות ללא פעילות ומעטפת | N62: לא | O62: 12/04/2018 | P62: NR | Q62: NR | R62: NR | S62: ILS | T62: 0.01 | U62: 15/09/2022 | V62: 0.0001 | W62: 0.06 | X62: החוב לא נחות | Z62: גורם תלוי/פנימי | AA62: קיימת תלות | AB62: 26/10/2025 | AD62: 714666.13 | AE62: 1 | AF62: 0 | AG62: 0 | AJ62: שווי הוגן | AK62: 2.1512929e-10 | AL62: 1.6679688e-12
A63: 1035 | B63: 9939 | C63: ברוקלנד | D63: 1814237 | E63: פנימי | F63: ברוקלנד אפריל אגח ב (מחוקה | G63: IL0011369936 | H63: ISIN | I63: אחר | J63: ישראל | K63: ארה"ב | L63: לא סחיר | M63: בנייה | N63: לא | O63: 17/07/2018 | P63: NR | Q63: NR | R63: NR | S63: ILS | T63: 0.01 | U63: 01/12/2021 | V63: 0.0001 | W63: 0.0885 | X63: החוב לא נחות | Z63: גורם תלוי/פנימי | AA63: קיימת תלות | AB63: 46002 | AD63: 51222.42 | AE63: 1 | AF63: 0 | AG63: 0 | AJ63: שווי הוגן | AK63: 1.5419008e-11 | AL63: 1.1954869e-13
A64: 1035 | B64: 9939 | C64: ביטוח ישיר - השקעות פיננסיות בע"מ | D64: 520044439 | E64: ח.פ. | F64: ביטוח ישיר אגח יא רמ | G64: IL0011388258 | H64: ISIN | I64: לא צמוד למדד המחירים לצרכן | J64: ישראל | K64: ישראל | L64: לא סחיר | M64: השקעה ואחזקות | N64: לא | O64: 26/01/2022 | P64: A | Q64: S&P | R64: נייר ערך | S64: ILS | T64: 1.79 | U64: 30/06/2028 | V64: 0.0489 | W64: 0.046 | X64: החוב לא נחות | Z64: חברת ציטוט | AA64: אי-תלות | AB64: 31/12/2025 | AD64: 109411.69 | AE64: 1 | AF64: 99.6 | AG64: 108.974 | AJ64: שווי הוגן | AK64: 0.0032803442 | AL64: 2.5433597e-05
A65: 1035 | B65: 9939 | C65: רפאל-רשות לפיתוח אמצעי לחימה בע"מ | D65: 520042185 | E65: ח.פ. | F65: רפאל סד' ד 2020/2034 | G65: IL0011402844 | H65: ISIN | I65: לא צמוד למדד המחירים לצרכן | J65: ישראל | K65: ישראל | L65: לא סחיר | M65: ביטחוניות | N65: לא | O65: 04/05/2021 | P65: AAA | Q65: S&P מעלות | R65: נייר ערך | S65: ILS | T65: 4.18 | U65: 15/09/2034 | V65: 0.0431 | W65: 0.0374 | X65: החוב לא נחות | Z65: חברת ציטוט | AA65: אי-תלות | AB65: 31/12/2025 | AD65: 1783074 | AE65: 1 | AF65: 98.91 | AG65: 1763.638 | AJ65: שווי הוגן | AK65: 0.053089168 | AL65: 0.00041161793
A66: 1035 | B66: 9939 | C66: רפאל-רשות לפיתוח אמצעי לחימה בע"מ | D66: 520042185 | E66: ח.פ. | F66: רפאל אגח סדרה ה 2020/2026 | G66: IL0011402927 | H66: ISIN | I66: לא צמוד למדד המחירים לצרכן | J66: ישראל | K66: ישראל | L66: לא סחיר | M66: ביטחוניות | N66: לא | O66: 04/05/2021 | P66: AAA | Q66: S&P מעלות | R66: נייר ערך | S66: ILS | T66: 0.2 | U66: 15/03/2026 | V66: 0.0445 | W66: 0.025 | X66: החוב לא נחות | Z66: חברת ציטוט | AA66: אי-תלות | AB66: 31/12/2025 | AD66: 228596.02 | AE66: 1 | AF66: 100.36 | AG66: 229.419 | AJ66: שווי הוגן | AK66: 0.0069059856 | AL66: 5.3544397e-05
A67: 1035 | B67: 9939 | C67: גדות מסופים כימיקלים (1985) בע"מ | D67: 520040775 | E67: ח.פ. | F67: גדות מספ אגח א רמ | G67: IL0011623209 | H67: ISIN | I67: לא צמוד למדד המחירים לצרכן | J67: ישראל | K67: ישראל | L67: לא סחיר | M67: מסחר | N67: לא | O67: 14/01/2020 | P67: A- | Q67: S&P | R67: נייר ערך | S67: ILS | T67: 0.5 | U67: 30/06/2026 | V67: 0.05 | W67: 0.043 | X67: החוב לא נחות | Z67: חברת ציטוט | AA67: אי-תלות | AB67: 31/12/2025 | AD67: 440385.38 | AE67: 1 | AF67: 99.71 | AG67: 439.108 | AJ67: שווי הוגן | AK67: 0.013218067 | AL67: 0.00010248406
A68: 1035 | B68: 9939 | C68: אורמת טכנולגיות אינק | D68: 5493000TSHHWY24VHM09 | E68: LEI | F68: אורמת אגח 4 רמ | G68: IL0011672123 | H68: ISIN | I68: לא צמוד למדד המחירים לצרכן | J68: ישראל | K68: ארה"ב | L68: לא סחיר | M68: אנרגיה מתחדשת | N68: לא | O68: 01/07/2020 | P68: AA- | Q68: S&P מעלות | R68: נייר ערך | S68: ILS | T68: 2.75 | U68: 15/06/2031 | V68: 0.0477 | W68: 0.0335 | X68: החוב לא נחות | Z68: חברת ציטוט | AA68: אי-תלות | AB68: 31/12/2025 | AD68: 1802143 | AE68: 1 | AF68: 96.5 | AG68: 1739.068 | AJ68: שווי הוגן | AK68: 0.052349545 | AL68: 0.00040588338
A69: 1035 | B69: 9939 | C69: תשתיות אנרגיה בעמ | D69: 520027293 | E69: ח.פ. | F69: תשת אנרג אגח א 2023/2040 | G69: IL0011680878 | H69: ISIN | I69: צמוד למדד המחירים לצרכן | J69: ישראל | K69: ישראל | L69: לא סחיר | M69: אנרגיה | N69: לא | O69: 17/08/2020 | P69: AAA | Q69: S&P | R69: נייר ערך | S69: ILS | T69: 7.11 | U69: 31/12/2040 | V69: 0.0265 | W69: 0.0083 | X69: החוב לא נחות | Z69: חברת ציטוט | AA69: אי-תלות | AB69: 31/12/2025 | AD69: 843188.45 | AE69: 1 | AF69: 103.79 | AG69: 875.145 | AJ69: שווי הוגן | AK69: 0.026343684 | AL69: 0.00020425132
A70: 1035 | B70: 9939 | C70: י.ח.ק להשקעות שותפות מוגבלת | D70: 550016091 | E70: מספר שותפות | F70: י.ח.ק. אגח ב רמ | G70: IL0011817835 | H70: ISIN | I70: לא צמוד למדד המחירים לצרכן | J70: ישראל | K70: ישראל | L70: לא סחיר | M70: השקעה ואחזקות | N70: לא | O70: 15/11/2021 | P70: A+ | Q70: S&P מעלות | R70: נייר ערך | S70: ILS | T70: 1.95 | U70: 31/12/2028 | V70: 0.0472 | W70: 0.0286 | X70: החוב לא נחות | Z70: חברת ציטוט | AA70: אי-תלות | AB70: 31/12/2025 | AD70: 808187.4 | AE70: 1 | AF70: 96.56 | AG70: 780.386 | AJ70: שווי הוגן | AK70: 0.023491226 | AL70: 0.00018213527
A71: 1035 | B71: 9939 | C71: רשות שדות התעופה בישראל | D71: 500102868 | E71: ח.פ. | F71: רש"ת אגח א - רמ | G71: IL0011873358 | H71: ISIN | I71: צמוד למדד המחירים לצרכן | J71: ישראל | K71: ישראל | L71: לא סחיר | M71: שירותים | N71: לא | O71: 29/06/2022 | P71: Aaa | Q71: מידרוג Moodys | R71: נייר ערך | S71: ILS | T71: 3.45 | U71: 31/12/2031 | V71: 0.025 | W71: 0.0155 | X71: החוב לא נחות | Z71: חברת ציטוט | AA71: אי-תלות | AB71: 31/12/2025 | AD71: 2545301.7 | AE71: 1 | AF71: 108.18 | AG71: 2753.507 | AJ71: שווי הוגן | AK71: 0.082886271 | AL71: 0.00064264475
A72: 1035 | B72: 9939 | C72: רשות שדות התעופה בישראל | D72: 500102868 | E72: ח.פ. | F72: רש"ת אגח ב -רמ | G72: IL0011873432 | H72: ISIN | I72: צמוד למדד המחירים לצרכן | J72: ישראל | K72: ישראל | L72: לא סחיר | M72: שירותים | N72: לא | O72: 29/06/2022 | P72: Aaa | Q72: מידרוג Moodys | R72: נייר ערך | S72: ILS | T72: 6.37 | U72: 31/12/2036 | V72: 0.026 | W72: 0.0175 | X72: החוב לא נחות | Z72: חברת ציטוט | AA72: אי-תלות | AB72: 31/12/2025 | AD72: 3311517.7 | AE72: 1 | AF72: 105.91 | AG72: 3507.228 | AJ72: שווי הוגן | AK72: 0.10557483 | AL72: 0.00081855669
A73: 1035 | B73: 9939 | C73: ספיר קורפ בע"מ | D73: 520038340 | E73: ח.פ. | F73: ספיר קור אגח יט מחוקה | G73: IL0011886483 | H73: ISIN | I73: לא צמוד למדד המחירים לצרכן | J73: ישראל | K73: ארה"ב | L73: לא סחיר | M73: נדל"ן מניב בחו"ל | N73: לא | O73: 19/06/2023 | P73: NR | Q73: NR | R73: NR | S73: ILS | T73: 0.536 | U73: 30/06/2026 | V73: 0.08498 | W73: 0.0675 | X73: החוב לא נחות | Z73: אחר | AA73: אי-תלות | AB73: 11/12/2025 | AD73: 429192 | AE73: 1 | AF73: 103.1 | AG73: 442.497 | AJ73: שווי הוגן | AK73: 0.013320074 | AL73: 0.00010327495
A74: 1035 | B74: 9939 | C74: אגד חברה לתחבורה בע"מ | D74: 570012377 | E74: מספר שותפות | F74: אגד אגח 1-רמ | G74: IL0011987877 | H74: ISIN | I74: צמוד למדד המחירים לצרכן | J74: ישראל | K74: ישראל | L74: לא סחיר | M74: שירותים | N74: לא | O74: 16/08/2023 | P74: AA- | Q74: S&P מעלות | R74: נייר ערך | S74: ILS | T74: 2.54 | U74: 31/12/2029 | V74: 0.0277 | W74: 0.0364 | X74: החוב לא נחות | Z74: חברת ציטוט | AA74: אי-תלות | AB74: 31/12/2025 | AD74: 587999.99 | AE74: 1 | AF74: 108.85 | AG74: 640.038 | AJ74: שווי הוגן | AK74: 0.019266468 | AL74: 0.00014937932
A75: 1035 | B75: 9939 | C75: גב-ים נגב בע"מ | D75: 514189596 | E75: ח.פ. | F75: גב-ים נגב אגח ב-רמ | G75: IL0012084534 | H75: ISIN | I75: צמוד למדד המחירים לצרכן | J75: ישראל | K75: ישראל | L75: לא סחיר | M75: נדל"ן מניב בישראל | N75: לא | O75: 11/07/2024 | P75: A+ | Q75: S&P מעלות | R75: נייר ערך | S75: ILS | T75: 2.77 | U75: 31/12/2028 | V75: 0.0313 | W75: 0.0384 | X75: החוב לא נחות | Z75: חברת ציטוט | AA75: אי-תלות | AB75: 31/12/2025 | AD75: 1496840.5 | AE75: 1 | AF75: 105.99 | AG75: 1586.501 | AJ75: שווי הוגן | AK75: 0.04775697 | AL75: 0.00037027562
... A89: 1035 | B89: 9940 | C89: סיאלו טכנולוגיה ישראל בע"מ | D89: 513310235 | E89: ח.פ. | F89: סיאלו אגח א ( מחוקה ) | G89: IL0011020604 | H89: ISIN | I89: אחר | J89: ישראל | K89: ישראל | L89: לא סחיר | M89: מכשור רפואי | N89: לא | O89: 14/02/2008 | P89: NR | Q89: NR | R89: NR | S89: ILS | T89: 0.01 | U89: 28/09/2019 | V89: 0.0001 | W89: 0.07 | X89: החוב לא נחות | Z89: גורם תלוי/פנימי | AA89: קיימת תלות | AB89: 26/10/2025 | AD89: 800 | AE89: 1 | AF89: 0 | AG89: 0 | AJ89: שווי הוגן | AK89: 4.2255232e-14 | AL89: 5.887763e-16
A90: 1035 | B90: 9940 | C90: נתיבי הגז הטבעי לישראל בע"מ | D90: 513436394 | E90: ח.פ. | F90: נתיבי גז אג"ח א - רמ | G90: IL0011030843 | H90: ISIN | I90: צמוד למדד המחירים לצרכן | J90: ישראל | K90: ישראל | L90: לא סחיר | M90: שירותים | N90: לא | O90: 04/01/2010 | P90: AAA | Q90: S&P מעלות | R90: נייר ערך | S90: ILS | T90: 0.57 | U90: 29/12/2026 | V90: 0.0287 | W90: 0.056 | X90: החוב לא נחות | Z90: חברת ציטוט | AA90: אי-תלות | AB90: 31/12/2025 | AC90: 31/03/2024 | AD90: 139914.03 | AE90: 1 | AF90: 144.75 | AG90: 202.526 | AJ90: שווי הוגן | AK90: 0.0010697206 | AL90: 1.4905281e-05
A91: 1035 | B91: 9940 | C91: י.רשי בע"מ | D91: 513704114 | E91: ח.פ. | F91: רשי אגח א( מחוקה) | G91: IL0011043556 | H91: ISIN | I91: אחר | J91: ישראל | K91: רוסיה | L91: לא סחיר | M91: אחר | N91: לא | O91: 08/09/2008 | P91: NR | Q91: NR | R91: NR | S91: ILS | T91: 0.01 | U91: 07/01/2019 | V91: 0.0001 | W91: 0.084 | X91: החוב לא נחות | Z91: גורם תלוי/פנימי | AA91: קיימת תלות | AB91: 26/10/2025 | AD91: 49600 | AE91: 1 | AF91: 0 | AG91: 0 | AJ91: שווי הוגן | AK91: 2.6198244e-12 | AL91: 3.6504131e-14
A92: 1035 | B92: 9940 | C92: אלומיי החזקות תלמי יוסף בע"מ | D92: 513027292 | E92: ח.פ. | F92: ציפ פיסי אגח א | G92: 1106467 | H92: פנימי | I92: אחר | J92: ישראל | K92: ישראל | L92: לא סחיר | M92: אחר | N92: לא | O92: 31/03/2008 | P92: NR | Q92: NR | R92: NR | S92: ILS | T92: 0.01 | U92: 31/12/2024 | V92: 0.0001 | W92: 0.064169 | X92: החוב לא נחות | Z92: גורם תלוי/פנימי | AA92: קיימת תלות | AB92: 26/10/2025 | AD92: 10000 | AE92: 1 | AF92: 3 | AG92: 0.3 | AJ92: שווי הוגן | AK92: 1.5845712e-06 | AL92: 2.2079111e-08
A93: 1035 | B93: 9940 | C93: מקורות חברת מים בע"מ | D93: 520010869 | E93: ח.פ. | F93: מקורות אגח 8 רמ | G93: IL0011243461 | H93: ISIN | I93: צמוד למדד המחירים לצרכן | J93: ישראל | K93: ישראל | L93: לא סחיר | M93: שירותים | N93: לא | O93: 22/09/2016 | P93: AAA | Q93: S&P מעלות | R93: נייר ערך | S93: ILS | T93: 9.27 | U93: 14/07/2048 | V93: 0.0258 | W93: 0.041 | X93: החוב לא נחות | Z93: חברת ציטוט | AA93: אי-תלות | AB93: 31/12/2025 | AD93: 47159066 | AE93: 1 | AF93: 142.11 | AG93: 67017.748 | AJ93: שווי הוגן | AK93: 0.35398132 | AL93: 0.0049323078
A94: 1035 | B94: 9940 | C94: אינטרנט גולד - קווי זהב בע"מ | D94: 520044264 | E94: ח.פ. | F94: אינטרנט זהב אגח ד | G94: IL0011316143 | H94: ISIN | I94: אחר | J94: ישראל | K94: ישראל | L94: לא סחיר | M94: חברות ללא פעילות ומעטפת | N94: לא | O94: 12/04/2018 | P94: NR | Q94: NR | R94: NR | S94: ILS | T94: 0.01 | U94: 15/09/2022 | V94: 0.0001 | W94: 0.06 | X94: החוב לא נחות | Z94: גורם תלוי/פנימי | AA94: קיימת תלות | AB94: 26/10/2025 | AD94: 1572154.4 | AE94: 1 | AF94: 0 | AG94: 0 | AJ94: שווי הוגן | AK94: 8.3039684e-11 | AL94: 1.157059e-12
A95: 1035 | B95: 9940 | C95: ברוקלנד | D95: 1814237 | E95: פנימי | F95: ברוקלנד אפריל אגח ב (מחוקה | G95: IL0011369936 | H95: ISIN | I95: אחר | J95: ישראל | K95: ארה"ב | L95: לא סחיר | M95: בנייה | N95: לא | O95: 17/07/2018 | P95: NR | Q95: NR | R95: NR | S95: ILS | T95: 0.01 | U95: 01/12/2021 | V95: 0.0001 | W95: 0.0885 | X95: החוב לא נחות | Z95: גורם תלוי/פנימי | AA95: קיימת תלות | AB95: 46002 | AD95: 151556.59 | AE95: 1 | AF95: 0 | AG95: 0 | AJ95: שווי הוגן | AK95: 8.0050737e-12 | AL95: 1.1154116e-13
